Workbook

Sheet RREO
A1: Prefeitura Municipal de Cacapava do Sul - RS
A2: Relatório Resumido da Execução Orçamentária
A3: Demonstrativo Simplificado do Relatório Resumido da Execução Orçamentária
A4: Orçamentos Fiscal e da Seguridade Social
A5: Janeiro a Dezembro 2021/Bimestre Novembro-Dezembro
A6: RREO - Anexo 14 (LRF, Art. 48) | F6: Em Reais
A7: BALANÇO ORÇAMENTÁRIO | D7: Até o bimestre
A8: RECEITAS
B9: Previsão Inicial | D9: 1.4036171e+08
B10: Previsão Atualizada | D10: 1.4920236e+08
B11: Receitas Realizadas | D11: 1.5388866e+08
B12: Déficit Orçamentário | D12: -
B13: Saldos de Exercícios Anteriores(Utilizados para Créditos Adicionais) | D13: 7327192.9
A14: DESPESAS
B15: Dotação Inicial | D15: 1.3739269e+08
B16: Dotação Atualizada | D16: 1.5615581e+08
B17: Despesas Empenhadas | D17: 1.4105669e+08
B18: Despesas Liquidadas | D18: 1.3922514e+08
B19: Despesas Pagas | D19: 1.3348099e+08
B20: Superávit Orçamentário | D20: 12831970
A22: DESPESAS POR FUNÇÃO/SUBFUNÇÃO | D22: Até o bimestre
A23: Despesas Empenhadas | D23: 1.4105669e+08
A24: Despesas Liquidadas | D24: 1.3922514e+08
A26: RECEITA CORRENTE LÍQUIDA - RCL | D26: Até o bimestre
A27: Receita Corrente Líquida | D27: 1.1473092e+08
A28: Receita Corrente Líquida Ajustada para Cálculo dos Limites de Endividamento | D28: 1.1340092e+08
A29: Receita Corrente Líquida Ajustada para Cálculo dos Limites da Despesa com Pessoal | D29: 1.1340092e+08
A31: RECEITAS E DESPESAS DO REGIME PRÓPRIO DE PREVIDÊNCIA DOS SERVIDORES | D31: Até o bimestre
A32: Regime Próprio de Previdência Social dos Servidores - PLANO PREVIDENCIÁRIO
B33: Receitas Previdenciárias Realizadas | D33: 17623290
B34: Despesas Previdenciárias Empenhadas | D34: 24197418
B35: Despesas Previdenciárias Liquidadas | D35: 24197418
B36: Resultado Previdenciário | D36: -6574127.5
A37: Regime Próprio de Previdência Social dos Servidores - PLANO FINANCEIRO
B38: Receitas Previdenciárias Realizadas | D38: 0
B39: Despesas Previdenciárias Empenhadas | D39: 0
B40: Despesas Previdenciárias Liquidadas | D40: 0
B41: Resultado Previdenciário | D41: 0
A43: RESULTADOS PRIMÁRIO E NOMINAL | D43: Meta Fixada no | E43: Resultado Apurado | F43: % em Relação à Meta
D44: Anexo de Metas | E44: Até o Bimestre
D45: Fiscais da LDO
D46: (a) | E46: (b) | F46: (b/a)
A47: Resultado Primário | D47: 1.2674926e+08 | E47: 10331991 | F47: 8.15
A48: Resultado Nominal | D48: 5797498.7 | E48: 10776597 | F48: 185.88
A50: RESTOS A PAGAR POR PODER E MINISTÉRIO PÚBLICO | D50: Inscrição | E50: Cancelamento | F50: Pagamento | G50: Saldo
E51: Até o bimestre | F51: Até o bimestre | G51: a Pagar¹
B52: RESTOS A PAGAR PROCESSADOS | D52: 26684024 | E52: 32792.56 | F52: 7119249.2 | G52: 19531982
C53: Poder Executivo | D53: 26681873 | E53: 32792.56 | F53: 7117098.3 | G53: 19531982
C54: Poder Legislativo | D54: 2150.91 | E54: 0 | F54: 2150.91 | G54: 0
B55: RESTOS A PAGAR NÃO-PROCESSADOS | D55: 2756615.1 | E55: 12404.78 | F55: 1370029 | G55: 1374181.4
C56: Poder Executivo | D56: 2756615.1 | E56: 12404.78 | F56: 1370029 | G56: 1374181.4
C57: Poder Legislativo | D57: 0 | E57: 0 | F57: 0 | G57: 0
A58: TOTAL | D58: 29440639 | E58: 45197.34 | F58: 8489278.2 | G58: 20906164
E60: Limites Constitucionais Anuais
A61: DESPESAS COM MANUTENÇÃO E DESENVOLVIMENTO DO ENSINO | D61: Valor Apurado | E61: % Mínimo a | F61: % Aplicado Até o
D62: Até o Bimestre | E62: Aplicar no Exercício | F62: Bimestre ²
A63: Mínimo Anual de 25% das Receitas de Impostos na Manutenção e Desenvolvimento do Ensino | D63: 21507764 | E63: 0.25 | F63: 24.27
A64: Mínimo Anual de 70% do FUNDEB na Remuneração dos Profissionais da Educação Básica | D64: 0 | E64: 0.7 | F64: 0
A65: Percentual de 50% da Complementação da União ao FUNDEB (VAAT) na Educação Infantil | D65: 0 | E65: 0.5 | F65: 0
A66: Mínimo de 15% da Complementação da União ao FUNDEB (VAAT) em Despesas de Capital | D66: 0 | E66: 0.15 | F66: 0
A68: RECEITAS DE OPERAÇÕES DE CRÉDITO E DESPESAS DE CAPITAL | D68: Valor apurado até o bimestre | F68: Saldo Não Realizado
A69: Receitas de Operações de Crédito | D69: 0 | F69: 0
A70: Despesa de Capital Líquida | D70: 2711152.6 | F70: 5418116
A72: PROJEÇÃO ATUARIAL DOS REGIMES DE PREVIDÊNCIA | D72: Exercício | E72: 10º Exercício | F72: 20º Exercício | G72: 35º Exercício
A73: Plano Previdenciário
B74: Receitas Previdenciárias | D74: 24652331 | E74: 32869212 | F74: 36166789 | G74: 3476650
B75: Despesas Previdenciárias | D75: 25545442 | E75: 40462930 | F75: 48280408 | G75: 35820755
B76: Resultado Previdenciário | D76: -893110.9 | E76: -7593717.7 | F76: -12113619 | G76: -32344105
A77: Plano Financeiro
B78: Receitas Previdenciárias | D78: 0 | E78: 0 | F78: 0 | G78: 0
B79: Despesas Previdenciárias | D79: 0 | E79: 0 | F79: 0 | G79: 0
B80: Resultado Previdenciário | D80: 0 | E80: 0 | F80: 0 | G80: 0
A82: RECEITA DA ALIENAÇÃO DE ATIVOS E APLICAÇÃO DOS RECURSOS | D82: Valor Apurado Até o bimestre | F82: Saldo a Realizar
A83: Receita de Capital Resultante da Alienação de Ativos | D83: 0 | F83: 0
A84: Aplicação dos Recursos da Alienação de Ativos | D84: 0 | F84: 0
D86: Valor Apurado | E86: Limite Constitucional Anual
A87: DESPESAS COM AÇÕES E SERVIÇOS PÚBLICOS DE SAÚDE | D87: Até o Bimestre | E87: % Mínimo a | F87: % Aplicado Até o Bimestre
E88: Aplicar no exercicio
A89: Despesas com Ações e Serviços Públicos de Saúde executadas com recursos de impostos | D89: 19560963 | E89: 0.15 | F89: 20.09
A91: DESPESAS DE CARÁTER CONTINUADO DERIVADAS DE PPP | D91: Valor Apurado no Exercício Corrente
A92: Total das Despesas/RCL (%) | D92: 0
A93: ¹Obs.: Do valor dos restos a Pagar, R$ 18.226.474,58 são intra-orçamentários e são referentes a transfereências atrasadas que foram reprogramadas para ser repassados em
A94: parcelas por longo período.
A95: ²Obs.: O SIAFIC apurou 25,20 o percedntual aplicado em MDE.
C98: Giovani Amestoy da Silva | D98: Ihoko Nakashima Mota | F98: Arlei Lopes Souza
C99: Prefeito Municipal | D99: Secret. de Município da Fazenda | F99: Contador - CRC/RS: 068452/O-6

Sheet LRF
A2: PREFEITURA MUNICIPAL DE CACAPAVA DO SUL - RS - PODER EXECUTIVO
A3: RELATÓRIO DE GESTÃO FISCAL
A4: DEMONSTRATIVO DA DESPESA COM PESSOAL
A5: ORÇAMENTOS FISCAL E DA SEGURIDADE SOCIAL
A6: JANEIRO/2021 A DEZEMBRO/2021
A8: RGF - ANEXO I (LRF, art. 55, inciso I, alínea "a") | F8: R$ 1,00
A9: DESPESA COM PESSOAL | E9: DESPESAS EXECUTADAS
E10: (Últimos 12 Meses)
E11: LIQUIDADAS | F11: INSCRITAS EM RESTOS A PAGAR NÃO PROCESSADOS¹
E12: (a) | F12: (b)
A13: DESPESA BRUTA COM PESSOAL (I) | E13: 96023380 | F13: 0
C14: Pessoal Ativo | E14: 70695069 | F14: 0
D15: Vencimentos, Vantagens e Outras Despesas Variáveis | E15: 47695868 | F15: 0
D16: Obrigações Patronais | E16: 22999201 | F16: 0
C17: Pessoal Inativo e Pensionistas | E17: 24213570 | F17: 0
D18: Aposentadorias, Reserva e Reformas | E18: 21412073 | F18: 0
D19: Pensões | E19: 2801497.6 | F19: 0
C20: Outras despesas de pessoal decorrentes de contratos de terceirização ou de contratação de forma indireta (§ 1º do art. 18 da LRF) | E20: 1114741 | F20: 0
C21: Despesa com Pessoal não Executada Orçamentariamente | E21: 0 | F21: 0
A22: DESPESAS NÃO COMPUTADAS(II)(§ 1º do art. 19 da LRF) | E22: 26584787 | F22: 0
C23: Indenizações por Demissão e Incentivos à Demissão Voluntária | E23: 2314037.4 | F23: 0
C24: Decorrentes de Decisão Judicial de período anterior ao da apuração | E24: 73331.76 | F24: 0
C25: Despesas de Exercícios Anteriores de período anterior ao da apuração | E25: 0 | F25: 0
C26: Inativos e Pensionistas com Recursos Vinculados | E26: 24197418 | F26: 0
A27: *DESPESA LÍQUIDA COM PESSOAL (III) = (I - II) | E27: 69438593 | F27: 0
C28: *Valor a maior na Despesa Líquida de Pessoal no SIAFIC em relação ao apurado pela Contabilidade: | F28: =69604042.07-E27 -> 165448.67
A29: APURAÇÃO DO CUMPRIMENTO DO LIMITE LEGAL | E29: VALOR | F29: % SOBRE A RCL AJUSTADA
A30: RECEITA CORRENTE LÍQUIDA - RCL (IV) | E30: 1.1473092e+08 | F30: 0
A31: (-) Transferências obrigatórias da União relativas às emendas individuais (art. 166-A, §1º, da CF) (V) | E31: =100000+880000 -> 980000 | F31: 0
A32: (-) Transferências obrigatórias da União relativas às emendas de bancada (art. 166, § 16 da CF) (VI) | E32: 350000 | F32: 0
A33: = RECEITA CORRENTE LÍQUIDA AJUSTADA PARA CÁLCULO DOS LIMITES DA DESPESA COM PESSOAL (VII) = (IV - V - VI) | E33: 1.1340092e+08 | F33: 0
A34: DESPESA TOTAL COM PESSOAL - DTP (VIII) = (III a + III b) | E34: 69438593 | F34: =(E34/E30)*100 -> 60.522999
A35: LIMITE MÁXIMO (IX) (incisos I, II e III, art. 20 da LRF) | E35: =E30*0.54 -> 61954696 | F35: 54
A36: LIMITE PRUDENCIAL (X) = (0,95 x IX) (parágrafo único do art. 22 da LRF) | E36: =E30*0.513 -> 58856961 | F36: 51.3
A37: LIMITE DE ALERTA (XI) = (0,90 x IX) (inciso II do §1º do art. 59 da LRF) | E37: =E30*0.486 -> 55759227 | F37: 48.6
A38: 1.Nos demonstrativos elaborados no primeiro e no segundo quadrimestre de cada exercício, os valores de restos a pagar não processados incritos em 31 de dezembro
A39: do exercício anterior continuarão a ser informados nesse campo. Esses valores não sofrem alteração pelo seu processamento, e somente no caso de cancelamento
A40: podem ser excluídos.
A41: Nota:
C44: Giovani Amestoy da Silva | D44: Ihoko Nakashima Mota | F44: Arlei Lopes Souza
C45: Prefeito Municipal | D45: Secret. de Município da Fazenda | F45: Contador - CRC/RS: 068452/O-6

Sheet Restos
A2: Prefeitura Municipal de Cacapava do Sul - RS
A3: Relatório Resumido da Execução Orçamentária
A4: Demonstrativo dos Restos a Pagar por Poder e Órgão
A5: Orçamentos Fiscal e da Seguridade Social
A6: Janeiro a Dezembro 2021/Bimestre Novembro-Dezembro
A8: RREO - ANEXO 7 (LRF, art.53, inciso V) | M8: R$ 1,00
A9: PODER/ÓRGÃO | B9: RESTOS A PAGAR PROCESSADOS | G9: RESTOS A PAGAR NÃO PROCESSADOS | M9: Saldo Total
B11: Inscritos | D11: Pagos | E11: Cancelados | F11: Saldo | G11: Inscritos | I11: Liquidados | J11: Pagos | K11: Cancelados | L11: Saldo
B12: Em Exercícios | C12: Em 31 de | G12: Em Exercícios | H12: Em 31 de
B13: Anteriores | C13: dezembro de 2020 | G13: Anteriores | H13: dezembro de 2020
B14: (a) | C14: (b) | D14: (c) | E14: (d) | F14: e=(a+b)-(c+d) | G14: (f) | H14: (g) | I14: (h) | J14: (i) | K14: (j) | L14: k=(f+g)-(i+j) | M14: L=(e+k)
A15: RESTOS A PAGAR(EXCETO INTRA-ORÇAMENTÁRIOS) (I) | B15: 1303549.9 | C15: 2281327.1 | D15: 2246576.6 | E15: 32792.54 | F15: 1305507.8 | G15: 509042.12 | H15: 2247573 | I15: 1424399.2 | J15: 1370029 | K15: 12404.78 | L15: 1374181.4 | M15: 2679689.2
A16: PODER EXECUTIVO | B16: 1303549.9 | C16: 2279176.2 | D16: 2244425.7 | E16: 32792.54 | F16: 1305507.8 | G16: 509042.12 | H16: 2247573 | I16: 1424399.2 | J16: 1370029 | K16: 12404.78 | L16: 1374181.4 | M16: 2679689.2
A17: PODER LEGISLATIVO | B17: 0 | C17: 2150.91 | D17: 2150.91 | E17: 0 | F17: 0 | G17: 0 | H17: 0 | I17: 0 | J17: 0 | K17: 0 | L17: 0 | M17: 0
A18: CAMARA MUNICIPAL CACAPAVA DO SUL | B18: 0 | C18: 2150.91 | D18: 2150.91 | E18: 0 | F18: 0 | G18: 0 | H18: 0 | I18: 0 | J18: 0 | K18: 0 | L18: 0 | M18: 0
A19: RESTOS A PAGAR(INTRA-ORÇAMENTÁRIOS) (II) | B19: 14044179 | C19: 9054967.9 | D19: 4872672.6 | E19: 0.02 | F19: 18226475 | G19: 0 | H19: 0 | I19: 0 | J19: 0 | K19: 0 | L19: 0 | M19: 18226475
A20: PODER EXECUTIVO | B20: 14044179 | C20: 9054967.9 | D20: 4872672.6 | E20: 0.02 | F20: 18226475 | G20: 0 | H20: 0 | I20: 0 | J20: 0 | K20: 0 | L20: 0 | M20: 18226475
A21: TOTAL (III) = (I+II) | B21: 15347729 | C21: 11336295 | D21: 7119249.2 | E21: 32792.56 | F21: 19531982 | G21: 509042.12 | H21: 2247573 | I21: 1424399.2 | J21: 1370029 | K21: 12404.78 | L21: 1374181.4 | M21: 20906164

Sheet RCL
B1: DEMONSTRATIVO DA RECEITA CORRENTE LÍQUIDA | E1: INSTRUÇÃO NORMATIVA nº 18/2021 - TCE/RS. | H1: Página: 1/2 | I1: DEMONSTRATIVO DA RECEITA CORRENTE LÍQUIDA | M1: INSTRUÇÃO NORMATIVA nº 18/2021 - TCE/RS. | U1: Página: 2/2
C2: TOTAIS: | D2: 44531 | E2: 44501 | F2: 44470 | G2: 44440 | H2: 44409 | I2: 44378 | J2: 44348 | K2: 44317 | L2: 44287 | M2: 44256 | N2: 44228 | O2: 44197
A3: Lei Complementar Federal Nº 101/2000 - Inciso I do Artigo 53 | D3: 12º Mês | E3: 11º mês | F3: 10º Mês | G3: 09º mês | H3: 08º Mês | I3: 07º mês | J3: 06º Mês | K3: 05º Mês | L3: 04º Mês | M3: 03º Mês | N3: 02º Mês | O3: 01º Mês
A4: Discriminação | B4: Códificação: | C4: =SUM(D4:O4) -> 0
A5: I - RECEITAS CORRENTES | C5: =SUM(D5:O5) -> 125445278 | D5: =D6-D7 -> 16377827 | E5: =E6-E7 -> 11336688 | F5: =F6-F7 -> 11215125 | G5: =G6-G7 -> 8599619.9 | H5: =H6-H7 -> 9409782.6 | I5: =I6-I7 -> 12193906 | J5: =J6-J7 -> 8870336.5 | K5: =K6-K7 -> 9932379.9 | ... O5: =O6-O7 -> 10099076
A6: Receitas Correntes | B6: 1.0.0.0.0.00.00.00 | C6: =SUM(D6:O6) -> 1.4153014e+08 | D6: =18101953.5 -> 18101954 | E6: =12785520.99 -> 12785521 | F6: 13127308 | G6: 9720598.5 | H6: =10728421.86 -> 10728422 | I6: 13657496 | J6: =9968466.03 -> 9968466 | K6: 11100660 | L6: =10680236.85 -> 10680237 | M6: 10150954 | N6: =9916523.05 -> 9916523.1 | O6: =11591995.86 -> 11591996
A7: (R) Deduções das Receitas Correntes | B7: 9.1.0.0.0.00.0.0.00.00.00.00 | C7: =SUM(D7:O7) -> 16084857 | D7: =1724126.79 -> 1724126.8 | E7: =1448833.1 -> 1448833.1 | F7: 1912183 | G7: =1120978.6 -> 1120978.6 | H7: =1318639.3 -> 1318639.3 | I7: 1463590.1 | J7: =1098129.55 -> 1098129.6 | K7: =1168280.37 -> 1168280.4 | L7: 1050734.4 | M7: 1136435.2 | N7: 1150006.5 | O7: 1492920.3
A8: II - DEDUÇÕES | C8: =SUM(D8:O8) -> 10714359 | D8: =SUM(D9:D30) -> 1700784.6 | E8: =SUM(E9:E30) -> 1208448.2 | F8: =SUM(F9:F30) -> 758296.16 | G8: =SUM(G9:G30) -> 789004.97 | H8: =SUM(H9:H30) -> 672336.2 | I8: =SUM(I9:I30) -> 678619.85 | J8: =SUM(J9:J30) -> 698021.15 | K8: =SUM(K9:K30) -> 853276.06 | ... O8: =SUM(O9:O30) -> 1052799.9
A9: Ativos/Inativos Poder Executivo/Indiretas | B9: 1.1.1.3.03.1.1.01 | C9: =SUM(D9:O9) -> 352766.44 | O9: 352766.44
A10: Ativos/Inativos Poder Legislativo | B10: 1.1.1.3.03.1.1.02 | C10: =SUM(D10:O10) -> 43092.75 | O10: 43092.75
A11: Contribuições para Custeio dos Sistemas Previdenciário e Assistencial
A12: Contribuições Sociais Específicas de Estados, DF e Municípios | B12: 1.2.1.8.00.0.0.00.00.00
A13: Contribuição para o RPPS do Servidor Público | B13: 1.2.1.8.01 | C13: =SUM(D13:O13) -> 5206384.1 | D13: =653486.68+91787.64+94059.92 -> 839334.24 | E13: =293422.03+89308.42+5470.32 -> 388200.77 | F13: =293539.42+89308.42+5470.32 -> 388318.16 | G13: =299513.45+89308.42+5470.32 -> 394292.19 | H13: =294469.34+89696.81+5886.79 -> 390052.94 | I13: =296366.8+88943.6+5398.89 -> 390709.29 | J13: =298472.38+5398.89+88625.3 -> 392496.57 | K13: =298361.17+88371.47+5398.89 -> 392131.53 | L13: =313926.32+96754.49+6252.66 -> 416933.47 | M13: =318012.38+94784+6494.53 -> 419290.91 | N13: =307814.79+84619.56+4732.59 -> 397166.94 | O13: =302663.53+89412.23+5381.31 -> 397457.07
A14: Contribuição Social para o Financiamento da Seguridade Social | B14: 1.2.1.9.99.1.1.03 e .04 | C14: =SUM(D14:O14) -> 1622104.8 | D14: =78489.05+53390.9 -> 131879.95 | E14: =79522.33+53379.19 -> 132901.52 | F14: =97373.51+54029.42 -> 151402.93 | G14: =78297.89+53855.24 -> 132153.13 | H14: =79675.55+54607.44 -> 134282.99 | I14: =79600.29+53390.39 -> 132990.68 | J14: =80247.08+53261.04 -> 133508.12 | K14: =79557.62+53143.65 -> 132701.27 | L14: =81236.98+55047.24 -> 136284.22 | M14: =79585.02+54161.84 -> 133746.86 | N14: =77926.13+51030.99 -> 128957.12 | O14: =90346.65+50949.34 -> 141295.99
A15: Compensação Previdenciária ao RPPS | C15: =SUM(D15:O15) -> 0
A16: Compensação Financeira entre o Regime Geral e os Regimes Próprios de Previdência dos Servidores (312) | B16: 1.9.9.0.03.1.1.00.00.00 | C16: =SUM(D16:O16) -> 462025.25 | D16: 90184.06 | E16: =41374.67 -> 41374.67 | F16: 41374.67 | G16: 41374.67 | H16: =41374.67 -> 41374.67 | I16: 41374.67 | J16: 41374.67 | K16: =41257.47 -> 41257.47 | L16: 41167.85 | M16: 41167.85
A17: Receitas do RPPS - Remuneração e Outras Receitas | C17: =SUM(D17:O17) -> 0
A18: Remuneração dos Recurso do Regime Próprio de Previdências Social - RPPS (310) | B18: 1.3.2.1.00.4.0.00.00.00 | C18: =SUM(D18:O18) -> 1456072.1 | D18: =468274.43 -> 468274.43 | E18: =559892.02-(2703.66+30050.01) -> 527138.35 | F18: =356724.71-334520.02 -> 22204.69 | G18: =207190.52-117856.34 -> 89334.18 | H18: =93050.89-139895.26 -> -46844.37 | I18: =73898.94-87402.27 -> -13503.33 | J18: =48213.11-50509.62 -> -2296.51 | K18: =196118.17-25818.29 -> 170299.88 | L18: =248546.13-11575.91 -> 236970.22 | M18: =70335.98-81867.41 -> -11531.43 | N18: =7644.48 -> 7644.48 | O18: =21390.5-13008.99 -> 8381.51
A19: Outras Receitas Receitas Diretamente Arrecadadas pelo RPPS (1.2.1.8.03.1.1) 326 | B19: 1.9.9.0.99.1.X.01.00.00 | C19: =SUM(D19:O19) -> 24676.12 | D19: 12818.13 | I19: 1056.75 | J19: 1981.34 | K19: 1981.34 | L19: =1981.34 -> 1981.34 | M19: =1981.34 -> 1981.34 | N19: 1437.94 | O19: 1437.94
A20: Receitas do Fundo de Assistência Social Social dos Servidores | B20: 1.3.2.1.00.1.1.01.10 | C20: =SUM(D20:O20) -> 0
A21: Remuneração de Depósitos Bancários de Recursos Vinculados - Fundo de Assistência Social | B21: 1.3.2.1.00.1.X.01.09
A22: Receitas Diretamente Arrecadadas pelo Fundo de Assistência Social dos Servidores | B22: 1.9.9.0.99.1.X.02.00.00 | C22: =SUM(D22:O22) -> 0
A23: Receitas do Fundo de Assistência à Saúde do Servidor | C23: =SUM(D23:O23) -> 0
A24: Remuneração de Depósito Bancários de Recursos Vínculados - Fundo de Assistência à Saúde do Servidor (341) | B24: 1.3.2.1.00.1.X.01.10.00 | C24: =SUM(D24:O24) -> 35040.63 | D24: =7750.51 -> 7750.51 | E24: =3451.15 -> 3451.15 | F24: 3251.51 | G24: 3466.3 | H24: =3240.91 -> 3240.91 | I24: =2716.37 -> 2716.37 | J24: =3681.13 -> 3681.13 | K24: =2624.65 -> 2624.65 | L24: =390.81 -> 390.81 | M24: 1595.84 | N24: 1427.22 | O24: =1444.23 -> 1444.23
A25: Receitas Diretamente Arrecadadas pelo Fundo de Assistência à Saúde dos Servidores (343) | B25: 1.9.9.0.99.1.X.03.00.00 | C25: =SUM(D25:O25) -> 1512196.9 | D25: =150593.31-50 -> 150543.31 | E25: =115381.72 -> 115381.72 | F25: 151744.2 | G25: =128384.5 -> 128384.5 | H25: =150351.34-122.28 -> 150229.06 | I25: =123275.42 -> 123275.42 | J25: =127275.83 -> 127275.83 | K25: =112279.92 -> 112279.92 | L25: =119852.53-42 -> 119810.53 | M25: =108541.5 -> 108541.5 | N25: =119962.13-2155.23 -> 117806.9 | O25: =107183.73-259.75 -> 106923.98
A26: Outras Contribuições Sociais | C26: =SUM(D26:O26) -> 0
A27: Outras Contribuições Sociais (1) | B27: 1.2.1.9.00.0.0.00.00.00 | C27: =SUM(D27:O27) -> 0
A28: ( - ) Compensação Previdenciárfia à Prefeitura Municipal | B28: (1.2.1.9.99.1.X.01.00.00) | C28: =SUM(D28:O28) -> 0
A29: ( - ) Contribuição dos Inativos e Pensionistas à Prefeitura Municipal | B29: (1.2.1.9.99.1.X.02.00.00) | C29: =SUM(D29:O29) -> 0
A30: ( R ) Todas as contas dedutoras de receita correspondentes às utilizadas acima | C30: =SUM(D30:O30) -> 0
A31: III - SUBTOTAL (III = I - II) | C31: =SUM(D31:O31) -> 1.1473092e+08 | D31: =D5-D8 -> 14677042 | E31: =E5-E8 -> 10128240 | F31: =F5-F8 -> 10456829 | G31: =G5-G8 -> 7810614.9 | H31: =H5-H8 -> 8737446.4 | I31: =I5-I8 -> 11515286 | J31: =J5-J8 -> 8172315.3 | K31: =K5-K8 -> 9079103.9 | ... O31: =O5-O8 -> 9046275.6
A32: IV - ( + ) Perda para o FUNDEB | C32: =SUM(D32:O32) -> 0
A33: V - RECEITA CORRENTE LÍQUIDA (V = III + V) | C33: =SUM(D33:O33) -> 1.1473092e+08 | D33: =D31+D32 -> 14677042 | E33: =E31+E32 -> 10128240 | F33: =F31+F32 -> 10456829 | G33: =G31+G32 -> 7810614.9 | H33: =H31+H32 -> 8737446.4 | I33: =I31+I32 -> 11515286 | J33: =J31+J32 -> 8172315.3 | K33: =K31+K32 -> 9079103.9 | ... O33: =O31+O32 -> 9046275.6
A34: VI - Valor das Emendas Parlamentares de Individuais | C34: =SUM(D34:O34) -> 980000 | E34: 100000 | F34: =880000 -> 880000
A35: VII - RECEITA CORRENTE LÍQUIDA Endividamento) (VIII = V - VI) | C35: =SUM(D35:O35) -> 1.1375092e+08 | D35: =D33-D34 -> 14677042 | E35: =E33-E34 -> 10028240 | F35: =F33-F34 -> 9576828.8 | G35: =G33-G34 -> 7810614.9 | H35: =H33-H34 -> 8737446.4 | I35: =I33-I34 -> 11515286 | J35: =J33-J34 -> 8172315.3 | K35: =K33-K34 -> 9079103.9 | ... O35: =O33-O34 -> 9046275.6
A36: VIII - Valor das Emendas Parlamentares de Bancada | C36: =SUM(D36:O36) -> 350000 | I36: 350000
A37: IX - RECEITA CORRENTE LIQUIDA (Despesas com Pessoal) (IX = VII - VIII) | C37: =SUM(D37:O37) -> 1.1340092e+08 | D37: =D35-D36 -> 14677042 | E37: =E35-E36 -> 10028240 | F37: =F35-F36 -> 9576828.8 | G37: =G35-G36 -> 7810614.9 | H37: =H35-H36 -> 8737446.4 | I37: =I35-I36 -> 11165286 | J37: =J35-J36 -> 8172315.3 | K37: =K35-K36 -> 9079103.9 | ... O37: =O35-O36 -> 9046275.6
A38: Fonte da Metodologia TCE/RS. (OBS.: Foi deduzidos os valores das Emendas Parlamentares) | D38: =14677042.08-D37 -> 0 | E38: =10128239.71-E37 -> 100000 | F38: =10456828.75-F37 -> 880000 | G38: =7810614.92-G37 -> 0 | H38: =8737446.36-H37 -> 0 | I38: =11515286.49-I37 -> 350000 | J38: =8172315.33-J37 -> 0 | K38: =9079103.88-K37 -> 0
A39: ( 1 ) A Natureza de Receita 1.2.9.99.1.0.00.00.00 - Demais Contribuições Socias deverá ser detalhada conforme a necessidade do Orgão para a contabilização das contribuições para Fundos de Assitência Médica dos Servidores Municipais.
A40: ( 2 ) Valor correspondente à Soma das Receitas Arrecadadas no período com os complementos de recurso vínculado código 3110 - transferências da União decorrentes de Emendas Pralamentares Individuais e 3410 - TransferÊncias da União decorrentes de Emndas Parlamentares Individuais - COVID-19.
A41: ( 3 ) Valor correspondente à Soma das Receitas Arrecadadas no período com os complementos de recurso vínculado código 3120 - transferências da União decorrentes de Emendas Parlamentares de bancada e 3150 - Transferências da União decorrentes de Mendas Parlamentares de Emndas Parlamentares de Bancada - COVID-19.
A44: Giovani Amestoy da Silva | C44: Ihoko Nakashima Mota | G44: Arlei Lopes Souza
A45: Prefeito Municipal | C45: Secret. de Município da Fazenda | G45: Contador - CRC/RS: 068452/O-6

Sheet DCLP
B1: Modelo 2 - Demonstrativo da Despesa com Pessoal | H1: INSTRUÇÃO NORMATIVA nº 18/2021 - TCE/RS. | K1: Página: 1/2 | M1: Modelo 2 - Demonstrativo da Despesa com Pessoal | R1: INSTRUÇÃO NORMATIVA nº 18/2021 - TCE/RS. | W1: Página: 2/2
A2: Lei Complementar Federal nº 101/2000, artigo 54 e alínea "a" do inciso I do artigo 55
A3: Despesa Líquidada | B3: 9000 - Prefeitura e Fundos: | H3: Total dos últimos | I3: =RCL!D2 -> 44531 | J3: =RCL!E2 -> 44501 | K3: =RCL!F2 -> 44470 | L3: =RCL!G2 -> 44440 | M3: =RCL!H2 -> 44409 | N3: =RCL!I2 -> 44378 | O3: =RCL!J2 -> 44348 | P3: =RCL!K2 -> 44317 | ... T3: =RCL!O2 -> 44197
A4: Discriminação | B4: Detalhamento: | G4: Codificação: | H4: 12 meses | I4: 12º Mês | J4: 11º mês | K4: 10º Mês | L4: 9º Mês | M4: 8º Mês | N4: 7º Mês | O4: 6º Mês | P4: 5º Mês | Q4: 4º Mês | R4: 3º Mês | S4: 2º Mês | T4: 1º Mês
A5: I - NATUREZA DE DESPESA | H5: =SUM(I5:T5) -> 96188829 | I5: =I6+I7 -> 15244094 | J5: =J6+J7 -> 7378248.6 | K5: =K6+K7 -> 7307481.9 | L5: =L6+L7 -> 7201087.4 | M5: =M6+M7 -> 7291245.3 | N5: =N6+N7 -> 7457935.2 | O5: =O6+O7 -> 7299492 | P5: =P6+P7 -> 7278817.8 | ... T5: =T6+T7 -> 7252406.9
A6: Pessoal e encargos sociais | G6: 3.1.00.00.00.00 | H6: =SUM(I6:T6) -> 95074088 | I6: =15177341.49 -> 15177341 | J6: =7311846.31 -> 7311846.3 | K6: 7235984.9 | L6: =7106261.44 -> 7106261.4 | M6: =7167386.63 -> 7167386.6 | N6: =7526337.83-236922.78 -> 7289415 | O6: =7170867.52 -> 7170867.5 | P6: =7046389.84 -> 7046389.8 | Q6: =7237452.49 -> 7237452.5 | R6: 7577072.3 | S6: =7501662.83 -> 7501662.8 | T6: 7252406.9
A7: Outras Despesas de Pessoal de Contratos de Terceirização - Substituição de mão de obra (art. 18, § 1º da LRF) | G7: 3.3.XX.34.01.00 | H7: =SUM(I7:T7) -> 1114741 | I7: =66752.4 -> 66752.4 | J7: =66402.3 -> 66402.3 | K7: 71497 | L7: =94826 -> 94826 | M7: =123858.67 -> 123858.67 | N7: 168520.14 | O7: =128624.5 -> 128624.5 | P7: =232428 -> 232428 | R7: 124344 | S7: 37488
A8: II - DEDUÇÕES | H8: =SUM(I8:T8) -> 26584787 | I8: =SUM(I10:I19) -> 3828455.8 | J8: =SUM(J10:J19) -> 2029057.4 | K8: =SUM(K10:K19) -> 1934118.1 | L8: =SUM(L10:L19) -> 1937387.8 | M8: =SUM(M10:M19) -> 1922337.1 | N8: =SUM(N10:N19) -> 2153651.4 | O8: =SUM(O10:O19) -> 2016525.9 | P8: =SUM(P10:P19) -> 1894472.9 | ... T8: =SUM(T10:T19) -> 2207517.2
A10: Aposentadoria do RPPS, Reserva Remunerada e Reformas dos Militares (com recursos do RPPS) | G10: 3.1.90.01 | H10: =SUM(I10:T10) -> 21412073 | I10: =3278600.89 -> 3278600.9 | J10: =1652874.5 -> 1652874.5 | K10: 1651696.4 | L10: =1649833.24 -> 1649833.2 | M10: =1648483.54 -> 1648483.5 | N10: 1652132.2 | O10: =1649294.67 -> 1649294.7 | P10: =1642118.8 -> 1642118.8 | Q10: =1638614.89 -> 1638614.9 | R10: =1695217.98 -> 1695218 | S10: =1674599.82 -> 1674599.8 | T10: 1578605.8
A12: Pensões do RPPS e do Militar (com Recursos do RPPS) | G12: 3.1.90.03 | H12: =SUM(I12:T12) -> 2785344.7 | I12: =425586.98 -> 425586.98 | J12: =213881.89 -> 213881.89 | K12: 214871 | L12: =214871 -> 214871 | M12: =214871 -> 214871 | N12: 231683.43 | O12: =210844.25 -> 210844.25 | P12: =210918.91 -> 210918.91 | Q12: =209700.26 -> 209700.26 | R12: =219471.11 -> 219471.11 | S12: =222290.44 -> 222290.44 | T12: =196354.43 -> 196354.43
H13: =SUM(I13:T13) -> 0
A14: Sentenças Judiciais | F14: =73331.76-H14 -> 0 | G14: 3.1.X.X.91 | H14: =SUM(I14:T14) -> 73331.76 | I14: 53381.19 | J14: 1335.92 | K14: 6469.51 | L14: =1335.92 -> 1335.92 | M14: =1335.92 -> 1335.92 | N14: =1335.92 -> 1335.92 | O14: =1335.92 -> 1335.92 | P14: =1335.92 -> 1335.92 | Q14: 1335.92 | R14: =1396.85 -> 1396.85 | S14: =1396.85 -> 1396.85 | T14: 1335.92
A16: Despesas de Exercícios Anteriores | G16: 3.1.90.92 | H16: =SUM(I16:T16) -> 0
A18: Indenizações e Restituições Trabalhistas | G18: 3.1.9.0.94 | H18: =SUM(I18:T18) -> 2314037.4 | I18: =70886.76 -> 70886.76 | J18: =160965.04 -> 160965.04 | K18: 61081.18 | L18: =71347.66 -> 71347.66 | M18: 57646.67 | N18: 268499.77 | O18: =155051.03 -> 155051.03 | P18: =40099.27 -> 40099.27 | Q18: =253398.44 -> 253398.44 | R18: =378775.85 -> 378775.85 | S18: 365064.69 | T18: 431221.06
H19: =SUM(I19:T19) -> 0
A20: III - TOTAL DAS NATUREZAS DE DESPESA (I - II) | H20: =SUM(I20:T20) -> 69604042 | I20: =I5-I8 -> 11415638 | J20: =J5-J8 -> 5349191.3 | K20: =K5-K8 -> 5373363.8 | L20: =L5-L8 -> 5263699.6 | M20: =M5-M8 -> 5368908.2 | N20: =N5-N8 -> 5304283.8 | O20: =O5-O8 -> 5282966.1 | P20: =P5-P8 -> 5384344.9 | ... T20: =T5-T8 -> 5044889.7
A21: Recursos para cobertura de Insuficências Financeiras | G21: 3.5.1.3.2.01.01 | H21: =SUM(I21:T21) -> 0
A22: Recursos para cobertura de Déficit Financeiro | G22: 3.5.1.3.2.02.01 | H22: =SUM(I22:T22) -> 0
A23: IV - TOTAL DAS CONTAS PATRIMONIAIS | H23: =SUM(I23:T23) -> 0 | I23: =SUM(I21:I22) -> 0 | J23: =SUM(J21:J22) -> 0 | K23: =SUM(K21:K22) -> 0 | L23: =SUM(L21:L22) -> 0 | M23: =SUM(M21:M22) -> 0 | N23: =SUM(N21:N22) -> 0 | O23: =SUM(O21:O22) -> 0 | P23: =SUM(P21:P22) -> 0 | ... T23: =SUM(T21:T22) -> 0
A24: Cálculo Despesa c/ Pessoal 1º e 2º Quadrimestre/1º Semestre: Emp. Não Liquidados | B24: Cálculo das contas das naturezas de despesas de pessoal dos Itens I e II | H24: =SUM(I24:T24) -> 5.8207661e-10 | I24: =(15143005.9-I6)+(-1283.7-I7) -> -102371.69 | J24: =(7288911.42+134438.4)-(J6+J7) -> 45101.21 | K24: =(7229419.31+71497)-(K6+K7) -> -6565.63 | L24: =(7097448.16+94826)-(L6+L7) -> -8813.28 | M24: =(7157933.11+123858.67)-(M6+M7) -> -9453.52 | N24: =(7280601.77+109820.64)-(N6+N7) -> -67512.78 | O24: =7154869.31-(O6+O66) -> -15998.21 | P24: =(7045109.36-P6+355000-P7)-128624.5 -> -7332.98 | Q24: =7228639.21-Q6+1584-Q7 -> -7229.28 | R24: =7670632.48-R6+70000-R7 -> 39216.16 | S24: =7447735.4-S6+155000-S7 -> 63584.57 | T24: =7329782.33-T6 -> 77375.43
A25: Cálculo Despesa c/ Pessoal 3º Quadrimestre/2º Semestre: Restos a Pagar Não Processados | B25: Cálculo das contas das naturezas de despesas de pessoal dos Itens I e II | H25: =SUM(I25:T25) -> 0
A26: V - TOTAL DOS EMPENHOS NÃO LÍQUIDADOS - RESTOS A PAGAR NÃO PROCESSADOS | H26: =SUM(I26:T26) -> 5.8207661e-10 | I26: =SUM(I24:I25) -> -102371.69 | J26: =SUM(J24:J25) -> 45101.21 | K26: =SUM(K24:K25) -> -6565.63 | L26: =SUM(L24:L25) -> -8813.28 | M26: =SUM(M24:M25) -> -9453.52 | N26: =SUM(N24:N25) -> -67512.78 | O26: =SUM(O24:O25) -> -15998.21 | P26: =SUM(P24:P25) -> -7332.98 | ... T26: =SUM(T24:T25) -> 77375.43
B27: Informação da Execução do Consórcio p/ consolidação - maio a Dez | G27: 8.5.3.2.4.01.01 | H27: =SUM(I27:T27) -> 0
A28: Contas Aplicáveis ao 1º Quadrimestre (1) | B28: Informação da Execução do Consórcio p/ consolidação - Exercício atual - 1º Bimestre | G28: 8.5.3.2.4.02.01 | H28: =SUM(I28:T28) -> 0
B29: Informação da Execução do Consórcio p/ consolidação - Exercício atual - 2º Bimestre | G29: 8.5.3.2.4.02.02 | H29: =SUM(I29:T29) -> 0
B30: Informação da Execução do Consórcio p/ consolidação - julho a Dez | G30: 8.5.3.2.4.01.02 | H30: =SUM(I30:T30) -> 0
A31: Contas Aplicáveis ao 1º Semestre (1) | B31: Informação da Execução do Consórcio p/ consolidação - Exercício atual - 1º Bimestre | G31: 8.5.3.2.4.02.01 | H31: =SUM(I31:T31) -> 0
B32: Informação da Execução do Consórcio p/ consolidação - Exercício atual - 2º Bimestre | G32: 8.5.3.2.4.02.02 | H32: =SUM(I32:T32) -> 0
B33: Informação da Execução do Consórcio p/ consolidação - Exercício atual - 3º Bimestre | G33: 8.5.3.2.4.02.03 | H33: =SUM(I33:T33) -> 0
B34: Informação da Execução do Consórcio p/ consolidação - Setembro a Dez | G34: 8.5.3.2.4.01.03 | H34: =SUM(I34:T34) -> 0
B35: Informação da Execução do Consórcio p/ consolidação - Exercício atual - 1º Bimestre | G35: 8.5.3.2.4.02.01 | H35: =SUM(I35:T35) -> 0
A36: Contas Aplicáveis ao 2º Quadrimestre (1) | B36: Informação da Execução do Consórcio p/ consolidação - Exercício atual - 2º Bimestre | G36: 8.5.3.2.4.02.02 | H36: =SUM(I36:T36) -> 0
B37: Informação da Execução do Consórcio p/ consolidação - Exercício atual - 3º Bimestre | G37: 8.5.3.2.4.02.03 | H37: =SUM(I37:T37) -> 0
B38: Informação da Execução do Consórcio p/ consolidação - Exercício atual - 4º Bimestre | G38: 8.5.3.2.4.02.04 | H38: =SUM(I38:T38) -> 0
B39: Informação da Execução do Consórcio p/ consolidação - Exercício atual - 1º Bimestre | G39: 8.5.3.2.4.02.01 | H39: =SUM(I39:T39) -> 0
B40: Informação da Execução do Consórcio p/ consolidação - Exercício atual - 2º Bimestre | G40: 8.5.3.2.4.02.02 | H40: =SUM(I40:T40) -> 0
A41: Contas Aplicáveis ao 3º Quadrimestre e ao 2º Semestre (1) | B41: Informação da Execução do Consórcio p/ consolidação - Exercício atual - 3º Bimestre | G41: 8.5.3.2.4.02.03 | H41: =SUM(I41:T41) -> 0
B42: Informação da Execução do Consórcio p/ consolidação - Exercício atual - 4º Bimestre | G42: 8.5.3.2.4.02.04 | H42: =SUM(I42:T42) -> 0
B43: Informação da Execução do Consórcio p/ consolidação - Exercício atual - 5º Bimestre | G43: 8.5.3.2.4.02.05 | H43: =SUM(I43:T43) -> 0
B44: Informação da Execução do Consórcio p/ consolidação - Exercício atual - 6º Bimestre | G44: 8.5.3.2.4.02.06 | H44: =SUM(I44:T44) -> 0
A45: VI - TOTAL DAS CONTAS CONTÁBEIS DE CPONTROLE | C45: EXECUÇÃO DOS CONSÓRCIOS PÚBLICOS | H45: =SUM(I45:T45) -> 0 | I45: =SUM(I27:I44) -> 0 | J45: =SUM(J27:J44) -> 0 | K45: =SUM(K27:K44) -> 0 | L45: =SUM(L27:L44) -> 0 | M45: =SUM(M27:M44) -> 0 | N45: =SUM(N27:N44) -> 0 | O45: =SUM(O27:O44) -> 0 | P45: =SUM(P27:P44) -> 0 | ... T45: =SUM(T27:T44) -> 0
A46: VII - TOTAL DA DESPESA COM PESSOAL ATIVO / INATIVO DA ENTIDADE VII = (III + IV + V - VI) | H46: =H20+H23+H26-H45 -> 69604042 | I46: =I20+I23+I26-I45 -> 11313266 | J46: =J20+J23+J26-J45 -> 5394292.5 | K46: =K20+K23+K26-K45 -> 5366798.2 | L46: =L20+L23+L26-L45 -> 5254886.3 | M46: =M20+M23+M26-M45 -> 5359454.7 | N46: =N20+N23+N26-N45 -> 5236771 | O46: =O20+O23+O26-O45 -> 5266967.9 | ... T46: =T20+T23+T26-T45 -> 5122265.1
A47: Fonte: Demonstrativo da Despesa Orçamentária Empenhada e liquidada ao Mês e a Metodologia a fonte é o TCE/RS.
A48: Nota Explicativa: Nos Meses de julho e agosto de 2021 foi retificado os campos: "31 - Pessoal e Encargos Sociais" e "Cálculo Despesa c/ Pessoal 1º e 2º Quadrimestre/1º Semestre: Emp. Não Liquidados" este ajuste impactou em 0,11% a menos o indice da Despesa em outubro, após a retificação.
N53: Giovani Amestoy da Silva | P53: Ihoko Nakashima Mota | S53: Arlei Lopes Souza
N54: Prefeito Municipal | P54: Secret. de Município da Fazenda | S54: Contador - CRC/RS: 068452/O-6

Sheet DCLP_RCL
C2: Evolução Mensal da Despesa Liquidada com Pessoal | J2: INSTRUÇÃO NORMATIVA nº 18/2021 - TCE/RS.
D4: =DCLP!I3 -> 44531 | E4: =DCLP!J3 -> 44501 | F4: =DCLP!K3 -> 44470 | G4: =DCLP!L3 -> 44440 | H4: =DCLP!M3 -> 44409 | I4: =DCLP!N3 -> 44378 | J4: =DCLP!O3 -> 44348 | K4: =DCLP!P3 -> 44317 | ... O4: =DCLP!T3 -> 44197
B5: TOTAIS DOS ÚLTIMOS 12 MESES | D5: 12º Mês | E5: 11º mês | F5: 10º Mês | G5: 9º Mês | H5: 8º Mês | I5: 7º Mês | J5: 6º Mês | K5: 5º Mês | L5: 4º Mês | M5: 3º Mês | N5: 2º Mês | O5: 1º Mês
B6: Despesa Liquida c/ Pessoal | C6: =(SUM(D6:O6)) -> 69604042 | D6: =DCLP!I46 -> 11313266 | E6: =DCLP!J46 -> 5394292.5 | F6: =DCLP!K46 -> 5366798.2 | G6: =DCLP!L46 -> 5254886.3 | H6: =DCLP!M46 -> 5359454.7 | I6: =DCLP!N46 -> 5236771 | J6: =DCLP!O46 -> 5266967.9 | K6: =DCLP!P46 -> 5377012 | ... O6: =DCLP!T46 -> 5122265.1
B7: Receita Corrente Líquida | C7: =SUM(D7:O7) -> 1.1340092e+08 | D7: =RCL!D37 -> 14677042 | E7: =RCL!E37 -> 10028240 | F7: =RCL!F37 -> 9576828.8 | G7: =RCL!G37 -> 7810614.9 | H7: =RCL!H37 -> 8737446.4 | I7: =RCL!I37 -> 11165286 | J7: =RCL!J37 -> 8172315.3 | K7: =RCL!K37 -> 9079103.9 | ... O7: =RCL!O37 -> 9046275.6
B8: Índice da DCLP s/ a RCL | C8: =C6/C7 -> 0.61378728 | D8: =D6/D7 -> 0.77081379 | E8: =E6/E7 -> 0.5379102 | F8: =F6/F7 -> 0.56039409 | G8: =G6/G7 -> 0.67278779 | H8: =H6/H7 -> 0.61338913 | I8: =I6/I7 -> 0.46902254 | J8: =J6/J7 -> 0.64448907 | ... O8: =O6/O7 -> 0.56622916
B9: Limite Máximo do Índice | C9: 0.54 | D9: 0.54 | E9: 0.54 | F9: 0.54 | G9: 0.54 | H9: 0.54 | I9: 0.54 | J9: 0.54 | K9: 0.54 | L9: 0.54 | M9: 0.54 | N9: 0.54 | O9: 0.54
B10: OBS.: | C10: No Valor da RCL foi deduzidos os valores das Emendandas Parlamentares do Período.
B53: Fonte: | C53: Demonstrativos apurados pela Contabilidade da Receita Corrente Realizada e da Despesa Líquidada Orçamentarias.
C57: Giovani Amestoy da Silva | F57: Ihoko Nakashima Mota | J57: Arlei Lopes Souza
C58: Prefeito Municipal | F58: Secret. de Município da Fazenda | J58: Contador - CRC/RS: 068452/O-6

Sheet AcompFAPS
A2: Aliquotas vigentes em 2021 do FAPS/RPPS
A3: ENTE | B3: SEGURADO
A4: Normal | B4: Normal
A5: 0.1999 | B5: 0.1184
A6: Suplementar | B6: Média dos Segurados
A7: 0.33
F9: Período: | G9: 2021 | H9: 2021 | I9: 2022 | J9: 2023 | K9: 2024 | L9: 2025
F10: L. M. Nº 4167 de 04/08/2020 - Art. 4º - Aliquota do Passivo Atuarial. | G10: 0.33 | H10: 0.335 | I10: 0.4 | J10: 0.5 | K10: 0.74 | L10: 0.72
F11: L. M. Nº 4.244 de 22/07/2021 - Art. 4º - Aliquota do Passivo Atuarial.
B14: Ano: 2021 | D14: Janeiro | E14: Fevereiro | F14: Março | G14: Abril | H14: Maio | I14: Junho | J14: Julho | K14: Agosto | L14: Setembro | M14: Outubro | N14: Novembro | O14: Dezembro | P14: TOTAIS:
B15: Aportes Periodicos
A16: 7.9.9.0.01.1.1 | B16: Amortiz Deficit Atuarial | C16: 311 | D16: 646851.22 | E16: 1584309.8 | F16: 1110585.6 | G16: 1101862.1 | H16: =1041204.38 -> 1041204.4 | I16: 1041463.5 | J16: 1038282 | K16: 1036421.9 | L16: 1047813.3 | M16: 1031939.7 | N16: =1031371.47 -> 1031371.5 | O16: =2257142.6 -> 2257142.6 | P16: =SUM(D16:O16) -> 13969248 | Q16: =13969247.57-P16 -> 0
A17: 7.9.9.0.01.1.3 | B17: Deficit Atuarial - Div Ativa | C17: 320 | D17: 40013.54 | E17: 25467.31 | F17: =43738.35 -> 43738.35 | G17: 147124.29 | H17: =167667.79 -> 167667.79 | I17: 197063.87 | J17: 79480.33 | K17: 114330.75 | L17: 39881.89 | M17: 76483.03 | N17: =132426.56 -> 132426.56 | O17: =81964.99 -> 81964.99 | P17: =SUM(D17:O17) -> 1145642.7 | Q17: =1145642.7-P17 -> 0
B18: 1. Receitas Totais | D18: 1821306.7 | E18: 3418373.4 | F18: 2477692 | G18: 2713144.4 | H18: =2527081.2 -> 2527081.2 | I18: 2358458.2 | J18: 2342207.5 | K18: =2308046.36 -> 2308046.4 | L18: 2466047.5 | M18: 2370360.4 | N18: =2878589.87 -> 2878589.9 | O18: =5272665.5 -> 5272665.5 | P18: =SUM(D18:N18) -> 27681307 | Q18: =27681307.39-P18 -> 0
B19: 2. Total da Despesa Paga | D19: 1774960.3 | E19: 1892028.5 | F19: 1916270.8 | G19: 1847527.9 | H19: 1862823.2 | I19: =1860508.85 -> 1860508.9 | J19: 1888869.8 | K19: 1864374.6 | L19: =1864704.24 -> 1864704.2 | M19: 1868149.1 | N19: =1866454.01 -> 1866454 | O19: =3707726.11 -> 3707726.1 | P19: =SUM(D19:O19) -> 24214397 | Q19: =24214397.41-P19 -> 0
B20: 3. Resultado: 1. - 2. = | C20: (- ) | D20: =D18-D19 -> 46346.42 | E20: =E18-E19 -> 1526344.8 | F20: =F18-F19 -> 561421.16 | G20: =G18-G19 -> 865616.53 | H20: =H18-H19 -> 664258.01 | I20: =I18-I19 -> 497949.35 | J20: =J18-J19 -> 453337.71 | K20: =K18-K19 -> 443671.71 | ... O20: =O18-O19 -> 1564939.4 | P20: =SUM(D20:N20) -> 7174636.1
B22: Valor do déficit para cobertura do Passivo Atuarial: | C22: ( = ) | D22: =SUM(D16:D17)-D20 -> 640518.34 | E22: =SUM(E16:E17)-E20 -> 83432.26 | F22: =SUM(F16:F17)-F20 -> 592902.82 | G22: =SUM(G16:G17)-G20 -> 383369.85 | H22: =SUM(H16:H17)-H20 -> 544614.16 | I22: =SUM(I16:I17)-I20 -> 740577.99 | J22: =SUM(J16:J17)-J20 -> 664424.66 | K22: =SUM(K16:K17)-K20 -> 707080.93 | ... O22: =SUM(O16:O17)-O20 -> 774168.2 | P22: =SUM(D22:O22) -> 6375314.8
B23: Progressão do Déficit no período | E23: =D22+E22 -> 723950.6 | F23: =E23+F22 -> 1316853.4 | G23: =F23+G22 -> 1700223.3 | H23: =G23+H22 -> 2244837.4 | I23: =H23+I22 -> 2985415.4 | J23: =I23+J22 -> 3649840.1 | K23: =J23+K22 -> 4356921 | L23: =K23+L22 -> 4843272.9 | M23: =L23+M22 -> 5449484.4 | ... O23: =N23+O22 -> 6375314.8
B25: Rendimentos Líquidos Auferidos do Período: | D25: =21390.5-13008.99 -> 8381.51 | E25: 7644.48 | F25: =70335.98-81867.41 -> -11531.43 | G25: 236970.22 | H25: =196118.17-25818.29 -> 170299.88 | I25: =48213.11-50509.62 -> -2296.51 | J25: =73898.94-87402.27 -> -13503.33 | K25: =93050.89-139895.26 -> -46844.37 | L25: =207190.52-117856.34 -> 89334.18 | M25: =356724.71-334520.02 -> 22204.69 | N25: =559892.02-(2703.66+30050.01) -> 527138.35 | O25: =468274.43 -> 468274.43 | P25: =SUM(D25:N25) -> 987797.67 | Q25: =(1883005.45-(2703.66+892504.12))-P25 -> 0
B28: Saldo dos Valores Aplicados: | D28: 33033587 | E28: 32875957 | F28: 34457888 | G28: 35776936 | H28: 35898682 | I28: =35480656.82 -> 35480657 | J28: =35920808.42 -> 35920808 | K28: 36369533 | L28: =36874615.14 -> 36874615 | M28: 37473088 | N28: 38488332 | O28: 40962776 | P28: TOTAIS:
E29: =E28-D28 -> -157630.07 | F29: =F28-E28 -> 1581931.6 | G29: =G28-F28 -> 1319048 | H29: =H28-G28 -> 121746.14 | I29: =I28-H28 -> -418025.45 | J29: =J28-I28 -> 440151.6 | K29: =K28-J28 -> 448724.77 | L29: =L28-K28 -> 505081.95 | ... O29: =O28-N28 -> 2474443.8 | P29: =SUM(E29:O29) -> 7929189.6 | Q29: =O28-D28-P29 -> 0
C31: Percentual dos Rendimentos em relação ao Saldo: | D31: =D25/D28 -> 0.00025372691 | E31: =E25/E28 -> 0.00023252495 | F31: =F25/F28 -> -0.00033465284 | G31: =G25/G28 -> 0.0066235471 | H31: =H25/H28 -> 0.0047439034 | I31: =I25/I28 -> -6.472569e-05 | J31: =J25/J28 -> -0.00037591943 | K31: =K25/K28 -> -0.0012880113 | ... O31: =O25/O28 -> 0.011431706 | P31: =SUM(D31:O31) -> 0.037933353
B36: Giovani Amestoy da Silva | E36: Ihoko Nakashima Mota | H36: Arlei Lopes Souza
B37: Prefeito Municipal | E37: Secret. de Município da Fazenda | H37: Contador - CRC/RS: 068452/O-6
B41: ANÁLISE DO EXERCÍCIO ENCERRADO DE 2021 DAS MOVIMENTAÇÕES FINANCEIRAS DO FAPS/RPPS:
A42: 1. | B42: A PM de Caçapava do Sul repassou ao FAPS/RPPS para recuperação do Passivo Atuarial: | H42: =P16+P17 -> 15114890
A43: 2. | B43: O saldo inicial das aplicações do FAPS/RPPS em 1º de janeiro de 2021 nos bancos totalizavam o montante de: | I43: =D28 -> 33033587
A44: 3. | B44: Os Rendimemtos líquidos das aplicações finanaceiras do FAPS/RPPS totalizaram em 31 de dezembro/2021: | I44: =P25 -> 987797.67
A45: 4. | B45: O saldo final das aplicações do FAPS/RPPS em 31 de dezembro de 2021 nos bancos totalizam o montante de: | I45: =O28 -> 40962776
A46: 5. | B46: O Passivo Atuarial que deveria ter sido recuperado no mínimo no valor constante no item "1." foi recuperado só: | I46: =I45-(I43+I44) -> 6941391.9
A47: 6. | B47: Os Rendimentos das aplicações renderam durante o ano, somente 3,79% e este percentual ficou abaixo, por exemplo que os rendimentos da poupança
B48: Inflação | D48: Rend. p/Poupança | E48: Perda: | F48: Num Aplicação: | G48: temos a Perda de
B49: 0.106 | D49: =B49-E49 -> 0.0423 | E49: 0.0637 | F49: 1000 | G49: =F49*E49 -> 63.7
B50: Fonte: Fabrício de Castro do UOL, em Brasília de 13/01/2022 17h25
B51: Portanto nas aplicaçôes do FAPS tivemos perdas maiores que se tivessem sidos aplicados na Poupança.
H55: Giovani Amestoy da Silva | K55: Ihoko Nakashima Mota | O55: Arlei Lopes Souza
H56: Prefeito Municipal | K56: Secret. de Município da Fazenda | O56: Contador - CRC/RS: 068452/O-6

Sheet Cronogra
E1: ANEXO II DO CRONOGRAMA DE DESEMBOLSO PARA 2021 | U1: ANEXO III - CRONOGRAMA DE REEMBOLSO E DESEMBOLSO AO MÊS PARA 2021
U2: CRONOGRAMA DE DESEMBOLSO POR ORGÃO PARA O EXERCÍCIO DE 2021
A3: Cronograma | B3: RECEITA CONSOLIDADA REALIZADA | L3: PREVISTO | N3: REESTIMADA | Q3: Seq. | R3: ÓRGÃOS | S3: JANEIRO | T3: FEVEREIRO | U3: MARÇO | V3: ABRIL | W3: MAIO | X3: JUNHO | Y3: JULHO | Z3: AGOSTO | AA3: SETEMBRO | AB3: OUTUBRO | AC3: NOVEMBRO | AD3: DEZEMBRO | AE3: TOTAL
A4: MESES | B4: 2016 | C4: % | D4: 2017 | F4: 2018 | G4: % | H4: 2019 | I4: % | J4: 2020 | K4: % | L4: 2021 | M4: % | N4: 2022 | O4: 2023 | Q4: 1 | R4: Câmara | S4: =4189000/12 -> 349083.33 | T4: =4189000/12 -> 349083.33 | U4: =4189000/12 -> 349083.33 | V4: =4189000/12 -> 349083.33 | W4: =4189000/12 -> 349083.33 | X4: =4189000/12 -> 349083.33 | Y4: =4189000/12 -> 349083.33 | Z4: =4189000/12 -> 349083.33 | ... AD4: =4189000/12 -> 349083.33 | AE4: =SUM(S4:AD4) -> 4189000 | AF4: =AE4/$AE$20 -> 0.029840899
A5: Janeiro | B5: =14399728.14-6630054.7 -> 7769673.4 | C5: =B5/B17 -> 0.08438993 | D5: 8128227.2 | E5: =D5/D17 -> 0.077766632 | F5: 7522241.3 | G5: =F5/F17 -> 0.079831482 | H5: 10690470 | I5: =H5/H17 -> 0.092128812 | J5: 10229896 | K5: =J5/J17 -> 0.082588546 | L5: 11654887 | M5: =L5/L17 -> 0.083025137 | N5: =((F5+H5+J5+L5)/3.15)-354050.16 -> 12375313 | O5: =(H5+J5+L5+N5)/3.15 -> 14270021 | Q5: 2 | R5: Gabinete | S5: =2321581.45*M5 -> 192749.62 | T5: =2321581.45*M6 -> 196936.61 | U5: =2321581.45*M7 -> 184177.54 | V5: =2321581.45*M8 -> 191029.57 | W5: =2321581.45*M9 -> 188976.51 | X5: =2321581.45*M10 -> 171768.81 | Y5: =2321581.45*M11 -> 200982.46 | Z5: =2321581.45*M12 -> 175552.85 | AA5: =2321581.45*M13 -> 173706.73 | AB5: =2321581.45*M14 -> 188600.43 | AC5: =2321581.45*M15 -> 176054.69 | AD5: =2321581.45*M16 -> 281045.64 | AE5: =SUM(S5:AD5) -> 2321581.4 | AF5: =AE5/$AE$20 -> 0.016538094
A6: Fevereiro | B6: 6630054.7 | C6: =B6/B17 -> 0.072012017 | D6: 8406126.3 | E6: =D6/D17 -> 0.080425426 | F6: =7197732.78 -> 7197732.8 | G6: =F6/F17 -> 0.076387563 | H6: =8384491.75 -> 8384491.8 | I6: =H6/H17 -> 0.07225625 | J6: =10875208.14 -> 10875208 | K6: =J6/J17 -> 0.087798312 | L6: 11908060 | M6: =L6/L17 -> 0.084828646 | N6: =(F6+H6+J6+L6)/3.15 -> 12179521 | O6: =(H6+J6+L6+N6)/3.15 -> 13761042 | Q6: 3 | R6: SGM | S6: =1262392.3*M5 -> 104810.29 | T6: =1262392.3*M6 -> 107087.03 | U6: =1262392.3*M7 -> 100149.11 | V6: =1262392.3*M8 -> 103874.99 | W6: =1262392.3*M9 -> 102758.61 | X6: =1262392.3*M10 -> 93401.685 | Y6: =1262392.3*M11 -> 109287.02 | Z6: =1262392.3*M12 -> 95459.309 | AA6: =1262392.3*M13 -> 94455.46 | AB6: =1262392.3*M14 -> 102554.11 | AC6: =1262392.3*M15 -> 95732.191 | AD6: =1262392.3*M16 -> 152822.49 | AE6: =SUM(S6:AD6) -> 1262392.3 | AF6: =AE6/$AE$20 -> 0.0089928194
A7: Março | B7: 6582277.3 | C7: =B7/B17 -> 0.071493085 | D7: =8078817.9 -> 8078817.9 | E7: =D7/D17 -> 0.07729391 | F7: 7899052.6 | G7: =F7/F17 -> 0.083830478 | H7: 8599525.4 | I7: =H7/H17 -> 0.074109377 | J7: 9752914.4 | K7: =J7/J17 -> 0.07873775 | L7: =((D7+F7+H7+J7)/3.15)+238052.79 -> 11136564 | M7: =L7/L17 -> 0.079332795 | N7: =(F7+H7+J7+L7)/3.15 -> 11869224 | O7: =(H7+J7+L7+N7)/3.15 -> 13129596 | Q7: 4 | R7: SMCP | S7: =1831204.8*M5 -> 152036.03 | T7: =1831204.8*M6 -> 155338.62 | U7: =1831204.8*M7 -> 145274.59 | V7: =1831204.8*M8 -> 150679.3 | W7: =1831204.8*M9 -> 149059.89 | X7: =1831204.8*M10 -> 135486.9 | Y7: =1831204.8*M11 -> 158529.89 | Z7: =1831204.8*M12 -> 138471.65 | AA7: =1831204.8*M13 -> 137015.48 | AB7: =1831204.8*M14 -> 148763.25 | AC7: =1831204.8*M15 -> 138867.49 | AD7: =1831204.8*M16 -> 221681.7 | AE7: =SUM(S7:AD7) -> 1831204.8 | AF7: =AE7/$AE$20 -> 0.013044831
A8: Abril | B8: 7609123.8 | C8: =B8/B17 -> 0.082646128 | D8: 8695190.6 | E8: =D8/D17 -> 0.083191042 | F8: 7799663.9 | G8: =F8/F17 -> 0.082775693 | H8: =10080023.23 -> 10080023 | I8: =H8/H17 -> 0.086868078 | J8: =9810398.72 -> 9810398.7 | K8: =J8/J17 -> 0.079201836 | L8: =((D8+F8+H8+J8)/3.15) -> 11550881 | M8: =L8/L17 -> 0.08228424 | N8: =(F8+H8+J8+L8)/3.15 -> 12457450 | O8: =(H8+J8+L8+N8)/3.15 -> 13936112 | Q8: 5 | R8: SMA | S8: =7750365.63*M5 -> 643475.17 | T8: =7750365.63*M6 -> 657453.02 | U8: =7750365.63*M7 -> 614858.16 | V8: =7750365.63*M8 -> 637732.94 | W8: =7750365.63*M9 -> 630879.01 | X8: =7750365.63*M10 -> 573432.85 | Y8: =7750365.63*M11 -> 670959.69 | Z8: =7750365.63*M12 -> 586065.48 | AA8: =7750365.63*M13 -> 579902.42 | AB8: =7750365.63*M14 -> 629623.52 | AC8: =7750365.63*M15 -> 587740.82 | AD8: =7750365.63*M16 -> 938242.54 | AE8: =SUM(S8:AD8) -> 7750365.6 | AF8: =AE8/$AE$20 -> 0.05521076
A9: Maio | B9: 7587298.9 | C9: =B9/B17 -> 0.082409078 | D9: =8219532.42 -> 8219532.4 | E9: =D9/D17 -> 0.078640193 | F9: =7664973.99 -> 7664974 | G9: =F9/F17 -> 0.081346265 | H9: =9454030.45 -> 9454030.4 | I9: =H9/H17 -> 0.081473369 | J9: =10655694.71 -> 10655695 | K9: =J9/J17 -> 0.086026124 | L9: =((D9+F9+H9+J9)/3.15) -> 11426740 | M9: =L9/L17 -> 0.081399903 | N9: =(F9+H9+J9+L9)/3.15 -> 12444901 | O9: =((H9+J9+L9+N9)/3.15)-5409.33 -> 13956929 | Q9: 6 | R9: SMF | S9: =3547551.94*M5 -> 294535.99 | T9: =3547551.94*M6 -> 300934.03 | U9: =3547551.94*M7 -> 281437.21 | V9: =3547551.94*M8 -> 291907.61 | W9: =3547551.94*M9 -> 288770.38 | X9: =3547551.94*M10 -> 262475.72 | Y9: =3547551.94*M11 -> 307116.39 | Z9: =3547551.94*M12 -> 268258.02 | AA9: =3547551.94*M13 -> 265437.02 | AB9: =3547551.94*M14 -> 288195.71 | AC9: =3547551.94*M15 -> 269024.87 | AD9: =3547551.94*M16 -> 429458.98 | AE9: =SUM(S9:AD9) -> 3547551.9 | AF9: =AE9/$AE$20 -> 0.025271458
A10: Junho | B10: 6475322.6 | C10: =B10/B17 -> 0.070331402 | D10: 7486671.7 | E10: =D10/D17 -> 0.071628564 | F10: =7453635.72+55.15 -> 7453690.9 | G10: =F10/F17 -> 0.079103976 | H10: =8906802.9 -> 8906802.9 | I10: =H10/H17 -> 0.076757447 | J10: =8869527.04 -> 8869527 | K10: =J10/J17 -> 0.07160594 | L10: =((D10+F10+H10+J10)/3.15) -> 10386252 | M10: =L10/L17 -> 0.073987844 | N10: =(F10+H10+J10+L10)/3.15 -> 11306753 | O10: =(H10+J10+L10+N10)/3.15 -> 12529948 | Q10: 7 | R10: SMTur | S10: =1229036.08*M5 -> 102040.89 | T10: =1229036.08*M6 -> 104257.47 | U10: =1229036.08*M7 -> 97502.867 | V10: =1229036.08*M8 -> 101130.3 | W10: =1229036.08*M9 -> 100043.42 | X10: =1229036.08*M10 -> 90933.73 | Y10: =1229036.08*M11 -> 106399.32 | Z10: =1229036.08*M12 -> 92936.986 | AA10: =1229036.08*M13 -> 91959.662 | AB10: =1229036.08*M14 -> 99844.324 | AC10: =1229036.08*M15 -> 93202.657 | AD10: =1229036.08*M16 -> 148784.46 | AE10: =SUM(S10:AD10) -> 1229036.1 | AF10: =AE10/$AE$20 -> 0.008755202
A11: Julho | B11: 6763469.2 | C11: =B11/B17 -> 0.073461092 | D11: 9406077.2 | E11: =D11/D17 -> 0.089992433 | F11: 8077958 | G11: =F11/F17 -> 0.085729151 | H11: 9979327.4 | I11: =H11/H17 -> 0.086000296 | J11: =10817635.8 -> 10817636 | K11: =J11/J17 -> 0.087333516 | L11: =((D11+F11+H11+J11)/3.15) -> 12152698 | M11: =L11/L17 -> 0.08657136 | N11: =(F11+H11+J11+L11)/3.15 -> 13024641 | O11: =(H11+J11+L11+N11)/3.15 -> 14595017 | Q11: 8 | R11: SMTSUI | S11: =12475764.3*M5 -> 1035802 | T11: =12475764.3*M6 -> 1058302.2 | U11: =12475764.3*M7 -> 989737.25 | V11: =12475764.3*M8 -> 1026558.8 | W11: =12475764.3*M9 -> 1015526 | X11: =12475764.3*M10 -> 923054.91 | Y11: =12475764.3*M11 -> 1080043.9 | Z11: =12475764.3*M12 -> 943389.66 | AA11: =12475764.3*M13 -> 933468.99 | AB11: =12475764.3*M14 -> 1013505 | AC11: =12475764.3*M15 -> 946086.45 | AD11: =12475764.3*M16 -> 1510289.1 | AE11: =SUM(S11:AD11) -> 12475764 | AF11: =AE11/$AE$20 -> 0.088872766
A12: Agosto | B12: 6706244.7 | C12: =B12/B17 -> 0.072839551 | D12: =7641217.97 -> 7641218 | E12: =D12/D17 -> 0.073107182 | F12: 7400073.4 | G12: =F12/F17 -> 0.078534948 | H12: 8879675.8 | I12: =H12/H17 -> 0.076523669 | J12: =9516468.8 -> 9516468.8 | K12: =J12/J17 -> 0.076828865 | L12: =((D12+F12+H12+J12)/3.15) -> 10615059 | M12: =L12/L17 -> 0.075617785 | N12: =(F12+H12+J12+L12)/3.15 -> 11559136 | O12: =(H12+J12+L12+N12)/3.15 -> 12879473 | Q12: 9 | R12: SEDUC | S12: =38964505.89*M5 -> 3235033.4 | T12: =38964505.89*M6 -> 3305306.3 | U12: =38964505.89*M7 -> 3091163.1 | V12: =38964505.89*M8 -> 3206164.8 | W12: =38964505.89*M9 -> 3171707 | X12: =38964505.89*M10 -> 2882899.8 | Y12: =38964505.89*M11 -> 3373210.3 | Z12: =38964505.89*M12 -> 2946409.6 | AA12: =38964505.89*M13 -> 2915425.2 | AB12: =38964505.89*M14 -> 3165395.1 | AC12: =38964505.89*M15 -> 2954832.3 | AD12: =38964505.89*M16 -> 4716959 | AE12: =SUM(S12:AD12) -> 38964506 | AF12: =AE12/$AE$20 -> 0.27756884
A13: Setembro | B13: 7994407.7 | C13: =B13/B17 -> 0.08683087 | D13: 7402995.9 | E13: =D13/D17 -> 0.070827998 | F13: =6729771.56 -> 6729771.6 | G13: =F13/F17 -> 0.071421219 | H13: =8643003.18 -> 8643003.2 | I13: =H13/H17 -> 0.074484062 | J13: =10310037.68 -> 10310038 | K13: =J13/J17 -> 0.083235548 | L13: =((D13+F13+H13+J13)/3.15) -> 10503431 | M13: =L13/L17 -> 0.074822589 | N13: =(F13+H13+J13+L13)/3.15 -> 11487696 | O13: =(H13+J13+L13+N13)/3.15 -> 12998149 | Q13: 10 | R13: SMS | S13: =27215844.71*M5 -> 2259599.2 | T13: =27215844.71*M6 -> 2308683.3 | U13: =27215844.71*M7 -> 2159109 | V13: =27215844.71*M8 -> 2239435.1 | W13: =27215844.71*M9 -> 2215367.1 | X13: =27215844.71*M10 -> 2013641.7 | Y13: =27215844.71*M11 -> 2356112.7 | Z13: =27215844.71*M12 -> 2058001.9 | AA13: =27215844.71*M13 -> 2036360 | AB13: =27215844.71*M14 -> 2210958.4 | AC13: =27215844.71*M15 -> 2063884.9 | AD13: =27215844.71*M16 -> 3294691.4 | AE13: =SUM(S13:AD13) -> 27215845 | AF13: =AE13/$AE$20 -> 0.19387569
A14: Outubro | B14: 8256815.9 | C14: =B14/B17 -> 0.089681005 | D14: 9451675.9 | E14: =D14/D17 -> 0.090428698 | F14: =7115297.7 -> 7115297.7 | G14: =F14/F17 -> 0.075512702 | H14: =10001253.91 -> 10001254 | I14: =H14/H17 -> 0.086189256 | J14: 9354372.9 | K14: =J14/J17 -> 0.075520223 | L14: =((D14+F14+H14+J14)/3.15) -> 11404000 | M14: =L14/L17 -> 0.081237911 | N14: =(F14+H14+J14+L14)/3.15 -> 12023786 | O14: =(H14+J14+L14+N14)/3.15 -> 13582036 | Q14: 11 | R14: SMAS | S14: =4170062.01*M5 -> 346219.97 | T14: =4170062.01*M6 -> 353740.71 | U14: =4170062.01*M7 -> 330822.67 | V14: =4170062.01*M8 -> 343130.38 | W14: =4170062.01*M9 -> 339442.64 | X14: =4170062.01*M10 -> 308533.9 | Y14: =4170062.01*M11 -> 361007.94 | Z14: =4170062.01*M12 -> 315330.85 | AA14: =4170062.01*M13 -> 312014.84 | AB14: =4170062.01*M14 -> 338767.13 | AC14: =4170062.01*M15 -> 316232.26 | AD14: =4170062.01*M16 -> 504818.71 | AE14: =SUM(S14:AD14) -> 4170062 | AF14: =AE14/$AE$20 -> 0.029705991
A15: Novembro | B15: 7544593.7 | C15: =B15/B17 -> 0.081945238 | D15: 8798730.5 | E15: =D15/D17 -> 0.084181658 | F15: 8267235.2 | G15: =F15/F17 -> 0.087737898 | H15: 7399552.2 | I15: =H15/H17 -> 0.063768194 | J15: =9067503.09 -> 9067503.1 | K15: =J15/J17 -> 0.073204251 | L15: =((D15+F15+H15+J15)/3.15) -> 10645403 | M15: =L15/L17 -> 0.075833947 | N15: =(F15+H15+J15+L15)/3.15 -> 11231649 | O15: =(H15+J15+L15+N15)/3.15 -> 12172733 | Q15: 12 | R15: SMAIC | S15: =1810655.75*M5 -> 150329.94 | T15: =1810655.75*M6 -> 153595.48 | U15: =1810655.75*M7 -> 143644.38 | V15: =1810655.75*M8 -> 148988.43 | W15: =1810655.75*M9 -> 147387.2 | X15: =1810655.75*M10 -> 133966.52 | Y15: =1810655.75*M11 -> 156750.93 | Z15: =1810655.75*M12 -> 136917.78 | AA15: =1810655.75*M13 -> 135477.95 | AB15: =1810655.75*M14 -> 147093.89 | AC15: =1810655.75*M15 -> 137309.17 | AD15: =1810655.75*M16 -> 219194.08 | AE15: =SUM(S15:AD15) -> 1810655.7 | AF15: =AE15/$AE$20 -> 0.012898447
A16: Dezembro | B16: =12149444.83 -> 12149445 | C16: =B16/B17 -> 0.1319606 | D16: 12805493 | E16: =D16/D17 -> 0.12251626 | F16: 11098810 | G16: =F16/F17 -> 0.11778863 | H16: =15020134.53 -> 15020135 | I16: =H16/H17 -> 0.12944119 | J16: 14606142 | K16: =J16/J17 -> 0.11791909 | L16: =((D16+F16+H16+J16)/3.15) -> 16993835 | M16: =L16/L17 -> 0.12105784 | N16: =(F16+H16+J16+L16)/3.15 -> 18323467 | O16: =(H16+J16+L16+N16)/3.15 -> 20617009 | Q16: 13 | R16: Encargos | S16: =3009924.34*M5 -> 249899.38 | T16: =3009924.34*M6 -> 255327.81 | U16: =3009924.34*M7 -> 238785.71 | V16: =3009924.34*M8 -> 247669.34 | W16: =3009924.34*M9 -> 245007.55 | X16: =3009924.34*M10 -> 222697.81 | Y16: =3009924.34*M11 -> 260573.24 | Z16: =3009924.34*M12 -> 227603.81 | AA16: =3009924.34*M13 -> 225210.33 | AB16: =3009924.34*M14 -> 244519.97 | AC16: =3009924.34*M15 -> 228254.44 | AD16: =3009924.34*M16 -> 364374.95 | AE16: =SUM(S16:AD16) -> 3009924.3 | AF16: =AE16/$AE$20 -> 0.021441596
A17: TOTAIS | B17: =SUM(B5:B16) -> 92068727 | C17: =B17/B17 -> 1 | D17: =SUM(D5:D16) -> 1.0452076e+08 | E17: =D17/D17 -> 1 | F17: =SUM(F5:F16) -> 94226502 | G17: =F17/F17 -> 1 | H17: =SUM(H5:H16) -> 1.1603829e+08 | I17: =H17/H17 -> 1 | J17: =SUM(J5:J16) -> 1.238658e+08 | K17: =J17/J17 -> 1 | L17: =SUM(L5:L16) -> 1.4037781e+08 | M17: =L17/L17 -> 1 | N17: =SUM(N5:N16) -> 1.5028354e+08 | O17: =SUM(O5:O16) -> 1.6842806e+08 | Q17: 14 | R17: Reserva | S17: =372483.18*M5 -> 30925.467 | T17: =372483.18*M6 -> 31597.244 | U17: =372483.18*M7 -> 29550.132 | V17: =372483.18*M8 -> 30649.495 | W17: =372483.18*M9 -> 30320.095 | X17: =372483.18*M10 -> 27559.228 | Y17: =372483.18*M11 -> 32246.375 | Z17: =372483.18*M12 -> 28166.353 | AA17: =372483.18*M13 -> 27870.156 | AB17: =372483.18*M14 -> 30259.756 | AC17: =372483.18*M15 -> 28246.87 | AD17: =372483.18*M16 -> 45092.01 | AE17: =SUM(S17:AD17) -> 372483.18 | AF17: =AE17/$AE$20 -> 0.0026534335
A18: % em relação ao ano anterior | D18: =(D17-B17)/B17 -> 0.13524711 | F18: =(F17-D17)/D17 -> -0.09849005 | H18: =(H17-F17)/F17 -> 0.23148253 | J18: =(J17-H17)/H17 -> 0.067456262 | L18: =(L17-J17)/J17 -> 0.13330565 | N18: =(N17-L17)/L17 -> 0.070564768 | O18: =(O17-N17)/N17 -> 0.12073528 | Q18: 15 | R18: FAPS | S18: =25810700.56*M5 -> 2142937 | T18: =25810700.56*M6 -> 2189486.8 | U18: =25810700.56*M7 -> 2047635 | V18: =25810700.56*M8 -> 2123813.9 | W18: =25810700.56*M9 -> 2100988.5 | X18: =25810700.56*M10 -> 1909678.1 | Y18: =25810700.56*M11 -> 2234467.4 | Z18: =25810700.56*M12 -> 1951748 | AA18: =25810700.56*M13 -> 1931223.4 | AB18: =25810700.56*M14 -> 2096807.4 | AC18: =25810700.56*M15 -> 1957327.3 | AD18: =25810700.56*M16 -> 3124587.7 | AE18: =SUM(S18:AD18) -> 25810701 | AF18: =AE18/$AE$20 -> 0.18386596
L19: =140377810.27-L17 -> -0.0023809671 | Q19: 16 | R19: FASM | S19: =4416737.33*M5 -> 366700.22 | T19: =4416737.33*M6 -> 374665.85 | U19: =4416737.33*M7 -> 350392.12 | V19: =4416737.33*M8 -> 363427.87 | W19: =4416737.33*M9 -> 359521.99 | X19: =4416737.33*M10 -> 326784.87 | Y19: =4416737.33*M11 -> 382362.96 | Z19: =4416737.33*M12 -> 333983.89 | AA19: =4416737.33*M13 -> 330471.72 | AB19: =4416737.33*M14 -> 358806.52 | AC19: =4416737.33*M15 -> 334938.63 | AD19: =4416737.33*M16 -> 534680.69 | AE19: =SUM(S19:AD19) -> 4416737.3 | AF19: =AE19/$AE$20 -> 0.031463216
A20: Cronograma | B20: DESPESA CONSOLIDA LIQUIDADA | L20: PREVISTO | N20: REESTIMADA | Q20: = | R20: TOTAL | S20: =SUM(S4:S19) -> 11656178 | T20: =SUM(T4:T19) -> 11901796 | U20: =SUM(U4:U19) -> 11153322 | V20: =SUM(V4:V19) -> 11555276 | W20: =SUM(W4:W19) -> 11434839 | X20: =SUM(X4:X19) -> 10425400 | Y20: =SUM(Y4:Y19) -> 12139134 | Z20: =SUM(Z4:Z19) -> 10647379 | ... AF20: =SUM(AF4:AF19) -> 1
A21: MESES | B21: =B4 -> 2016 | C21: % | D21: =D4 -> 2017 | F21: =F4 -> 2018 | G21: % | H21: =H4 -> 2019 | I21: % | J21: =J4 -> 2020 | K21: % | L21: =L4 -> 2021 | M21: % | N21: =N4 -> 2022 | O21: =O4 -> 2023 | R21: % ao mês | S21: =S20/$AE$20 -> 0.083034334 | T21: =T20/$AE$20 -> 0.084784024 | U21: =U20/$AE$20 -> 0.079452174 | V21: =V20/$AE$20 -> 0.082315546 | W21: =W20/$AE$20 -> 0.081457599 | X21: =X20/$AE$20 -> 0.074266722 | Y21: =Y20/$AE$20 -> 0.086474734 | Z21: =Z20/$AE$20 -> 0.075848024 | ... AE21: =AE20/$AE$20 -> 1
A22: Janeiro | B22: 5345719.2 | C22: =B22/B34 -> 0.058274466 | D22: 5981651 | E22: =D22/D34 -> 0.062053544 | F22: 7670864.2 | G22: =F22/F34 -> 0.072802734 | H22: 7979821.7 | I22: =H22/H34 -> 0.068577943 | J22: =7671797.23 -> 7671797.2 | K22: =J22/J34 -> 0.062068219 | L22: 9502229.8 | M22: =L22/L34 -> 0.072049164 | N22: =(F22+H22+J22+L22)/3.2 -> 10257723 | O22: =(H22+J22+L22+N22)/3.3 -> 10730779 | Q22: Total por Bimestre | S22: 1º Bimestre | T22: =S20+T20 -> 23557974 | U22: 2º Bimestre | V22: =U20+V20 -> 22708598 | W22: 3º Bimestre | X22: =W20+X20 -> 21860239 | Y22: 4º Bimestre | Z22: =Y20+Z20 -> 22786513 | AA22: 5º Bimestre | AB22: =AA20+AB20 -> 21951861 | AC22: 6º Bimestre | AD22: =AC20+AD20 -> 27512625 | AE22: =SUM(S22:AD22) -> 1.4037781e+08 | AF22: =140377810.27-AE20 -> 0
A23: Fevereiro | B23: 5798452 | C23: =B23/B34 -> 0.063209773 | D23: 6665778.9 | E23: =D23/D34 -> 0.069150675 | F23: =7361356.62+32710.31 -> 7394066.9 | G23: =F23/F34 -> 0.070175703 | H23: 7902084.6 | I23: =H23/H34 -> 0.067909876 | J23: =8682002.48 -> 8682002.5 | K23: =J23/J34 -> 0.070241224 | L23: 9870035.5 | M23: =L23/L34 -> 0.074837992 | N23: =(F23+H23+J23+L23)/3 -> 11282730 | O23: =(H23+J23+L23+N23)/3.3 -> 11435410 | Q23: Seq. | R23: ÓRGÃOS | S23: JANEIRO | T23: FEVEREIRO | U23: MARÇO | V23: ABRIL | W23: MAIO | X23: JUNHO | Y23: JULHO | Z23: AGOSTO | AA23: SETEMBRO | AB23: OUTUBRO | AC23: NOVEMBRO | AD23: DEZEMBRO | AE23: TOTAL
A24: Março | B24: 5890259.3 | C24: =B24/B34 -> 0.064210577 | D24: 7484694 | E24: =D24/D34 -> 0.077646086 | F24: 8190765.8 | G24: =F24/F34 -> 0.077737022 | H24: =9215305.68 -> 9215305.7 | I24: =H24/H34 -> 0.079195592 | J24: 9514390.6 | K24: =J24/J34 -> 0.076975611 | L24: =((D24+F24+H24+J24)/3.4)+226036 -> 10345200 | M24: =L24/L34 -> 0.078440849 | N24: =(F24+H24+J24+L24)/3 -> 12421887 | O24: =(H24+J24+L24+N24)/3.3 -> 12574783 | Q24: 1 | R24: Câmara | S24: 272500.6 | T24: 288816.56 | U24: 271577.03 | V24: =261884.04 -> 261884.04 | W24: 286697.43 | X24: 287331.03 | Y24: =282884.08 -> 282884.08 | Z24: =261210.5 -> 261210.5 | AA24: =265584 -> 265584 | AB24: 287264.74 | AC24: =274161.97 -> 274161.97 | AD24: 476624.46 | AE24: =SUM(S24:AD24) -> 3516536.4 | AF24: =AE24/$AE$40 -> 0.025257914
A25: Abril | B25: 7183262.3 | C25: =B25/B34 -> 0.078305791 | D25: =7391916.3-2329.01 -> 7389587.3 | E25: =D25/D34 -> 0.07665945 | F25: 7513399.3 | G25: =F25/F34 -> 0.071308264 | H25: 9663995.9 | I25: =H25/H34 -> 0.083051599 | J25: =10634576.05 -> 10634576 | K25: =J25/J34 -> 0.086038405 | L25: =((D25+F25+H25+J25)/3.4) -> 10353400 | M25: =L25/L34 -> 0.078503025 | N25: =(F25+H25+J25+L25)/3 -> 12721790 | O25: =(H25+J25+L25+N25)/3.3 -> 13143564 | Q25: 2 | R25: Gabinete | S25: 181653.21 | T25: 174100.48 | U25: 170867.34 | V25: =161288.32 -> 161288.32 | W25: 166287.82 | X25: 178182.14 | Y25: =165804.47 -> 165804.47 | Z25: =172862.23 -> 172862.23 | AA25: =170260.85 -> 170260.85 | AB25: 181889.07 | AC25: =172209.35 -> 172209.35 | AD25: =337391.19 -> 337391.19 | AE25: =SUM(S25:AD25) -> 2232796.5 | AF25: =AE25/$AE$40 -> 0.016037309
A26: Maio | B26: 6519507.1 | C26: =B26/B34 -> 0.071070099 | D26: 8056881.4 | E26: =D26/D34 -> 0.083581947 | F26: 8332242.9 | G26: =F26/F34 -> 0.079079755 | H26: =9721771.29 -> 9721771.3 | I26: =H26/H34 -> 0.083548116 | J26: =8693274.76 -> 8693274.8 | K26: =J26/J34 -> 0.070332422 | L26: =((D26+F26+H26+J26)/3.4) -> 10236521 | M26: =L26/L34 -> 0.077616809 | N26: =(F26+H26+J26+L26)/3 -> 12327937 | O26: =(H26+J26+L26+N26)/3.3 -> 12418031 | Q26: 3 | R26: SGM | S26: 57093.17 | T26: 52779.72 | U26: 60075 | V26: =55713.19 -> 55713.19 | W26: 52815.68 | X26: 61577.78 | Y26: =54583.25 -> 54583.25 | Z26: =55389.09 -> 55389.09 | AA26: =57158.13 -> 57158.13 | AB26: 59895.36 | AC26: =52463.82 -> 52463.82 | AD26: =155201.85 -> 155201.85 | AE26: =SUM(S26:AD26) -> 774746.04 | AF26: =AE26/$AE$40 -> 0.0055646995
A27: Junho | B27: 9389677.8 | C27: =B27/B34 -> 0.10235825 | D27: 8550639.5 | E27: =D27/D34 -> 0.088704186 | F27: 9391234.3 | G27: =F27/F34 -> 0.089130444 | H27: 9467661 | I27: =H27/H34 -> 0.081364313 | J27: =10697988.26 -> 10697988 | K27: =J27/J34 -> 0.086551437 | L27: =((D27+F27+H27+J27)/3.4) -> 11208095 | M27: =L27/L34 -> 0.084983618 | N27: =(F27+H27+J27+L27)/3 -> 13588326 | O27: =(H27+J27+L27+N27)/3.3 -> 13624870 | Q27: 4 | R27: SMCP | S27: 124867.31 | T27: 125453.03 | U27: =138017.54 -> 138017.54 | V27: =128644.09 -> 128644.09 | W27: 132426.13 | X27: 135125.87 | Y27: =137106.43 -> 137106.43 | Z27: =132915.97 -> 132915.97 | AA27: =146111.38 -> 146111.38 | AB27: 138426.46 | AC27: =138464.49 -> 138464.49 | AD27: =389371.19 -> 389371.19 | AE27: =SUM(S27:AD27) -> 1866929.9 | AF27: =AE27/$AE$40 -> 0.013409431
A28: Julho | B28: 7703387 | C28: =B28/B34 -> 0.083975746 | D28: 8123962.6 | E28: =D28/D34 -> 0.084277847 | F28: =8712975.37 -> 8712975.4 | G28: =F28/F34 -> 0.082693216 | H28: 8718239.6 | I28: =H28/H34 -> 0.074923846 | J28: 9134532 | K28: =J28/J34 -> 0.073902387 | L28: =((D28+F28+H28+J28)/3.4) -> 10202856 | M28: =L28/L34 -> 0.07736155 | N28: =(F28+H28+J28+L28)/3 -> 12256201 | O28: =(H28+J28+L28+N28)/3.3 -> 12215706 | Q28: 5 | R28: SMA | S28: 641306.12 | T28: 675401.63 | U28: 760919.67 | V28: =602770.84 -> 602770.84 | W28: 674830.82 | X28: 643394.65 | Y28: =648673.3 -> 648673.3 | Z28: =687994.84 -> 687994.84 | AA28: =655357.97 -> 655357.97 | AB28: 671354.8 | AC28: =675595.45 -> 675595.45 | AD28: =1212455 -> 1212455 | AE28: =SUM(S28:AD28) -> 8550055.1 | AF28: =AE28/$AE$40 -> 0.061411721
A29: Agosto | B29: 8109803.2 | C29: =B29/B34 -> 0.088406149 | D29: 8191361.9 | E29: =D29/D34 -> 0.084977046 | F29: =8881833.91 -> 8881833.9 | G29: =F29/F34 -> 0.08429582 | H29: 9251295.1 | I29: =H29/H34 -> 0.079504882 | J29: =9036456.79 -> 9036456.8 | K29: =J29/J34 -> 0.073108916 | L29: =((D29+F29+H29+J29)/3.4) -> 10400279 | M29: =L29/L34 -> 0.078858479 | N29: =(F29+H29+J29+L29)/3 -> 12523288 | O29: =(H29+J29+L29+N29)/3.3 -> 12488278 | Q29: 6 | R29: SMF | S29: 259694.11 | T29: 254528.62 | U29: =265796.65 -> 265796.65 | V29: =229132.76 -> 229132.76 | W29: 279843.4 | X29: 252792.81 | Y29: =252672.83 -> 252672.83 | Z29: =248042.36 -> 248042.36 | AA29: =249527.57 -> 249527.57 | AB29: 226386.4 | AC29: =388743.27 -> 388743.27 | AD29: =518442.27 -> 518442.27 | AE29: =SUM(S29:AD29) -> 3425603 | AF29: =AE29/$AE$40 -> 0.024604774
A30: Setembro | B30: 7384516.2 | C30: =B30/B34 -> 0.080499689 | D30: =7555140.76 -> 7555140.8 | E30: =D30/D34 -> 0.078376899 | F30: 8405663.2 | G30: =F30/F34 -> 0.079776574 | H30: =9019781.08 -> 9019781.1 | I30: =H30/H34 -> 0.077515269 | J30: =10105595.49 -> 10105595 | K30: =J30/J34 -> 0.081758719 | L30: =((D30+F30+H30+J30)/3.4) -> 10319465 | M30: =L30/L34 -> 0.07824572 | N30: =(F30+H30+J30+L30)/3 -> 12616835 | O30: =(H30+J30+L30+N30)/3.3 -> 12745963 | Q30: 7 | R30: SMTur | S30: 58851.92 | T30: 50153.6 | U30: =55556.25 -> 55556.25 | V30: =58785.61 -> 58785.61 | W30: 62776.26 | X30: 58566.02 | Y30: =65259.27 -> 65259.27 | Z30: =84715.2 -> 84715.2 | AA30: =88705.76 -> 88705.76 | AB30: 138334.23 | AC30: =119116.63 -> 119116.63 | AD30: =298372.67 -> 298372.67 | AE30: =SUM(S30:AD30) -> 1139193.4 | AF30: =AE30/$AE$40 -> 0.0081823833
A31: Outubro | B31: 7353919.7 | C31: =B31/B34 -> 0.080166153 | D31: 7682619.9 | E31: =D31/D34 -> 0.079699365 | F31: 8594186.1 | G31: =F31/F34 -> 0.081565809 | H31: =9257306.49 -> 9257306.5 | I31: =H31/H34 -> 0.079556543 | J31: 9996580.7 | K31: =J31/J34 -> 0.080876741 | L31: =((D31+F31+H31+J31)/3.4) -> 10450204 | M31: =L31/L34 -> 0.079237028 | N31: =(F31+H31+J31+L31)/3 -> 12766092 | O31: =(H31+J31+L31+N31)/3.3 -> 12869753 | Q31: 8 | R31: SMTSUI | S31: 740885.48 | T31: 589309.21 | U31: 913485.51 | V31: =783014.71 -> 783014.71 | W31: 1038389.1 | X31: 974893.93 | Y31: =922550.47 -> 922550.47 | Z31: =1548599.94 -> 1548599.9 | AA31: =786229.3 -> 786229.3 | AB31: 965076.32 | AC31: =1289385.18 -> 1289385.2 | AD31: =1683892.92 -> 1683892.9 | AE31: =SUM(S31:AD31) -> 12235712 | AF31: =AE31/$AE$40 -> 0.087884361
A32: Novembro | B32: 7912382.4 | C32: =B32/B34 -> 0.086254036 | D32: 8077679.6 | E32: =D32/D34 -> 0.083797708 | F32: 8884947.5 | G32: =F32/F34 -> 0.084325371 | H32: 9510627.3 | I32: =H32/H34 -> 0.081733562 | J32: =10537885.72 -> 10537886 | K32: =J32/J34 -> 0.085256137 | L32: =((D32+F32+H32+J32)/3.4) -> 10885629 | M32: =L32/L34 -> 0.082538574 | N32: =(F32+H32+J32+L32)/3 -> 13273030 | O32: =(H32+J32+L32+N32)/3.3 -> 13396113 | Q32: 9 | R32: SEDUC | S32: 2501144.2 | T32: 2645212.9 | U32: =2707776.74 -> 2707776.7 | V32: =2760789.37 -> 2760789.4 | W32: 2538135.1 | X32: 2596091.3 | Y32: =2486286.67 -> 2486286.7 | Z32: =2904138.86 -> 2904138.9 | AA32: =2749841.94 -> 2749841.9 | AB32: 3292207.9 | AC32: =3093413.87 -> 3093413.9 | AD32: 6370992.8 | AE32: =SUM(S32:AD32) -> 36646032 | AF32: =AE32/$AE$40 -> 0.26321419
A33: Dezembro | B33: 13142588 | C33: =B33/B34 -> 0.14326927 | D33: 12634998 | E33: =D33/D34 -> 0.13107525 | F33: 13392877 | G33: =F33/F34 -> 0.12710929 | H33: =15787827.89+865628.68 -> 16653457 | I33: =H33/H34 -> 0.14311846 | J33: 18897584 | K33: =J33/J34 -> 0.15288978 | L33: =((D33+F33+H33+J33)/3.4) -> 18111446 | M33: =L33/L34 -> 0.13732719 | N33: =(F33+H33+J33+L33)/3 -> 22351788 | O33: =(H33+J33+L33+N33)/3.3 -> 23034629 | Q33: 10 | R33: SMSMA | S33: 1923273.2 | T33: 1859487.6 | U33: =3319884.02 -> 3319884 | V33: =1694768.04 -> 1694768 | W33: 2841243.2 | X33: 2332381 | Y33: =2773153.98 -> 2773154 | Z33: =2320018.91 -> 2320018.9 | AA33: =2441388.21 -> 2441388.2 | AB33: 2299921.3 | AC33: =2295102.87 -> 2295102.9 | AD33: =3672098.02 -> 3672098 | AE33: =SUM(S33:AD33) -> 29772720 | AF33: =AE33/$AE$40 -> 0.21384587
A34: TOTAIS | B34: =SUM(B22:B33) -> 91733474 | C34: =B34/B34 -> 1 | D34: =SUM(D22:D33) -> 96394995 | E34: =D34/D34 -> 1 | F34: =SUM(F22:F33) -> 1.0536506e+08 | G34: =F34/F34 -> 1 | H34: =SUM(H22:H33) -> 1.1636135e+08 | I34: =H34/H34 -> 1 | J34: =SUM(J22:J33) -> 1.2360266e+08 | K34: =J34/J34 -> 1 | L34: =SUM(L22:L33) -> 1.3188536e+08 | M34: =L34/L34 -> 1 | N34: =SUM(N22:N33) -> 1.5838763e+08 | O34: =SUM(O22:O33) -> 1.6067788e+08 | Q34: 11 | R34: SMAS | S34: 223988.11 | T34: 238926.62 | U34: =444544.53 -> 444544.53 | V34: =350230.29 -> 350230.29 | W34: 301969.11 | X34: 250021.63 | Y34: =324346.38 -> 324346.38 | Z34: =519836.68 -> 519836.68 | AA34: =280877.52 -> 280877.52 | AB34: 280169.05 | AC34: =290273.97 -> 290273.97 | AD34: 699983.49 | AE34: =SUM(S34:AD34) -> 4205167.4 | AF34: =AE34/$AE$40 -> 0.030204082
A35: % em relação ao ano anterior | D35: 0.060015321 | F35: 0.20274498 | H35: 0.15953984 | J35: 0.061875221 | L35: 0.11385731 | N35: 0.085121633 | O35: 0.069107984 | Q35: 12 | R35: SMAIC | S35: 86173.57 | T35: 87289.61 | U35: =110850.94 -> 110850.94 | V35: =170732.58 -> 170732.58 | W35: 123830.35 | X35: 100646.67 | Y35: =152027.1 -> 152027.1 | Z35: =129842.8 -> 129842.8 | AA35: =156982.51 -> 156982.51 | AB35: 166303.81 | AC35: =160536.3 -> 160536.3 | AD35: 273626.63 | AE35: =SUM(S35:AD35) -> 1718842.9 | AF35: =AE35/$AE$40 -> 0.01234578
A36: Superávit | B36: =B17-B34 -> 335252.49 | D36: =D17-D34 -> 8125761.5 | F36: =F17-F34 -> -11138555 | H36: =H17-H34 -> -323055.85 | J36: =J17-J34 -> 263135.53 | L36: =L17-L34 -> 8492451.6 | N36: =N17-N34 -> -8104089.4 | O36: =O17-O34 -> 7750185.4 | Q36: 13 | R36: Encargos | S36: 231987.94 | T36: 219845.87 | U36: =232249.03 -> 232249.03 | V36: =197988.6 -> 197988.6 | W36: 276580.63 | X36: 164311.51 | Y36: =289137.43 -> 289137.43 | Z36: =282248.93 -> 282248.93 | AA36: =245971.82 -> 245971.82 | AB36: 265685.16 | AC36: =286105.39 -> 286105.39 | AD36: =525604.09 -> 525604.09 | AE36: =SUM(S36:AD36) -> 3217716.4 | AF36: =AE36/$AE$40 -> 0.023111606
Q37: 14 | R37: Reserva | AE37: =SUM(S37:AD37) -> 0 | AF37: =AE37/$AE$40 -> 0
Q38: 15 | R38: FAPS | S38: 1774960.3 | T38: 1896890.3 | U38: =1916270.79 -> 1916270.8 | V38: =1849406 -> 1849406 | W38: 1863619.4 | X38: 1860929.8 | Y38: =1884606.52 -> 1884606.5 | Z38: =1864145.39 -> 1864145.4 | AA38: =1865495.09 -> 1865495.1 | AB38: 1867358.3 | AC38: =1866835.19 -> 1866835.2 | AD38: =3705769.57 -> 3705769.6 | AE38: =SUM(S38:AD38) -> 24216287 | AF38: =AE38/$AE$40 -> 0.17393617
B39: Cronograma | C39: A Vertic | D39: RECEITA/2021 | F39: DIFERENÇA | H39: DESPESA/2021 | I39: A Vertic | J39: DIFERENÇA | L39: SUPERÁVIT/DÉFICIT | Q39: 16 | R39: FASM | S39: 423850.66 | T39: 711839.77 | U39: =329907.73 -> 329907.73 | V39: =490200.6 -> 490200.6 | W39: 504884.87 | X39: 615775.14 | Y39: =842005.18 -> 842005.18 | Z39: =30710.12 -> 30710.12 | AA39: =779118.3 -> 779118.3 | AB39: 501124.29 | AC39: =303427.72 -> 303427.72 | AD39: =173953.13 -> 173953.13 | AE39: =SUM(S39:AD39) -> 5706797.5 | AF39: =AE39/$AE$40 -> 0.040989707
B40: MESES | C40: % | D40: REALIZADA | F40: RECEITA | H40: EXECUTADA | I40: % | J40: DESPESA | L40: AO MÊS | Q40: = | R40: TOTAL | S40: =SUM(S24:S39) -> 9502229.8 | T40: =SUM(T24:T39) -> 9870035.5 | U40: =SUM(U24:U39) -> 11697779 | V40: =SUM(V24:V39) -> 9795349 | W40: =SUM(W24:W39) -> 11144329 | X40: =SUM(X24:X39) -> 10512021 | Y40: =SUM(Y24:Y39) -> 11281097 | Z40: =SUM(Z24:Z39) -> 11242672 | ... AE40: =SUM(AE24:AE39) -> 1.3922514e+08 | AF40: =AE40/$AE$40 -> 1
B41: Janeiro | C41: =D41/$D$53 -> 0.07573584 | D41: 11654887 | F41: =D41-L5 -> 0 | H41: 9502229.8 | I41: =H41/$H$53 -> 0.068250821 | J41: =H41-L22 -> 0 | L41: =D41-H41 -> 2152657.1 | S41: =S40-$H41 -> 0 | T41: =T40-H42 -> 0 | U41: =U40-$H43 -> 0 | V41: =V40-$H44 -> 0 | W41: =W40-$H45 -> 0 | X41: =X40-$H46 -> 0 | Y41: =Y40-$H47 -> 0 | Z41: =Z40-$H48 -> 0 | AA41: =AA40-$H49 -> 0 | AB41: =AB40-$H50 -> 0 | AC41: =AC40-$H51 -> 0 | AD41: =AD40-$H52 -> 0 | AE41: =AE40-$H53 -> 0
B42: Fevereiro | C42: =D42/$D$53 -> 0.077381008 | D42: 11908060 | F42: =D42-L6 -> 0 | H42: 9870035.5 | I42: =H42/$H$53 -> 0.070892626 | J42: =H42-L23 -> 0 | L42: =D42-H42 -> 2038024.1 | S42: CRONOGRAMA DA DESPESA POR CATEGORIA | W42: EXERCÍCIO DE 2021 | AE42: =85045512.97 -> 85045513
B43: Março | C43: =D43/$D$53 -> 0.072624683 | D43: =11176115.04 -> 11176115 | F43: =D43-L7 -> 39551.047 | H43: 11697779 | I43: =H43/$H$53 -> 0.084020596 | J43: =H43-L24 -> 1352579.2 | L43: =D43-H43 -> -521663.73 | S43: Janeiro | T43: Fevereiro | U43: Março | V43: Abril | W43: Maio | X43: Junho | Y43: Julho | Z43: Agosto | AA43: Setembro | AB43: Outubro | AC43: Novembro | AD43: Dezembro | AE43: TOTAL
B44: Abril | C44: =D44/$D$53 -> 0.076568156 | D44: =11782970.82 -> 11782971 | F44: =D44-L8 -> 232089.4 | H44: =9795349.04 -> 9795349 | I44: =H44/$H$53 -> 0.070356183 | J44: =H44-L25 -> -558050.54 | L44: =D44-H44 -> 1987621.8 | P44: 3. | Q44: DESPESA CORRENTE | S44: =SUM(S45:S47) -> 10156873 | T44: =SUM(T45:T47) -> 10370898 | U44: =SUM(U45:U47) -> 9718698.5 | V44: =SUM(V45:V47) -> 10068950 | W44: =SUM(W45:W47) -> 9964004.7 | X44: =SUM(X45:X47) -> 9084406.9 | Y44: =SUM(Y45:Y47) -> 10577708 | Z44: =SUM(Z45:Z47) -> 9277833.8 | ... AE44: =SUM(AE45:AE47) -> 1.2232137e+08
B45: Maio | C45: =D45/$D$53 -> 0.077908825 | D45: 11989285 | F45: =D45-L9 -> 562544.46 | H45: 11144329 | I45: =H45/$H$53 -> 0.080045384 | J45: =H45-L26 -> 907808.71 | L45: =D45-H45 -> 844955.24 | P45: 3.1. | Q45: Vencimento e Encargos | S45: =89132085.65*S21 -> 7401023.4 | T45: =89132085.65*T21 -> 7556976.9 | U45: =89132085.65*U21 -> 7081738 | V45: =89132085.65*V21 -> 7336956.3 | W45: =89132085.65*W21 -> 7260485.7 | X45: =89132085.65*X21 -> 6619547.8 | Y45: =89132085.65*Y21 -> 7707673.4 | Z45: =89132085.65*Z21 -> 6760492.5 | ... AD45: =89132085.65*AD21 -> 10689799 | AE45: =SUM(S45:AD45) -> 89132086
B46: Junho | C46: =D46/$D$53 -> 0.07325215 | D46: 11272675 | F46: =D46-L10 -> 886423.62 | H46: 10512021 | I46: =H46/$H$53 -> 0.075503761 | J46: =H46-L27 -> -696073.73 | L46: =D46-H46 -> 760653.93 | P46: 3.2. | Q46: Juros e Encargo Dív. | S46: =115171*S21 -> 9563.1473 | T46: =115171*T21 -> 9764.6609 | U46: =115171*U21 -> 9150.5864 | V46: =115171*V21 -> 9480.3637 | W46: =115171*W21 -> 9381.5531 | X46: =115171*X21 -> 8553.3727 | Y46: =115171*Y21 -> 9959.3816 | Z46: =115171*Z21 -> 8735.4927 | ... AD46: =115171*AD21 -> 13812.701 | AE46: =SUM(S46:AD46) -> 115171
B47: Julho | C47: =D47/$D$53 -> 0.09262243 | D47: =14253541.57 -> 14253542 | F47: =D47-L11 -> 2100843.7 | H47: =11281097.36 -> 11281097 | I47: =H47/$H$53 -> 0.081027735 | J47: =H47-L28 -> 1078241.6 | L47: =D47-H47 -> 2972444.2 | P47: 3.3. | Q47: Outras Desp. Corrente | S47: =33074109.33*S21 -> 2746286.6 | T47: =33074109.33*T21 -> 2804156.1 | U47: =33074109.33*U21 -> 2627809.9 | V47: =33074109.33*V21 -> 2722513.4 | W47: =33074109.33*W21 -> 2694137.5 | X47: =33074109.33*X21 -> 2456305.7 | Y47: =33074109.33*Y21 -> 2860074.8 | Z47: =33074109.33*Z21 -> 2508605.8 | ... AD47: =33074109.33*AD21 -> 3966647.7 | AE47: =SUM(S47:AD47) -> 33074109
B48: Agosto | C48: =D48/$D$53 -> 0.076664076 | D48: =11797731.93 -> 11797732 | F48: =D48-L12 -> 1182672.9 | H48: 11242672 | I48: =H48/$H$53 -> 0.080751739 | J48: =H48-L29 -> 842393.1 | L48: =D48-H48 -> 555060.11 | P48: 4. | Q48: DESPESA DE CAPITAL | S48: =SUM(S49:S51) -> 512195.7 | T48: =SUM(T49:T51) -> 522988.64 | U48: =SUM(U49:U51) -> 490099.22 | V48: =SUM(V49:V51) -> 507761.87 | W48: =SUM(W49:W51) -> 502469.64 | X48: =SUM(X49:X51) -> 458112.86 | Y48: =SUM(Y49:Y51) -> 533417.74 | Z48: =SUM(Z49:Z51) -> 467867.08 | ... AE48: =SUM(AE49:AE51) -> 6168480.9
B49: Setembro | C49: =D49/$D$53 -> 0.069384935 | D49: =10677554.69 -> 10677555 | F49: =D49-L13 -> 174123.48 | H49: =10938610.35 -> 10938610 | I49: =H49/$H$53 -> 0.078567784 | J49: =H49-L30 -> 619145.48 | L49: =D49-H49 -> -261055.66 | P49: 4.4. | Q49: Investimentos | S49: =5453968.29*S21 -> 452866.62 | T49: =5453968.29*T21 -> 462409.38 | U49: =5453968.29*U21 -> 433329.64 | V49: =5453968.29*V21 -> 448946.38 | W49: =5453968.29*W21 -> 444267.16 | X49: =5453968.29*X21 -> 405048.35 | Y49: =5453968.29*Y21 -> 471630.46 | Z49: =5453968.29*Z21 -> 413672.72 | ... AD49: =5453968.29*AD21 -> 654105.92 | AE49: =SUM(S49:AD49) -> 5453968.3
B50: Outubro | C50: =D50/$D$53 -> 0.087393558 | D50: 13448878 | F50: =D50-L14 -> 2044877.4 | H50: 11341397 | I50: =H50/$H$53 -> 0.081460845 | J50: =H50-L31 -> 891193.28 | L50: =D50-H50 -> 2107480.4 | P50: 4.5. | Q50: Inversões Financeira | S50: =10608*S21 -> 880.82822 | T50: =10608*T21 -> 899.38893 | U50: =10608*U21 -> 842.82866 | V50: =10608*V21 -> 873.20331 | W50: =10608*W21 -> 864.10221 | X50: =10608*X21 -> 787.82139 | Y50: =10608*Y21 -> 917.32398 | Z50: =10608*Z21 -> 804.59583 | ... AD50: =10608*AD21 -> 1272.2398 | AE50: =SUM(S50:AD50) -> 10608
B51: Novembro | C51: =D51/$D$53 -> 0.08707791 | D51: 13400303 | F51: =D51-L15 -> 2754899.4 | H51: 11405835 | I51: =H51/$H$53 -> 0.08192368 | J51: =H51-L32 -> 520206 | L51: =D51-H51 -> 1994467.4 | P51: 4.6. | Q51: Amortização da Dívida | S51: =703904.61*S21 -> 58448.251 | T51: =703904.61*T21 -> 59679.866 | U51: =703904.61*U21 -> 55926.752 | V51: =703904.61*V21 -> 57942.292 | W51: =703904.61*W21 -> 57338.379 | X51: =703904.61*X21 -> 52276.688 | Y51: =703904.61*Y21 -> 60869.964 | Z51: =703904.61*Z21 -> 53389.773 | ... AD51: =703904.61*AD21 -> 84420.765 | AE51: =SUM(S51:AD51) -> 703904.61
B52: Dezembro | C52: =D52/$D$53 -> 0.13338643 | D52: =20526658.64 -> 20526659 | F52: =D52-L16 -> 3532823.8 | H52: =20493779.25 -> 20493779 | I52: =H52/$H$53 -> 0.14719885 | J52: =H52-L33 -> 2382333.4 | L52: =D52-H52 -> 32879.39 | P52: TOTAL DA DESPESA FIXADA | S52: =S44+S48 -> 10669069 | T52: =T44+T48 -> 10893886 | U52: =U44+U48 -> 10208798 | V52: =V44+V48 -> 10576712 | W52: =W44+W48 -> 10466474 | X52: =X44+X48 -> 9542519.8 | Y52: =Y44+Y48 -> 11111125 | Z52: =Z44+Z48 -> 9745700.9 | ... AE52: =AE44+AE48 -> 1.2848985e+08
B53: TOTAIS | C53: =SUM(C41:C52) -> 1 | D53: =SUM(D41:D52) -> 1.5388866e+08 | F53: =SUM(F41:F52) -> 13510849 | G53: =(H53-H34)/H34 -> 0.19648955 | H53: =SUM(H41:H52) -> 1.3922514e+08 | I53: =SUM(I41:I52) -> 1 | J53: =SUM(J41:J52) -> 7339776.5 | L53: =SUM(L41:L52) -> 14663524 | P53: 9.9. | Q53: Reserva de Contigência | S53: =S20-S52 -> 987109.12 | T53: =T20-T52 -> 1007909.4 | U53: =U20-U52 -> 944524.54 | V53: =V20-V52 -> 978564.19 | W53: =W20-W52 -> 968364.95 | X53: =X20-X52 -> 882880.07 | Y53: =Y20-Y52 -> 1028008.5 | Z53: =Z20-Z52 -> 901678.53 | ... AD53: =AD20-AD52 -> 1425748.5 | AE53: =SUM(S53:AD53) -> 11887963
D54: =153888659.43-D53 -> 0 | H54: =139225135.18-H53 -> 0 | P54: TOTAL GERAL PREVISTO | S54: =S52+S53 -> 11656178 | T54: =T52+T53 -> 11901796 | U54: =U52+U53 -> 11153322 | V54: =V52+V53 -> 11555276 | W54: =W52+W53 -> 11434839 | X54: =X52+X53 -> 10425400 | Y54: =Y52+Y53 -> 12139134 | Z54: =Z52+Z53 -> 10647379 | ... AD54: =AD52+AD53 -> 16835807 | AE54: =SUM(S54:AD54) -> 1.4037781e+08
H55: SUPERÁVIT/DÉFICIT | I55: +/- | J55: =D53-H53 -> 14663524 | K55: SOBRE A DESPESA LIQUIDADA.
I56: Restos a Pagar Processados de Exercícios Anteriores Pagos: | J56: =Exec_Orç!K19-J57 -> 7136871.7 | K56: a Pagar: | L56: =Exec_Orç!L19 -> 19619145 | P56: 3. | Q56: DESPESA CORRENTE | S56: =SUM(S57:S59) -> 9502229.8 | T56: =SUM(T57:T59) -> 9863334.6 | U56: =SUM(U57:U59) -> 11673365 | V56: =SUM(V57:V59) -> 9767509.6 | W56: =SUM(W57:W59) -> 11080310 | X56: =SUM(X57:X59) -> 10433551 | Y56: =SUM(Y57:Y59) -> 11130935 | Z56: =SUM(Z57:Z59) -> 10654501 | ... AE56: =SUM(AE57:AE59) -> 1.3738493e+08 | AF56: =AE56/$AE$64 -> 0.98678249
I57: Restos a Pagar Não Processados de Exercícios Anteriores Pagos: | J57: =-Exec_Orç!H26 -> 1352406.6 | K57: Cancelados: | L57: =Exec_Orç!J19 -> 45197.34 | P57: 3.1. | Q57: Vencimento e Encargos | S57: 7483372.4 | T57: 7755753.4 | U57: =7806919.68 -> 7806919.7 | V57: =7464214.06 -> 7464214.1 | W57: =7290775.62 -> 7290775.6 | X57: 7411621.8 | Y57: =7526337.83 -> 7526337.8 | Z57: =7386420.06 -> 7386420.1 | AA57: 7328481.8 | AB57: 7456595.1 | AC57: =7532680.56 -> 7532680.6 | AD57: =15583813.5 -> 15583814 | AE57: =SUM(S57:AD57) -> 98026986 | AF57: =AE57/$AE$64 -> 0.70408972
I58: Totais: | J58: =SUM(J56:J57) -> 8489278.2 | L58: =L56+L57 -> 19664342 | M58: Saldo sem Deduções dos Cancelamentos | P58: 3.2. | Q58: Juros e Encargo Dív. | S58: 5579.12 | V58: =11158.24 -> 11158.24 | W58: =11158.24 -> 11158.24 | X58: 5579.12 | Y58: =5579.12 -> 5579.12 | Z58: =5579.12 -> 5579.12 | AB58: 11158.24 | AC58: 5579.12 | AD58: =5579.12 -> 5579.12 | AE58: =SUM(S58:AD58) -> 66949.44 | AF58: =AE58/$AE$64 -> 0.00048087179
P59: 3.3. | Q59: Outras Desp. Corrente | S59: 2013278.3 | T59: 2107581.2 | U59: =3866445.67 -> 3866445.7 | V59: =2292137.34 -> 2292137.3 | W59: =3778375.74 -> 3778375.7 | X59: 3016350.2 | Y59: =3599017.83 -> 3599017.8 | Z59: =3262501.82 -> 3262501.8 | AA59: 3466343.9 | AB59: 3866656.8 | AC59: =3758080.69 -> 3758080.7 | AD59: =4264221.43 -> 4264221.4 | AE59: =SUM(S59:AD59) -> 39290991 | AF59: =AE59/$AE$64 -> 0.28221191
P60: 4. | Q60: DESPESA DE CAPITAL | S60: =SUM(S61:S63) -> 0 | T60: =SUM(T61:T63) -> 6700.86 | U60: =SUM(U61:U63) -> 24413.42 | V60: =SUM(V61:V63) -> 27839.4 | W60: =SUM(W61:W63) -> 64019.8 | X60: =SUM(X61:X63) -> 78470.15 | Y60: =SUM(Y61:Y63) -> 150162.58 | Z60: =SUM(Z61:Z63) -> 588170.82 | ... AE60: =SUM(AE61:AE63) -> 1840209 | AF60: =AE60/$AE$64 -> 0.013217505
P61: 4.4. | Q61: Investimentos | T61: 6700.86 | U61: =24413.42 -> 24413.42 | V61: =27839.4 -> 27839.4 | W61: =64019.8 -> 64019.8 | X61: 78470.15 | Y61: =150162.58 -> 150162.58 | Z61: =588170.82 -> 588170.82 | AA61: =143784.64 -> 143784.64 | AB61: 6987 | AC61: =109495.1 -> 109495.1 | AD61: =640165.2 -> 640165.2 | AE61: =SUM(S61:AD61) -> 1840209 | AF61: =AE61/$AE$64 -> 0.013217505
P62: 4.5. | Q62: Inversões Financeiras | AE62: =SUM(S62:AD62) -> 0 | AF62: =AE62/$AE$64 -> 0
B63: Giovani Amestoy da Silva | E63: Ihoko Nakashima Mota | I63: Arlei Lopes Souza | P63: 4.6. | Q63: Amortização da Dívida | AE63: =SUM(S63:AD63) -> 0 | AF63: =AE63/$AE$64 -> 0
B64: Prefeito Municipal | E64: Secret. de Município da Fazenda | I64: Contador - CRC/RS: 068452/O-6 | P64: Total da Despesa Liquidada: | S64: =S56+S60 -> 9502229.8 | T64: =T56+T60 -> 9870035.5 | U64: =U56+U60 -> 11697779 | V64: =V56+V60 -> 9795349 | W64: =W56+W60 -> 11144329 | X64: =X56+X60 -> 10512021 | Y64: =Y56+Y60 -> 11281097 | Z64: =Z56+Z60 -> 11242672 | ... AF64: =AF56+AF60 -> 1
S65: =H41-S64 -> 0 | T65: =H42-T64 -> 0 | U65: =H43-U64 -> 0 | V65: =H44-V64 -> 0 | W65: =H45-W64 -> 0 | X65: =H46-X64 -> 0 | Y65: =H47-Y64 -> 0 | Z65: =H48-Z64 -> 0 | AA65: =H49-AA64 -> 0 | AB65: =H50-AB64 -> 0 | AC65: =H51-AC64 -> 0 | AD65: =H52-AD64 -> 0 | AE65: =AE64-H53 -> 0
R66: Giovani Amestoy da Silva | U66: Ihoko Nakashima Mota | Y66: Arlei Lopes Souza | AD66: Nota: + Despesa não Liquidada: | AE66: =141056689.89-AE64 -> 1831554.7
R67: Prefeito Municipal | U67: Secret. de Município da Fazenda | Y67: Contador - CRC/RS: 068452/O-6 | AD67: Total da DespesaEmpenhada: | AE67: =AE66+AE64 -> 1.4105669e+08
X69: Análise da relação da Despesa Corrente Liquidada em relação a Receita Orçamentária sem os valores das Receitas Intraorçamentária e de Capital
R70: Consolidadas | S70: Janeiro | T70: Fevereiro | U70: Março | V70: Abril | W70: Maio | X70: Junho | Y70: Julho | Z70: Agosto | AA70: Setembro | AB70: Outubro | AC70: Novembro | AD70: Dezembro | AE70: TOTAIS:
C71: EVOLUÇÃO DOS SALDOS DOS RESTOS A PAGAR DO PERÍODO: | R71: Despesas Corr. Líquidada | S71: =S56 -> 9502229.8 | T71: =T56 -> 9863334.6 | U71: =U56 -> 11673365 | V71: =V56 -> 9767509.6 | W71: =W56 -> 11080310 | X71: =X56 -> 10433551 | Y71: =Y56 -> 11130935 | Z71: =Z56 -> 10654501 | ... AD71: =AD56 -> 19853614 | AE71: =SUM(S71:AD71) -> 1.3738493e+08
A72: Ano: 2020 | B72: Janeiro | C72: Ano | D72: Fevereiro | E72: Março | F72: Abril | G72: Maio | H72: Junho | J72: Julho | K72: Agosto | L72: Setembro | M72: Outubro | N72: Novembro | O72: Dezembro | R72: Rec. Corrente - Deduções | S72: =RCL!K5 -> 9932379.9 | T72: =RCL!J5 -> 8870336.5 | U72: =RCL!I5 -> 12193906 | V72: =RCL!H5 -> 9409782.6 | W72: =RCL!G5 -> 8599619.9 | X72: =RCL!F5 -> 11215125 | Y72: =RCL!E5 -> 11336688 | Z72: =RCL!D5 -> 16377827 | AA72: =RCL!E5 -> 11336688 | AB72: =RCL!D5 -> 16377827 | AC72: =RCL!E37 -> 10028240 | AD72: =RCL!D37 -> 14677042 | AE72: =SUM(S72:AD72) -> 1.4035546e+08
A73: 4383.53 | B73: 4383.53 | C73: 2004 | D73: 4383.53 | E73: 4383.53 | F73: 4383.53 | G73: 4383.53 | H73: 4383.53 | J73: 4383.53 | K73: 57.84 | L73: 4383.53 | M73: 4383.53 | N73: 4383.53 | O73: 4383.53 | R73: % da DC s/ RC: | S73: =S71/S72 -> 0.95669214 | T73: =T71/T72 -> 1.1119459 | U73: =U71/U72 -> 0.95731138 | V73: =V71/V72 -> 1.0380165 | W73: =W71/W72 -> 1.288465 | X73: =X71/X72 -> 0.93031074 | Y73: =Y71/Y72 -> 0.98185069 | Z73: =Z71/Z72 -> 0.65054425 | ... AE73: =AE71/AE72 -> 0.97883563
A74: 57.84 | B74: 57.84 | C74: 2005 | D74: 57.84 | E74: 57.84 | F74: 57.84 | G74: 57.84 | H74: 57.84 | J74: 57.84 | K74: 1022.7 | L74: 57.84 | M74: 57.84 | N74: 57.84 | O74: 57.84
A75: 1022.7 | B75: 1022.7 | C75: 2006 | D75: 1022.7 | E75: 1022.7 | F75: 1022.7 | G75: 1022.7 | H75: 1022.7 | J75: 1022.7 | K75: 776.55 | L75: 1022.7 | M75: 376.17 | N75: 376.17 | O75: 1022.7 | T75: SECRETARIA MUNICIPAL DA SAÚDE E MEIO AMBIENTE - SMSMA
A76: 776.55 | B76: 776.55 | C76: 2007 | D76: 776.55 | E76: 776.55 | F76: 776.55 | G76: 776.55 | H76: 776.55 | J76: 776.55 | K76: 2046.08 | L76: 776.55 | M76: 776.55 | N76: 776.55 | O76: 776.55
A77: 2046.08 | B77: 2046.08 | C77: 2008 | D77: 2046.08 | E77: 2046.08 | F77: 2046.08 | G77: 2046.08 | H77: 2046.08 | J77: 2046.08 | K77: 2230.9 | L77: 2046.08 | M77: 1737.19 | N77: 1737.19 | O77: 2046.08 | T77: COMPARATIVO DA DESPESA PREVISTA CONSOLIDADA COM A DESPESA PREVISTA PARA A SAÚDE
A78: 2230.9 | B78: 2230.9 | C78: 2009 | D78: 2230.9 | E78: 2230.9 | F78: 2230.9 | G78: 2230.9 | H78: 2230.9 | J78: 2230.9 | K78: 7980.88 | L78: 2230.9 | M78: 1779.08 | N78: 1779.08 | O78: 2230.9 | Q78: Seq. | R78: PREVISTO: | S78: =S3 -> JANEIRO | T78: =T3 -> FEVEREIRO | U78: =U3 -> MARÇO | V78: =V3 -> ABRIL | W78: =W3 -> MAIO | X78: =X3 -> JUNHO | Y78: =Y3 -> JULHO | Z78: =Z3 -> AGOSTO | ... AE78: =AE3 -> TOTAL
A79: 7980.88 | B79: 7980.88 | C79: 2010 | D79: 7980.88 | E79: 7980.88 | F79: 7980.88 | G79: 7980.88 | H79: 7980.88 | J79: 7980.88 | K79: 172953.87 | L79: 7980.88 | M79: 6480.66 | N79: 6480.66 | O79: 7980.88 | Q79: I | R79: TOTAL | S79: =S20 -> 11656178 | T79: =T20 -> 11901796 | U79: =U20 -> 11153322 | V79: =V20 -> 11555276 | W79: =W20 -> 11434839 | X79: =X20 -> 10425400 | Y79: =Y20 -> 12139134 | Z79: =Z20 -> 10647379 | ... AE79: =AE20 -> 1.4037781e+08
A80: 172953.87 | B80: 172953.87 | C80: 2011 | D80: 172953.87 | E80: 172953.87 | F80: 172953.87 | G80: 172953.87 | H80: 172953.87 | J80: 172953.87 | K80: 1907832.2 | L80: 172953.87 | M80: 169801.14 | N80: 169801.14 | O80: 172953.87
A81: 2016261.2 | B81: 2002707.6 | C81: 2012 | D81: 1989154 | E81: 1975600.3 | F81: 1962046.7 | G81: 1948493.1 | H81: 1934939.5 | J81: 1921385.9 | K81: 10667.58 | L81: 1894278.6 | M81: 1866718.6 | N81: 1853165 | O81: 1853617.8 | Q81: =Q13 -> 10 | R81: =R13 -> SMS | S81: =S13 -> 2259599.2 | T81: =T13 -> 2308683.3 | U81: =U13 -> 2159109 | V81: =V13 -> 2239435.1 | W81: =W13 -> 2215367.1 | X81: =X13 -> 2013641.7 | ... AE81: =AE13 -> 27215845
A82: 10667.58 | B82: 10667.58 | C82: 2013 | D82: 10667.58 | E82: 10667.58 | F82: 10667.58 | G82: 10667.58 | H82: 10667.58 | J82: 10667.58 | K82: 353929.99 | L82: 10667.58 | M82: 9489.87 | N82: 9489.87 | O82: 10667.58 | R82: % s/ Consolidado | S82: =(S81/S79)*100 -> 19.385422 | T82: =(T81/T79)*100 -> 19.397773 | U82: =(U81/U79)*100 -> 19.358438 | V82: =(V81/V79)*100 -> 19.380196 | W82: =(W81/W79)*100 -> 19.373837 | X82: =(X81/X79)*100 -> 19.314767 | Y82: =(Y81/Y79)*100 -> 19.409232 | Z82: =(Z81/Z79)*100 -> 19.328717 | ... AE82: =(AE81/AE79)*100 -> 19.387569
A83: 536457.43 | B83: 513641.5 | C83: 2014 | D83: 490825.57 | E83: 468009.64 | F83: 445193.71 | G83: 422377.78 | H83: 399561.85 | J83: 376745.92 | K83: 3106976.3 | L83: 331114.06 | M83: 305978.85 | N83: 283162.92 | O83: 262666.27
A84: 3209482.3 | B84: 3196828.2 | C84: 2015 | D84: 3184060.8 | E84: 3171406.7 | F84: 3157592.6 | G84: 3144938.5 | H84: 3132284.4 | J84: 3119630.4 | K84: 3147554 | L84: 3094309.4 | M84: 3081655.3 | N84: 3013743.7 | O84: 2976030.7 | R84: Bal. Orçamentário | S84: Créditos Orçam. | T84: Disponib. Dotaç. | U84: Empenhado | V84: Liquidado | W84: A Liquidar | X84: Pago | Y84: A Pagar | Z84: Pgtos a EFetuar | AA84: Balcte Orçam.:
A85: 3398020.7 | B85: 3376054.2 | C85: 2016 | D85: 3354087.7 | E85: 3332121.1 | F85: 3255394.1 | G85: 3241116.4 | H85: 3183940.9 | J85: 3161831.7 | K85: 2133121.7 | L85: 3133276.4 | M85: 3117485 | N85: 3103207.3 | O85: 3090443.4 | R85: Valores: | S85: =Cruz!I27 -> 1.5767909e+08 | T85: =S85-U85 -> 16622398 | U85: =AE67 -> 1.4105669e+08 | V85: =AE64 -> 1.3922514e+08 | W85: =U85-V85 -> 1831554.7 | X85: =133480989.17 -> 1.3348099e+08 | Y85: =V85-X85 -> 5744146 | Z85: =W85+Y85 -> 7575700.7 | AA85: =Z85-W85 -> 5744146
A86: 2431405.7 | B86: 2394120.2 | C86: 2017 | D86: 2356834.7 | E86: 2319549.2 | F86: 2282263.7 | G86: 2244978.2 | H86: 2207692.7 | J86: 2170407.2 | K86: 1950038.6 | L86: 2095836.2 | M86: 2058550.7 | N86: 2021265.2 | O86: 1983979.7 | T86: COMPARATIVO DA DESPESA REALIZADA CONSOLIDADA COM A DESPESA REALIZADA NA SAÚDE
A87: 1951977.1 | B87: 1951977.1 | C87: 2018 | D87: 1950772.4 | E87: 1950772.4 | F87: 1950772.4 | G87: 1950038.6 | H87: 1950038.6 | J87: 1950038.6 | K87: 1591853.4 | L87: 1950038.6 | M87: 1948421.9 | N87: 1945722.1 | O87: 1947123.9 | Q87: Seq. | R87: REALIZADO | S87: =S40 -> 9502229.8 | T87: =T40 -> 9870035.5 | U87: =U40 -> 11697779 | V87: =V40 -> 9795349 | W87: =W40 -> 11144329 | X87: =X40 -> 10512021 | Y87: =Y40 -> 11281097 | Z87: =Z40 -> 11242672 | ... AE87: =AE40 -> 1.3922514e+08
A88: 1602004.9 | B88: 1602004.9 | C88: 2019 | D88: 1597163.5 | E88: 1595013.1 | F88: 1595013.1 | G88: 1590916.4 | H88: 1590916.4 | J88: 1590916.4 | K88: 6154226.2 | L88: 1589832.4 | M88: 1586258.1 | N88: 1586258.1 | O88: 1589682.4
A89: 11681226 | B89: 8367616.4 | C89: 2020 | D89: 7165670.7 | E89: 7195049.5 | F89: 6792191.2 | G89: 6524062.2 | H89: 6409256.2 | J89: 6297433.4 | L89: 6043305.2 | M89: 5949903.7 | N89: 5867876.4 | O89: 5680688.6 | Q89: =Q33 -> 10 | R89: =R33 -> SMSMA | S89: =S33 -> 1923273.2 | T89: =T33 -> 1859487.6 | U89: =U33 -> 3319884 | V89: =V33 -> 1694768 | W89: =W33 -> 2841243.2 | X89: =X33 -> 2332381 | ... AE89: =AE33 -> 29772720
A90: =SUM(A73:A89) -> 27028955 | B90: =SUM(B73:B89) -> 23607070 | C90: =23607069.89-B90 -> 0 | D90: =SUM(D73:D89) -> 22290689 | E90: =SUM(E73:E89) -> 22209642 | F90: =SUM(F73:F89) -> 21642587 | G90: =SUM(G73:G89) -> 21269041 | H90: =SUM(H73:H89) -> 21010750 | J90: =SUM(J73:J89) -> 20790509 | K90: =SUM(K73:K89) -> 20543269 | L90: =SUM(L73:L89) -> 20334111 | M90: =SUM(M73:M89) -> 20109854 | N90: =SUM(N73:N89) -> 19869283 | O90: =SUM(O73:O89) -> 19586353 | Q90: II | R90: % s/ Consolidado | S90: =(S89/S87)*100 -> 20.24023 | T90: =(T89/T87)*100 -> 18.839726 | U90: =(U89/U87)*100 -> 28.380465 | V90: =(V89/V87)*100 -> 17.301763 | W90: =(W89/W87)*100 -> 25.494968 | X90: =(X89/X87)*100 -> 22.18775 | Y90: =(Y89/Y87)*100 -> 24.582307 | Z90: =(Z89/Z87)*100 -> 20.635832 | ... AE90: =(AE89/AE87)*100 -> 21.384587
A91: Pagos: | B91: =A90-B90 -> 3421885.4 | D91: =B90-D90 -> 1316380.7 | E91: =D90-E90 -> 81047.3 | F91: =E90-F90 -> 567054.53 | G91: =F90-G90 -> 373546.28 | H91: =G90-H90 -> 258290.63 | J91: =H90-J90 -> 220241.18 | K91: =J90-K90 -> 247240.52 | L91: =K90-L90 -> 209158 | M91: =L90-M90 -> 224256.56 | N91: =M90-N90 -> 240571.45 | O91: =N90-O90 -> 282930.18
A92: Não Process.: | B92: =22290689.16-B90 -> -1316380.7
L93: =20334110.72-L90 -> 0 | N93: =19869282.71-N90 -> 0 | O93: =19586352.53-O90 -> 0
R94: % s/ o Total | S94: =S43 -> Janeiro | T94: =T43 -> Fevereiro | U94: =U43 -> Março | V94: =V43 -> Abril | W94: =W43 -> Maio | X94: =X43 -> Junho | Y94: =Y43 -> Julho | Z94: =Z43 -> Agosto | ... AE94: =AE43 -> TOTAL
R95: % ao mês | S95: =S89/$AE$89 -> 0.064598503 | T95: =T89/$AE$89 -> 0.062456087 | U95: =U89/$AE$89 -> 0.11150758 | V95: =V89/$AE$89 -> 0.05692352 | W95: =W89/$AE$89 -> 0.095431093 | X95: =X89/$AE$89 -> 0.078339532 | Y95: =Y89/$AE$89 -> 0.093144125 | Z95: =Z89/$AE$89 -> 0.077924317 | ... AD95: =AD89/$AE$89 -> 0.12333767 | AE95: =AE89/$AE$20 -> 0.21208993
S98: DESPESA REALIZADO POR BIMESTRE NA SAÚDE EM 2.021
Q99: Total por Bimestre | S99: 1º Bimestre | T99: =S89+T89 -> 3782760.8 | U99: 2º Bimestre | V99: =U89+V89 -> 5014652.1 | W99: 3º Bimestre | X99: =W89+X89 -> 5173624.2 | Y99: 4º Bimestre | Z99: =Y89+Z89 -> 5093172.9 | AA99: 5º Bimestre | AB99: =AA89+AB89 -> 4741309.5 | AC99: 6º Bimestre | AD99: =AC89+AD89 -> 5967200.9 | AE99: =SUM(S99:AD99) -> 29772720
T101: COMPARATIVO DA DESPESA PREVISTA COM A REALIZADA MÊS NO EXERCÍCIO DE 2.020
R102: DIFERENÇA: | S102: =S81-S89 -> 336326.07 | T102: =T81-T89 -> 449195.65 | U102: =U81-U89 -> -1160775 | V102: =V81-V89 -> 544667.06 | W102: =W81-W89 -> -625876.12 | X102: =X81-X89 -> -318739.3 | Y102: =Y81-Y89 -> -417041.3 | Z102: =Z81-Z89 -> -262017.03 | ... AE102: =AE81-AE89 -> -2556875.6
B105: Giovani Amestoy da Silva | E105: Ihoko Nakashima Mota | I105: Arlei Lopes Souza
B106: Prefeito Municipal | E106: Secret. de Município da Fazenda | I106: Contador - CRC/RS: 068452/O-6 | T106: SECRETARIA MUNICIPAL DA EDUCAÇÃO - SEDUC
...

Sheet Cruz
D1: PREFEITURA MUNICIPAL DE CAÇAPAVA DO SUL/RS.
B2: CNPJ: | C2: 88142302/0001-45 | E2: Endereço: RUA XV DE NOVEMBRO, Nº 438 / CENTRO / CAÇAPAVA DO SUL / RS / CEP: 96.570-000
D4: CONTROLE DO DÉFICIT ORÇAMENTÁRIO
D6: INSTRUMENTO DE CONTROLE: TERMÔMETRO DE CRUZ
F7: PREVISTA | I7: ATUALIZADA
A8: EXERCICIO DE 2021 | D8: DESPESAS CONSOLIDADAS | F8: Cota Mensal | G8: Valor Líquidado | H8: Receita | I8: Orçado para | J8: Déficit ou | K8: Estouro ou | L8: % s/
A9: Órgãos de Governo | E9: Período:Janeiro a Dezembro | F9: Acumulada | G9: Até o mês | H9: até o Mês | I9: o Exercício | J9: Superávit | K9: Economia | L9: Total de C
A10: Nº | B10: [A] | F10: [B] | G10: [C] | H10: [D] | I10: [E] | J10: [F] B - C | K10: [G] F / B | L10: [H]
A11: 1 | B11: Câmara Municipal | F11: =SUM(SUM(Cronogra!S4:AD4)) -> 4189000 | G11: =Cronogra!AE24 -> 3516536.4 | I11: =3876200 -> 3876200 | J11: =F11-G11 -> 672463.56 | K11: =(J11/F11)*100 -> 16.053081 | L11: =(G11/$G$27)*100 -> 2.5257914
A12: 2 | B12: Gabinete do Prefeito | F12: =SUM(SUM(Cronogra!S5:AD5)) -> 2321581.4 | G12: =Cronogra!AE25 -> 2232796.5 | I12: 3012007 | J12: =F12-G12 -> 88784.98 | K12: =(J12/F12)*100 -> 3.8243319 | L12: =(G12/$G$27)*100 -> 1.6037309
A13: 3 | B13: Secretaria Geral do Município | F13: =SUM(SUM(Cronogra!S6:AD6)) -> 1262392.3 | G13: =Cronogra!AE26 -> 774746.04 | I13: =1098716.61 -> 1098716.6 | J13: =F13-G13 -> 487646.26 | K13: =(J13/F13)*100 -> 38.628742 | L13: =(G13/$G$27)*100 -> 0.55646995
A14: 4 | B14: Secretaria da Planejamento e Meio Ambiente | F14: =SUM(SUM(Cronogra!S7:AD7)) -> 1831204.8 | G14: =Cronogra!AE27 -> 1866929.9 | I14: =1888603.25 -> 1888603.2 | J14: =F14-G14 -> -35725.09 | K14: =(J14/F14)*100 -> -1.9509063 | L14: =(G14/$G$27)*100 -> 1.3409431
A15: 5 | B15: Secretaria de Municipio da Administração | F15: =SUM(SUM(Cronogra!S8:AD8)) -> 7750365.6 | G15: =Cronogra!AE28 -> 8550055.1 | I15: =8588239 -> 8588239 | J15: =F15-G15 -> -799689.46 | K15: =(J15/F15)*100 -> -10.318087 | L15: =(G15/$G$27)*100 -> 6.1411721
A16: 6 | B16: Secretaria da Fazenda | F16: =SUM(SUM(Cronogra!S9:AD9)) -> 3547551.9 | G16: =Cronogra!AE29 -> 3425603 | H16: =116138981.43 -> 1.1613898e+08 | I16: =3453406.57 -> 3453406.6 | J16: =F16-G16 -> 121948.89 | K16: =(J16/F16)*100 -> 3.4375505 | L16: =(G16/$G$27)*100 -> 2.4604774
A17: 7 | B17: Secretaria de Municipio da Cultura e do Turismo | F17: =SUM(SUM(Cronogra!S10:AD10)) -> 1229036.1 | G17: =Cronogra!AE30 -> 1139193.4 | I17: =1349626.92 -> 1349626.9 | J17: =F17-G17 -> 89842.66 | K17: =(J17/F17)*100 -> 7.31001 | L17: =(G17/$G$27)*100 -> 0.81823833
A18: 8 | B18: Secretaria de Transporte, Serviços Urbanos e Interior | F18: =SUM(SUM(Cronogra!S11:AD11)) -> 12475764 | G18: =Cronogra!AE31 -> 12235712 | I18: =14065820.32 -> 14065820 | J18: =F18-G18 -> 240052.21 | K18: =(J18/F18)*100 -> 1.9241483 | L18: =(G18/$G$27)*100 -> 8.7884361
A19: 9 | B19: Secretaria da Educação | F19: =SUM(SUM(Cronogra!S12:AD12)) -> 38964506 | G19: =Cronogra!AE32 -> 36646032 | I19: =45485941.82 -> 45485942 | J19: =F19-G19 -> 2318474.2 | K19: =(J19/F19)*100 -> 5.950221 | L19: =(G19/$G$27)*100 -> 26.321419
A20: 10 | B20: Secretaria de Municipio da Saúde | F20: =SUM(SUM(Cronogra!S13:AD13)) -> 27215845 | G20: =Cronogra!AE33 -> 29772720 | I20: =32065952.8 -> 32065953 | J20: =F20-G20 -> -2556875.6 | K20: =(J20/F20)*100 -> -9.3948053 | L20: =(G20/$G$27)*100 -> 21.384587
A21: 11 | B21: Secretaria de Município da Ação Social | F21: =SUM(SUM(Cronogra!S14:AD14)) -> 4170062 | G21: =Cronogra!AE34 -> 4205167.4 | I21: =4946173.37 -> 4946173.4 | J21: =F21-G21 -> -35105.37 | K21: =(J21/F21)*100 -> -0.84184288 | L21: =(G21/$G$27)*100 -> 3.0204082
A22: 12 | B22: Secretaria de Munic. da Agropecuária Industria e Comércio | F22: =SUM(SUM(Cronogra!S15:AD15)) -> 1810655.7 | G22: =Cronogra!AE35 -> 1718842.9 | I22: =2420587.04 -> 2420587 | J22: =F22-G22 -> 91812.88 | K22: =(J22/F22)*100 -> 5.0706977 | L22: =(G22/$G$27)*100 -> 1.234578
A23: 13 | B23: Encargos Gerais do Município | F23: =SUM(SUM(Cronogra!S16:AD16)) -> 3009924.3 | G23: =Cronogra!AE36 -> 3217716.4 | I23: =3298701.34 -> 3298701.3 | J23: =F23-G23 -> -207792.06 | K23: =(J23/F23)*100 -> -6.9035642 | L23: =(G23/$G$27)*100 -> 2.3111606
A24: 14 | B24: Reserva de Contigências | F24: =SUM(SUM(Cronogra!S17:AD17)) -> 372483.18 | G24: =Cronogra!AE37 -> 0 | I24: 0.18 | J24: =F24-G24 -> 372483.18 | K24: =(J24/F24)*100 -> 100 | L24: =(G24/$G$27)*100 -> 0
A25: 15 | B25: Regime Próprio de Previdência | F25: =SUM(SUM(Cronogra!S18:AD18)) -> 25810701 | G25: =Cronogra!AE38 -> 24216287 | H25: =32953972.89 -> 32953973 | I25: =25810700.56 -> 25810701 | J25: =F25-G25 -> 1594414 | K25: =(J25/F25)*100 -> 6.1773373 | L25: =(G25/$G$27)*100 -> 17.393617
A26: 16 | B26: Fundo de assistência a Saúde do Servidor Municipal | F26: =SUM(SUM(Cronogra!S19:AD19)) -> 4416737.3 | G26: =Cronogra!AE39 -> 5706797.5 | H26: =4795705.11 -> 4795705.1 | I26: =6318411.33 -> 6318411.3 | J26: =F26-G26 -> -1290060.2 | K26: =(J26/F26)*100 -> -29.208442 | L26: =(G26/$G$27)*100 -> 4.0989707
A27: Total | F27: =SUM(F11:F26) -> 1.4037781e+08 | G27: =SUM(G11:G26) -> 1.3922514e+08 | H27: =SUM(H11:H26) -> 1.5388866e+08 | I27: =SUM(I11:I26) -> 1.5767909e+08 | J27: =SUM(J11:J26) -> 1152675.1 | L27: =SUM(L11:L26) -> 100
B28: FONTES: | C28: Demonstrativos da Despesas Fixada e Liquidada por Órgão e Receita Efetivamente Realizada. | I28: =157679088.08-I27 -> 0
G29: =G27-Cronogra!AE40 -> 0 | H29: =H27-Cronogra!D53 -> 0
B30: NOTAS: 1 - | C30: Na coluna: "% s/ Total de C " consta o percentual que cada Órgão representa em relação ao total da Despesa Liquidada, conforme se verifica nos Órgãos de nº 9 que lida
B31: com a Educação representa 26,32% e de Nº 10 que lida com a Saúde 21,88%, respectivamente da Despesa Total Líquidada.
B32: 2 - | C32: O valor constante na coluna: "Cota Mensal Acumulada" foi apurado em conformidade com o Decreto de Desembolso Financeiro e Orçamentário, publicado em janeiro
B33: do corrente ano, que regula os quantitativos referentes ao Cronograma das saídas de acordo com as entradas(Pagamentos igual ou menor que os Recebimentos).
B34: 3 - | C34: =IF(H34>0,"Superávit Orçamentário Consolidado apurado do período","Déficit Orçamentário Consolidado apurado do período") -> Superávit Orçamentário Consolidado apurado do período | H34: =H27-G27 -> 14663524 | I34: SOBRE A DESPESA LIQUIDADA CONSOLIDADA.
B35: 4 - | C35: =IF(H35>0,"Superávit Orçamentário da Pref. Municipal apurado do período","Déficit Orçamentário da Pref. Municipal apurado do período") -> Superávit Orçamentário da Pref. Municipal apurado do período | H35: =H16-SUM(G11:G24) -> 6836930.3
B36: 5 - | C36: Restos a Pagar de exercícios anteriores pagos no período de Janeiro a Dezembro de 2021, totalizou: | J36: =Cronogra!J56 -> 7136871.7
C39: Giovani Amestoy da Silva | F39: Ihoko Nakashima Mota | J39: Arlei Lopes Souza
C40: Prefeito Municipal | F40: Secret. de Município da Fazenda | J40: Contador - CRC/RS: 068452/O-6
B74: OBSERVAÇÕES:
B75: 1ª - Os Órgãos que apresentam Déficit Orçamentário estão abaixo do ponto zero na representação gráfica com a coluna invertida para baixo.
B76: 2ª - Os Órgãos que apresentam Superávit Orçamentário e, consequentemente,estão situados acima do ponto zero na representação gráfica, coluna para cima.
B77: 3ª - O déficit é provocado pelo despêndio maior que o previsto para o periodo no Orçamento e Regumentado no Decreto Executivo nº 3037, de 15 Fevereiro de 2013.
B78: 4ª - Percentual da Despesa Corrente sobre a Receita a Receita Corrente, exceto a Receita Intra-Orçamentária: | I78: =Cronogra!AE56/RCL!C5 -> 1.0951781
C82: Giovani Amestoy da Silva | F82: Ihoko Nakashima Mota | J82: Arlei Lopes Souza
C83: Prefeito Municipal | F83: Secret. de Município da Fazenda | J83: Contador - CRC/RS: 068452/O-6

Sheet Exec_Orç
B1: POSIÇÃO DAS OBRIGAÇÕES REALIZADAS ATÉ DEZEMBRO DE 2021.
H2: Empenhos de restos a Pagar
A3: Seq. | B3: ÓRGÃOS | C3: 1. Dotações: | D3: 2. Empenhado: | E3: 3. Liquidado | F3: 4. Pago: | G3: 5. A Pagar = 3 - 4 | H3: 6.Empenhado¹ | I3: 7. Liquidado | J3: 8. Cancelado4 | K3: 9. Pago³ | L3: 10. A Pagar²= 7 - 9
A4: 1 | B4: Câmara | C4: =Cruz!I11 -> 3876200 | D4: =3516536.44 -> 3516536.4 | E4: =Cruz!G11 -> 3516536.4 | F4: 3514113.9 | G4: =E4-F4 -> 2422.58 | H4: 2150.91 | I4: 2150.91 | K4: 2150.91 | L4: =I4-K4 -> 0 | M4: =I4-(K4+L4) -> 0
A5: 2 | B5: Gabinete | C5: =Cruz!I12 -> 3012007 | D5: =2232796.47 -> 2232796.5 | E5: =Cruz!G12 -> 2232796.5 | F5: 2178294.2 | G5: =E5-F5 -> 54502.22 | H5: 430609.76 | I5: 430609.76 | J5: 0.01 | K5: =127436.2 -> 127436.2 | L5: =I5-K5 -> 303173.56 | M5: =I5-(K5+L5) -> 0 | N5: =303173.56-L5 -> 0
A6: 3 | B6: SGM | C6: =Cruz!I13 -> 1098716.6 | D6: =774746.04 -> 774746.04 | E6: =Cruz!G13 -> 774746.04 | F6: 720523.78 | G6: =E6-F6 -> 54222.26 | H6: 282751.59 | I6: 247832.9 | J6: =471.82 -> 471.82 | K6: =71835.36 -> 71835.36 | L6: =I6-K6 -> 175997.54 | M6: =I6-(K6+L6) -> 0 | N6: =175997.54-L6 -> 0
A7: 4 | B7: SMCP | C7: =Cruz!I14 -> 1888603.2 | D7: =1866929.89 -> 1866929.9 | E7: =Cruz!G14 -> 1866929.9 | F7: 1808279.1 | G7: =E7-F7 -> 58650.82 | H7: 597406.07 | I7: 597265.67 | J7: =25199.31 -> 25199.31 | K7: =184006.85 -> 184006.85 | L7: =I7-K7 -> 413258.82 | M7: =I7-(K7+L7) -> 0 | N7: =413258.82-L7 -> 0
A8: 5 | B8: SMA | C8: =Cruz!I15 -> 8588239 | D8: =8571862.49 -> 8571862.5 | E8: =Cruz!G15 -> 8550055.1 | F8: 8055007.4 | G8: =E8-F8 -> 495047.67 | H8: 5985138.9 | I8: =5924122.99+38828.3 -> 5962951.3 | K8: =968325.22 -> 968325.22 | L8: =I8-K8 -> 4994626.1 | M8: =I8-(K8+L8) -> 0 | N8: =4994626.07-L8 -> 0
A9: 6 | B9: SMF | C9: =Cruz!I16 -> 3453406.6 | D9: 3425603 | E9: =Cruz!G16 -> 3425603 | F9: 3208521.7 | G9: =E9-F9 -> 217081.34 | H9: 1143866.1 | I9: 1143866.1 | K9: =301773.6 -> 301773.6 | L9: =I9-K9 -> 842092.45 | M9: =I9-(K9+L9) -> 0 | N9: =842092.45-L9 -> 0
A10: 7 | B10: SMTur | C10: =Cruz!I17 -> 1349626.9 | D10: 1139517.4 | E10: =Cruz!G17 -> 1139193.4 | F10: 1054828.8 | G10: =E10-F10 -> 84364.65 | H10: 220135.97 | I10: 220079.47 | J10: =271.4 -> 271.4 | K10: =73829.99 -> 73829.99 | L10: =I10-K10 -> 146249.48 | M10: =I10-(K10+L10) -> 0 | N10: =146249.48-L10 -> 0
A11: 8 | B11: SMTSUI | C11: =Cruz!I18 -> 14065820 | D11: 12400886 | E11: =Cruz!G18 -> 12235712 | F11: 11257571 | G11: =E11-F11 -> 978140.6 | H11: 5336045.9 | I11: =4117681.06 -> 4117681.1 | J11: =8901.78 -> 8901.78 | K11: =1648855.62 -> 1648855.6 | L11: =I11-K11 -> 2468825.4 | M11: =I11-(K11+L11) -> 0 | N11: =2468825.44-L11 -> 0
A12: 9 | B12: SEDUC | C12: =Cruz!I19 -> 45485942 | D12: 38114242 | E12: =Cruz!G19 -> 36646032 | F12: 34901057 | G12: =E12-F12 -> 1744974.3 | H12: 5866343.1 | I12: =5814405.2 -> 5814405.2 | J12: =8128.34 -> 8128.34 | K12: =1790377.46 -> 1790377.5 | L12: =I12-K12 -> 4024027.7 | M12: =I12-(K12+L12) -> 0 | N12: =4024027.74-L12 -> 0
A13: 10 | B13: SMSMA | C13: =Cruz!I20 -> 32065953 | D13: 29905705 | E13: =Cruz!G20 -> 29772720 | F13: 28316526 | G13: =E13-F13 -> 1456194.5 | H13: 7766012.8 | I13: 7764842.8 | J13: =742.69 -> 742.69 | K13: =2669246.04 -> 2669246 | L13: =I13-K13 -> 5095596.7 | M13: =I13-(K13+L13) -> 0 | N13: =5095596.74-L13 -> 0
A14: 11 | B14: SMAS | C14: =Cruz!I21 -> 4946173.4 | D14: 4208852.4 | E14: =Cruz!G21 -> 4205167.4 | F14: 4014899.5 | G14: =E14-F14 -> 190267.85 | H14: 1003608.3 | I14: 1002924.3 | K14: =294735.33 -> 294735.33 | L14: =I14-K14 -> 708188.98 | M14: =I14-(K14+L14) -> 0 | N14: =708188.98-L14 -> 0
A15: 12 | B15: SMAIC | C15: =Cruz!I22 -> 2420587 | D15: 1748412.7 | E15: =Cruz!G22 -> 1718842.9 | F15: 1454113.7 | G15: =E15-F15 -> 264729.17 | H15: 386792.28 | I15: 385992.62 | J15: 495.16 | K15: =123656.02 -> 123656.02 | L15: =I15-K15 -> 262336.6 | M15: =I15-(K15+L15) -> 0 | N15: =262336.6-L15 -> 0
A16: 13 | B16: Encargos | C16: =Cruz!I23 -> 3298701.3 | D16: 3217716.4 | E16: =Cruz!G23 -> 3217716.4 | F16: 3112340.7 | G16: =E16-F16 -> 105375.73 | H16: 336914.37 | I16: 334958.02 | J16: 986.83 | K16: =183117.25 -> 183117.25 | L16: =I16-K16 -> 151840.77 | M16: =I16-(K16+L16) -> 0 | N16: =151840.77-L16 -> 0
A17: 15 | B17: FAPS | C17: =Cruz!I25 -> 25810701 | D17: 24226087 | E17: =Cruz!G25 -> 24216287 | F17: 24214397 | G17: =E17-F17 -> 1889.11 | H17: 33584.9 | I17: 33584.9 | K17: =654 -> 654 | L17: =I17-K17 -> 32930.9 | M17: =I17-(K17+L17) -> 0 | N17: =32930.9-L17 -> 0
A18: 16 | B18: FASM | C18: =Cruz!I26 -> 6318411.3 | D18: 5706797.5 | E18: =Cruz!G26 -> 5706797.5 | F18: 5670514.3 | G18: =E18-F18 -> 36283.16 | H18: 49278.4 | I18: 49278.4 | K18: 49278.4 | L18: =I18-K18 -> 0 | M18: =I18-(K18+L18) -> 0
C19: =SUM(C4:C18) -> 1.5767909e+08 | D19: =SUM(D4:D18) -> 1.4105669e+08 | E19: =SUM(E4:E18) -> 1.3922514e+08 | F19: =SUM(F4:F18) -> 1.3348099e+08 | G19: =SUM(G4:G18) -> 5744146 | H19: =SUM(H4:H18) -> 29440639 | I19: =SUM(I4:I18) -> 28108423 | J19: =SUM(J4:J18) -> 45197.34 | ... L19: =SUM(L4:L18) -> 19619145 | M19: =I19-(K19+L19) -> 0
B20: Verificação: | C20: =C19+Cruz!I24-Cruz!I27 -> 0 | D20: =141056689.89-D19 -> 0 | E20: =139225135.18-E19 -> 0 | F20: =133480989.17-F19 -> 0 | G20: =5744146.01-G19 -> 0 | H20: =29440639.33-H19 -> 0 | I20: =28108423.34-I19 -> 0 | J20: =45197.34-J19 -> 0 | K20: =8489278.25-K19 -> 0 | L20: =19619145.09-L19 -> 0
B21: Fonte: Relatório Consolidado da "Situacao de Empenhos de Restos a Pagar por Orgãos - Posicão até Dezembro/21"
B22: Nota: Na SMA o valor de R$ 38.828,30 e na SEDUC o valor de R$ 49.517,46 dos Restos Liquidados consta a maior que no mês de Setembro de 2021 - Resultado de liquidação de Não Processado.
F23: Verificação dos saldos Contábeis com o Relatório "Situacao de Empenhos de Restos a Pagar"
H24: =29440639.33-H19 -> 0 | I24: ¹ 5.3.0.0 - INSCRIÇÃO DE RESTOS A PAGAR do exercício anterior
G25: 6.3.2.9.0 RP PROCESSADOS CANCELADOS (3111) R$ 32.792,56 | H25: =19586352.53-L19 -> -32792.56 | I25: ² 6.3.2.1 - RP PROCESSADOS A PAGAR
C26: Diferença apurado nos RPNP = | D26: =E26+H26 -> 17622.44 | E26: =1370029.01 -> 1370029 | G26: 6.3.1.4 - RP NÃO PROCESSADOS PAGOS | H26: =7136871.68-K19 -> -1352406.6 | I26: ³ 6.3.2.2 - RP PROCESSADOS PAGOS | L26: =K19+H26 -> 7136871.7
D27: =12404.78+H27 -> 0 | G27: 6.3.1.9 - RP NÃO PROCESSADOS CANCELADOS | H27: =(26343.05+6449.51)-J19 -> -12404.78 | I27: 4 6.3.2.9. - RP PROCESSADOS CANCELADOS | L27: =J19+H27 -> 32792.56 | M27: =32792.56-L27 -> 0
D29: Execução orçamentária | I29: Execução dos Restos a Pagar Processados e não Processados
B30: 1.Receita Realizada: | D30: 2. Empenhado | E30: 3.Desp. Liquidada | F30: 4.Despesa Paga: | G30: 5.Resultado: 1-4 | H30: 6.A Pagar: 3-4 | I30: 7.Empenhado¹ | J30: 8. Liquidado | K30: 9. Pago³ | L30: 10. A Pagar²= 9 - 10 | M30: 11. Resultado:
B31: Pref. | C31: =Cruz!H16 -> 1.1613898e+08 | D31: =SUM(D4:D16) -> 1.1112381e+08 | E31: =SUM(E4:E16) -> 1.0930205e+08 | F31: =SUM(F4:F16) -> 1.0359608e+08 | G31: =C31-F31 -> 12542904 | H31: =E31-F31 -> 5705973.7 | I31: =SUM(H4:H16) -> 29357776 | J31: =SUM(I4:I16) -> 28025560 | K31: =SUM(K4:K16) -> 8439345.8 | L31: =SUM(L4:L16) -> 19586214 | M31: =C31-(F31+K31) -> 4103558.2
B32: FAPS | C32: =Cruz!H25 -> 32953973 | D32: =D17 -> 24226087 | E32: =E17 -> 24216287 | F32: =F17 -> 24214397 | G32: =C32-F32 -> 8739575.5 | H32: =E32-F32 -> 1889.11 | I32: =H17 -> 33584.9 | J32: =I17 -> 33584.9 | K32: =K17 -> 654 | L32: =L17 -> 32930.9 | M32: =C32-(F32+K32) -> 8738921.5
B33: FASM | C33: =Cruz!H26 -> 4795705.1 | D33: =D18 -> 5706797.5 | E33: =E18 -> 5706797.5 | F33: =F18 -> 5670514.3 | G33: =C33-F33 -> -874809.24 | H33: =E33-F33 -> 36283.16 | I33: =H18 -> 49278.4 | J33: =I18 -> 49278.4 | K33: =K18 -> 49278.4 | L33: =L18 -> 0 | M33: =C33-(F33+K33) -> -924087.64
B34: Total: | C34: =SUM(C31:C33) -> 1.5388866e+08 | D34: =SUM(D31:D33) -> 1.4105669e+08 | E34: =SUM(E31:E33) -> 1.3922514e+08 | F34: =SUM(F31:F33) -> 1.3348099e+08 | G34: =SUM(G31:G33) -> 20407670 | H34: =SUM(H31:H33) -> 5744146 | I34: =SUM(I31:I33) -> 29440639 | J34: =SUM(J31:J33) -> 28108423 | ... M34: =SUM(M31:M33) -> 11918392
B35: O FASM utilizou saldo do exercício anterior para poder cobrir suas despesas que foram maiores que as receitas realizadas no exercício.
B36: O resultado apurado na tabela acima é sobre a despesa paga, sobre a despesa liquidada o resultado é | H36: =C34-E34 -> 14663524 | I36: O saldo dos Restos a Pagar em 31 de dez/21 ficou em | L36: =D19-F19+(H19-(J19+K19)) -> 28481864
C39: Giovani Amestoy da Silva | F39: Ihoko Nakashima Mota | I39: Arlei Lopes Souza
C40: Prefeito Municipal | F40: Secret. de Município da Fazenda | I40: Contador - CRC/RS: 068452/O-6

Sheet Míni
B1: CALCULO DOS PERCENTUAIS MÍNIMOS LEGAIS
A2: PERÍODO: | B2: 1º de Janeiro a 31 de Dezembro de 2021 | E2: Artigos 198 e 212 da CF/88 e E/C nº 29
A4: Análise Horizontal das Receitas em relação ao montante arrecadado no mês em uma previsão de arrecadação de um doze avos ao mês.
A5: Os valores na coluna "Excesso" entre parenteses significa que foi arrecado valor maior que um doze avos ao mês na Receita Realizada.
A7: 1. NÍVEIS: | B7: 2. RECEITAS | C7: 3. PREVISTO | D7: 4. Realizado: | E7: LIVRE: 60% Excesso/Déficit | G7: MDE:25%/5% Excesso/Déficit | I7: FUNDEB 20% Excesso/Déficit | K7: ASPS: 15% | L7: Excesso/Déficit
A8: 1.1.1.3.03.1 | B8: IRRF | C8: 3488232.1 | D8: =3664813.66 -> 3664813.7 | E8: =D8*0.6 -> 2198888.2 | F8: =(((C8*0.6)/12)*12)-E8 -> -105948.91 | G8: =D8*0.25 -> 916203.42 | H8: =(((C8*0.25)/12)*12)-G8 -> -44145.38 | K8: =D8*0.15 -> 549722.05 | L8: =(((C8*0.25)/12)*12)-K8 -> 322335.99
A9: 1.1.1.8.01.1 | B9: IPTU | C9: 4037453.8 | D9: =3921591.65 -> 3921591.6 | E9: =D9*0.6 -> 2352955 | F9: =(((C9*0.6)/12)*12)-E9 -> 69517.308 | G9: =D9*0.25 -> 980397.91 | H9: =(((C9*0.25)/12)*12)-G9 -> 28965.545 | K9: =D9*0.15 -> 588238.75 | L9: =(((C9*0.25)/12)*12)-K9 -> 421124.71
A10: 1.1.1.8.01.4 | B10: ITBI | C10: 1078358.3 | D10: =1945055.63 -> 1945055.6 | E10: =D10*0.6 -> 1167033.4 | F10: =(((C10*0.6)/12)*12)-E10 -> -520018.42 | G10: =D10*0.25 -> 486263.91 | H10: =(((C10*0.25)/12)*12)-G10 -> -216674.34 | K10: =D10*0.15 -> 291758.34 | L10: =(((C10*0.25)/12)*12)-K10 -> -22168.777
A11: 1.1.1.8.02.3 | B11: ISQN | C11: 5723855.8 | D11: =4395729.66 -> 4395729.7 | E11: =D11*0.6 -> 2637437.8 | F11: =(((C11*0.6)/12)*12)-E11 -> 796875.68 | G11: =D11*0.25 -> 1098932.4 | H11: =(((C11*0.25)/12)*12)-G11 -> 332031.53 | K11: =D11*0.15 -> 659359.45 | L11: =(((C11*0.25)/12)*12)-K11 -> 771604.5
A12: 1.7.1.8.01.2 | B12: FPM | C12: =18851876.16+4712969.04 -> 23564845 | D12: =16511988.99+1376000.59+4127997.1+5503996.33 -> 27519983 | E12: =D12*0.6 -> 16511990 | F12: =(((C12*0.6)/12)*12)-E12 -> -2373082.7 | G12: =(D12*0.05) -> 1375999.2 | H12: =(((C12*0.25)/12)*12)-G12 -> 4515212.1 | I12: =-D12*0.2 -> -5503996.6 | J12: =(((C12*0.2)/12)*12)+I12 -> -791027.56 | K12: =D12*0.15 -> 4127997.5 | L12: =(((C12*0.25)/12)*12)-K12 -> 1763213.8
A13: 1.7.1.8.01.3 | B13: 1% FPM | C13: =1282878.01 -> 1282878 | D13: =1065524.25 -> 1065524.2 | E13: =D13*0.6 -> 639314.55 | F13: =(((C13*0.6)/12)*12)-E13 -> 130412.26 | G13: =D13*0.25 -> 266381.06 | H13: =(((C13*0.25)/12)*12)-G13 -> 54338.44 | K13: =D13*0.15 -> 159828.64 | L13: =(((C13*0.25)/12)*12)-K13 -> 160890.87
A14: 1.7.1.8.01.4 | B14: 1% FPM | C14: =1014102.37 -> 1014102.4 | D14: =1206234.45 -> 1206234.4 | E14: =D14*0.6 -> 723740.67 | F14: =(((C14*0.6)/12)*12)-E14 -> -115279.25 | G14: =D14*0.25 -> 301558.61 | H14: =(((C14*0.25)/12)*12)-G14 -> -48033.02 | K14: =D14*0.15 -> 180935.17 | L14: =(((C14*0.25)/12)*12)-K14 -> 72590.425
A15: 1.7.1.8.01.5.1 | B15: ITR | C15: =736320+184080 -> 920400 | D15: =915324.69+228830.96 -> 1144155.6 | E15: =D15*0.6 -> 686493.39 | F15: =(((C15*0.6)/12)*12)-E15 -> -134253.39 | G15: =(D15*0.05) -> 57207.783 | H15: =(((C15*0.25)/12)*12)-G15 -> 172892.22 | I15: =-D15*0.2 -> -228831.13 | J15: =(((C15*0.2)/12)*12)+I15 -> -44751.13 | K15: =D15*0.15 -> 171623.35 | L15: =(((C15*0.25)/12)*12)-K15 -> 58476.653
A16: 1.7.1.8.06.1.1 | B16: L.C. No 87/96 | C16: =130791.45+32697.86 -> 163489.31 | E16: =D16*1 -> 0 | F16: =(((C16*0.6)/12)*12)-E16 -> 98093.586
A17: 1.7.2.8.01.1.1 | B17: ICMS | C17: =22409830.01+5602457.5 -> 28012288 | D17: =21833649.04+1819470.82+5458412.26+7302100.46 -> 36413633 | E17: =D17*0.6 -> 21848180 | F17: =(((C17*0.6)/12)*12)-E17 -> -5040807 | G17: =(D17*0.05) -> 1820681.6 | H17: =(((C17*0.25)/12)*12)-G17 -> 5182390.2 | I17: =-D17*0.2 -> -7282726.5 | J17: =(((C17*0.2)/12)*12)+I17 -> -1680269 | K17: =D17*0.15 -> 5462044.9 | L17: =(((C17*0.25)/12)*12)-K17 -> 1541027
A18: 1.7.2.8.01.2.1 | B18: IPVA | C18: =2323787+580946.75 -> 2904733.8 | D18: =2205317.11+183776.7+551329.46+735106.16 -> 3675529.4 | E18: =D18*0.6 -> 2205317.7 | F18: =(((C18*0.6)/12)*12)-E18 -> -462477.41 | G18: =(D18*0.05) -> 183776.47 | H18: =(((C18*0.25)/12)*12)-G18 -> 542406.97 | I18: =-D18*0.2 -> -735105.89 | J18: =(((C18*0.2)/12)*12)+I18 -> -154159.14 | K18: =D18*0.15 -> 551329.41 | L18: =(((C18*0.25)/12)*12)-K18 -> 174854.02
A19: 1.7.2.8.01.3.1 | B19: IPI Exp. | C19: =291734.01+72933.5 -> 364667.51 | D19: =235640.93+19636.76+58910.25+78547.05 -> 392734.99 | E19: =D19*0.6 -> 235640.99 | F19: =(((C19*0.6)/12)*12)-E19 -> -16840.488 | G19: =(D19*0.05) -> 19636.75 | H19: =(((C19*0.25)/12)*12)-G19 -> 71530.128 | I19: =-D19*0.2 -> -78546.998 | J19: =(((C19*0.2)/12)*12)+I19 -> -5613.496 | K19: =D19*0.15 -> 58910.248 | L19: =(((C19*0.25)/12)*12)-K19 -> 32256.629
A20: 1.7.5.8.01.1.1 | B20: FUNDEB | C20: =26230319 -> 26230319 | D20: =26879636.73 -> 26879637 | I20: =-SUM(I12+SUM(I15:I19))-13848580.96 -> -19373.828
B21: TOTAIS: | C21: =SUM(C8:C20) -> 98785623 | D21: =SUM(D8:D20) -> 1.1222462e+08 | E21: =SUM(E8:E20) -> 51206991 | F21: =SUM(F8:F20) -> -7673808.8 | G21: =SUM(G8:G20) -> 7507039.1 | H21: =SUM(H8:H20) -> 10590914 | I21: =SUM(I8:I20) -> -13848581 | J21: =SUM(J8:J20) -> -2675820.3 | ... L21: =SUM(L8:L20) -> 5296205.9
C22: Percentual da Receita Realizada em relação a Prevista: | D22: =D21/C21 -> 1.1360421 | F22: Verificação: | G22: Cálculo: | I22: RECURSOS: | J22: ASPS | K22: LIVRE | L22: Total Geral:
C23: % da Despesa liquidada sobre a Receita realizada do FUNDEB | D23: =C27/D20 -> 0.9700356 | F23: Total da MDE | G23: =I33+J33 -> 34239520 | I23: DESPESA | J23: =D27 -> 19548352 | L23: =SUM(J23:K23) -> 19548352
F24: (-) Plus Fundeb | G24: =D20+I21 -> 13031056 | I24: ( - ) 3.1.91.13.20 | J24: 2153248.7 | L24: =SUM(J24:K24) -> 2153248.7
A25: DESPESA | B25: MDE | C25: FUNDEB | D25: ASPS | F25: (-)Rend. da MDE | G25: =B34 -> 947.02 | I25: ( - ) 3.3.91.08 | J25: =249100.91 -> 249100.91 | L25: =SUM(J25:K25) -> 249100.91
A26: EMPENHADO | B26: 8165315.9 | C26: 26400716 | D26: 19560963 | F26: (-)Rend. do FUNDEB | G26: =C34 -> 63992.06 | I26: ( - ) Rendimento | J26: =D34 -> 2129.56 | L26: =SUM(J26:K26) -> 2129.56
A27: LIQUIDADO | B27: 7024672.2 | C27: 26074205 | D27: 19548352 | F27: (-) 3.3.91.08 | G27: =SUM(I34:J35) -> 426522.27 | I27: ( = ) TOTAIS: | J27: =J23-SUM(J24:J26) -> 17143873 | K27: =K23-SUM(K24:K26) -> 0 | L27: =L23-SUM(L24:L26) -> 17143873
A28: PAGO | B28: 6181927.7 | C28: 25557371 | D28: 18637145 | F28: Valor a aplicado | G28: =G23-SUM(G24:G27) -> 20717003 | I28: índice Apurado: | J28: =(J27/(SUM(D8:D19))*100) -> 20.087733 | K28: =(K27/(SUM(D8:D19)))*100 -> 0 | L28: =(L27/(SUM(D8:D19)))*100 -> 20.087733
A29: % Emp. | B29: =B26/SUM(D8:D19) -> 0.095674232 | C29: =C26/D20 -> 0.98218275 | D29: =D26/SUM(D8:D19) -> 0.22919874 | F29: % da Educação | G29: =G28/(SUM(D8:D19)) -> 0.24274424
A30: % Liq. + Rep | B30: =(B27-B34)/SUM(D8:D19) -> 0.082298043 | C30: =(C26-C34)/D20 -> 0.97980207 | D30: =(D27-D34)/SUM(D8:D19) -> 0.22902602 | F30: APLICAÇÃO: | G30: =G28-(SUM(D8:D19)*0.25) -> -619242.95 | H30: =IF(G30>0," = A MAIOR","= A MENOR") -> = A MENOR
A31: %pago | B31: =B28/SUM(D8:D19) -> 0.072434575 | C31: =C27/D20 -> 0.9700356 | D31: =D27/SUM(D8:D19) -> 0.22905097 | E31: TOTAIS | H31: Metodologia de Cálculo realizado, conforme Ofício Circ DCF Nº 33/2021 do TCE/RS.
A32: a Liquidar | B32: =B26-B27 -> 1140643.6 | C32: =C26-C27 -> 326511.12 | D32: =D26-D27 -> 12610.77 | E32: =SUM(B32:D32) -> 1479765.5 | H32: RECURSOS: | I32: MDE | J32: FUNDEB | K32: LIVRE | L32: Total Geral:
A33: a Pagar | B33: =B27-B28 -> 842744.55 | C33: =C27-C28 -> 516833.75 | D33: =D27-D28 -> 911206.89 | E33: =SUM(B33:D33) -> 2270785.2 | H33: DESPESA | I33: =B26 -> 8165315.9 | J33: =C27 -> 26074205 | K33: =697985.52 -> 697985.52 | L33: =SUM(I33:K33) -> 34937506
A34: RENDIM.: | B34: =947.02 -> 947.02 | C34: =63992.06 -> 63992.06 | D34: =2129.56 -> 2129.56 | E34: =SUM(B34:D34) -> 67068.64 | H34: ( - ) 3.1.91.13.20 | L34: =SUM(I34:K34) -> 0
A35: Mínimo Anual de 70% do FUNDEB na Remuneração do Magistério | E35: =(J33-(J34+J35+J37))/D20 -> 0.95456419 | H35: ( - ) 3.3.91.08 | I35: =74648.57 -> 74648.57 | J35: =351873.7 -> 351873.7 | K35: =3456.68 -> 3456.68 | L35: =SUM(I35:K35) -> 429978.95
A36: Dedução a Menor para o FUNDEB no ICMS em R$ 19.373,83 | H36: ( - ) Plus do FUNDEB | J36: =D20+I21 -> 13031056 | L36: =SUM(I36:K36) -> 13031056
A37: Instrução Normativa TCE/RS nº 18/2020 - índices da Saúde e do Ensino. | H37: ( - ) Rendimento | I37: =B34 -> 947.02 | J37: =C34 -> 63992.06 | L37: =SUM(I37:K37) -> 64939.08
H38: ( = ) TOTAIS: | I38: =I33-SUM(I34:I37) -> 8089720.3 | J38: =J33-SUM(J34:J37) -> 12627283 | K38: =K33-SUM(K34:K37) -> 694528.84 | L38: =L33-SUM(L34:L37) -> 21411532
H39: Índice Apurado: | I39: =(I38/(SUM(D8:D19)))*100 -> 9.4788467 | J39: =(J38/(SUM(D8:D19)))*100 -> 14.795577 | K39: =(K38/(SUM(D8:D19))*100) -> 0.81378987 | L39: =(L38/(SUM(D8:D19)))*100 -> 25.088214
I40: =I39/L39 -> 0.37782071 | J40: =J39/L39 -> 0.58974215 | K40: =K39/L39 -> 0.032437139
A43: Giovani Amestoy da Silva | D43: Ihoko Nakashima Mota | G43: Arlei Lopes Souza
A44: Prefeito Municipal | D44: Secret. de Município da Fazenda | G44: Contador - CRC/RS: 068452/O-6

Sheet DespSEDUC
A3: Data Base: | B3: 44561
C4: 09 SECRETARIA DE MUNIC. DA EDUCACAO
C5: 09.01 ENSINO FUNDAMENTAL | E5: 09.02 ENSINO INFANTIL PRE-ESCOLA | H5: 09.03 ENSINO INFANTIL - CRECHE | J5: 09.05 ENSINO ESPECIAL | M5: 09.07 ENSINO JOVENS E ADULTOS - EJA
J6: 2.021 - 367
A9: Atividades: | B9: Dotações: | C9: Emp | D9: Líq | E9: Pgtos | F9: Saldo Dotações: | G9: Atividades: | H9: Dotações: | I9: Emp | J9: Líq | K9: Pgtos | L9: Saldo Dotações:
A10: 70% - 361 - 2.013 | B10: 13859464 | C10: 13856929 | D10: 13856929 | E10: 13581390 | F10: =B10-C10 -> 2535.18 | G10: 30% - 361 - 2.014 | H10: 2227002.3 | I10: 2226998.2 | J10: 2226998.2 | K10: 2226998.2 | L10: =H10-I10 -> 4.07
A11: 70% - PRE - 2.015 | B11: 3602780.6 | C11: 3602774.2 | D11: 3602774.2 | E11: 3400258 | F11: =B11-C11 -> 6.43 | G11: 30% PRE 2.016 | H11: 816562.03 | I11: 816556.93 | J11: 816556.93 | K11: 816445.28 | L11: =H11-I11 -> 5.1
A12: 70% CRECHE 2.017 | B12: 1351709.4 | C12: 1351705.2 | D12: 1351705.2 | E12: 1351705.2 | F12: =B12-C12 -> 4.17 | G12: 30% CRECHE 2.018 | H12: =1567806.86 -> 1567806.9 | I12: =1567799.55 -> 1567799.6 | J12: =1567799.55 -> 1567799.6 | K12: 1529132.3 | L12: =H12-I12 -> 7.31
A13: 70% Especial 2.021 | B13: =1351709.37 -> 1351709.4 | C13: 1351705.2 | D13: 1351705.2 | E13: 1351705.2 | F13: =B13-C13 -> 4.17 | G13: 30% EJA 2.023 | H13: 136885.97 | I13: 136882.3 | J13: 136882.3 | K13: 136882.3 | L13: =H13-I13 -> 3.67
A14: 70% EJA 2.022 | B14: 436027.61 | C14: 436022.78 | D14: 436022.78 | E14: 436022.78 | F14: =B14-C14 -> 4.83 | G14: 2.123 Reforma | H14: 327330 | I14: 326511.12 | L14: =H14-I14 -> 818.88
A15: SubTotais:01 | B15: =SUM(B10:B14) -> 20601691 | C15: =SUM(C10:C14) -> 20599136 | D15: =SUM(D10:D14) -> 20599136 | E15: =SUM(E10:E14) -> 20121082 | F15: =SUM(F10:F14) -> 2554.78 | G15: SubTotais: 03 | H15: =SUM(H10:H14) -> 5075587.1 | I15: =SUM(I10:I14) -> 5074748.1 | J15: =SUM(J10:J14) -> 4748237 | K15: =SUM(K10:K14) -> 4709458.1 | L15: =SUM(L10:L14) -> 839.03
C17: 60% FUNDEB | D17: =D15 -> 20599136 | E17: =D17/E37 -> 0.81267341 | I17: 40% FUNDEB: | J17: =J15 -> 4748237 | K17: =J17/E37 -> 0.18732659
A19: 70% - 361 - 2.013 | B19: 1268601.2 | C19: 469117.58 | D19: 469117.58 | E19: 257808.77 | F19: =B19-C19 -> 799483.61 | G19: 30% - 361 - 2.014 | H19: 3351965 | I19: 2644521.9 | J19: 2644521.9 | K19: 2466859.7 | L19: =H19-I19 -> 707443.13
A20: 70% - PRE - 2.015 | B20: 1084651.7 | C20: 444771.91 | D20: 444771.91 | E20: 393731.48 | F20: =B20-C20 -> 639879.76 | G20: 30% PRE 2.016 | H20: =611731.6 -> 611731.6 | I20: 146465.19 | J20: 146465.19 | K20: 131424.72 | L20: =H20-I20 -> 465266.41
A21: 70% CRECHE 2.017 | B21: 885868.11 | C21: 664665.08 | D21: 664665.08 | E21: 446839.5 | F21: =B21-C21 -> 221203.03 | G21: 30% CRECHE 2.018 | H21: 1632619.8 | I21: 295782.35 | J21: 295782.35 | K21: =245986.71 -> 245986.71 | L21: =H21-I21 -> 1336837.5
A22: 70% EJA 2.022 | B22: 90533.96 | C22: 38185.68 | D22: 38185.68 | E22: 30832.4 | F22: =B22-C22 -> 52348.28 | G22: 30%-361-2.023MDE | H22: 44311.27 | I22: 11432.96 | J22: 11432.96 | K22: 8412.18 | L22: =H22-I22 -> 32878.31
A23: Ens.Especial2021 | B23: 387073.04 | C23: 90222.99 | D23: 90222.99 | E23: 69093.3 | F23: =B23-C23 -> 296850.05 | G23: 30%-361 -2.014 Livre | H23: 297327.66 | I23: 296357.49 | J23: 296357.49 | K23: 294350.64 | L23: =H23-I23 -> 970.17
A24: Ens.Especial2120 | B24: 3080 | F24: =B24-C24 -> 3080 | G24: Livre - 2.248 | H24: 2.77 | L24: =H24-I24 -> 2.77
F25: =B25-C25 -> 0 | G25: 30% - 2245 MDE | H25: 1401602.8 | I25: 1345272.9 | J25: 1345272.9 | K25: 1321801.4 | L25: =H25-I25 -> 56329.92
A26: SubTotais:02 | B26: =SUM(B19:B25) -> 3719808 | C26: =SUM(C19:C25) -> 1706963.2 | D26: =SUM(D19:D25) -> 1706963.2 | E26: =SUM(E19:E25) -> 1198305.4 | F26: =SUM(F19:F25) -> 2012844.7 | G26: SubTotais: 04 | H26: =SUM(H19:H25) -> 7339561 | I26: =SUM(I19:I24) -> 3394559.9 | J26: =SUM(J19:J24) -> 3394559.9 | K26: =SUM(K19:K24) -> 3147034 | L26: =SUM(L19:L24) -> 2543398.3
C28: MDE: 0020 | D28: =D26 -> 1706963.2
A31: Descrição: | B31: Matrículas | C31: Proporção | D31: MDE e FUNDEB | E31: FUNDEB: Liquidada | F31: MDE+Livre: Liquidada | H31: Descrição: | I31: Emp | J31: Líq | K31: Pgtos
A32: Fundamental | B32: 2221 | C32: =B32/B37 -> 0.58217562 | D32: =C32*J34 -> 17726605 | E32: =D10+J10 -> 16083927 | F32: =D32-E32 -> 1642678 | H32: Fundeb: | I32: =C15+I15 -> 25673884 | J32: =D15+J15 -> 25347373 | K32: =E15+K15 -> 24830540
A33: Pré | B33: 648 | C33: =B33/B37 -> 0.16985583 | D33: =C33*J34 -> 5171922.7 | E33: =D11+J11 -> 4419331.1 | F33: =D33-E33 -> 752591.54 | H33: MDE: | I33: =C26+I26 -> 5101523.1 | J33: =D26+J26 -> 5101523.1 | K33: =E26+K26 -> 4345339.4
A34: Creche | B34: 480 | C34: =B34/B37 -> 0.12581913 | D34: =C34*J34 -> 3831053.8 | E34: =D12+J12 -> 2919504.8 | F34: =D34-E34 -> 911549.07 | H34: Total Geral: | I34: =I32+I33 -> 30775408 | J34: =J32+J33 -> 30448896 | K34: =K32+K33 -> 29175879
A35: EJA | B35: 143 | C35: =B35/B37 -> 0.037483617 | D35: =C35*J34 -> 1141334.8 | E35: =D13+J13 -> 1488587.5 | F35: =D35-E35 -> -347252.72
A36: Especial | B36: 323 | C36: =B36/B37 -> 0.084665793 | D36: =C36*J34 -> 2577980 | E36: =D14+J14 -> 436022.78 | F36: =D36-E36 -> 2141957.2
A37: Fonte SIOPE | B37: =SUM(B32:B36) -> 3815 | C37: =SUM(C32:C36) -> 1 | D37: =SUM(D32:D36) -> 30448896 | E37: =SUM(E32:E36) -> 25347373 | F37: =SUM(F32:F36) -> 5101523.1
D38: =SUM(E38:F38) -> 1 | E38: =E37/D37 -> 0.83245622 | F38: =F37/D37 -> 0.16754378
G39: Despesa Liquidada: | H39: Percentual s/ Total
A40: Repasses FUNDEB | B40: =Míni!D20 -> 26879637 | C40: =D17/B40 -> 0.76634728 | D40: 70,00% para as aplicaçoes mínimas no FUNDEB | G40: =D17 -> 20599136 | H40: =E17 -> 0.81267341
C41: =J17/B40 -> 0.17664811 | D41: 30,00% para as aplicaçoes maximas no FUNDEB | G41: =J17 -> 4748237 | H41: =K17 -> 0.18732659
C42: =SUM(C40:C41) -> 0.94299538 | F42: Total Liquidado do FUNDEB: | G42: =SUM(G40:G41) -> 25347373 | H42: =SUM(H40:H41) -> 1
A49: Giovani Amestoy da Silva | E49: Ihoko Nakashima Mota | J49: Arlei Lopes Souza
A50: Prefeito Municipal | E50: Secret. de Município da Fazenda | J50: Contador - CRC/RS: 068452/O-6

Sheet Emp
A1: Estado do Rio Grande do Sul - Prefeitura Municipal de Cacapava do Sul
A2: Disponibilidade Financeira do Recurso Vinculado - Dezembro de 2021
A4: Unidade Gestora: | C4: CONSOLIDADO
D6: Saldo Inicial Vinc. em C/C Bancária | E6: Receita Realizada no Exercício | F6: Transferências Recebidas | G6: Total do Recurso Vinculado | H6: Empenhos Orçam. Efetuados | I6: Empenhos Restos em 31/12/2020 | J6: Total Empenhado | K6: Transferências Devolvidas | L6: Saldo P/Utilização Recurso Vinculado
A7: Fonte de Recursos
A8: 1 | B8: Recurso Livre - Administração Direta Municipal | D8: 4.682.245,45 | E8: 53.969.344,16 | F8: 4.189.000,00 | G8: 62.840.589,61 | H8: 41.120.281,09 | I8: 14.582.056,70 | J8: 55.702.337,79 | K8: 4.189.000,00 | L8: 2.949.251,82
A9: 20 | B9: MDE - Manutenção e Desenvolvimento Ensino | D9: 21.322,44 | E9: 7.506.868,73 | F9: 0,00 | G9: 7.528.191,17 | H9: 8.165.315,88 | I9: 4.165.008,25 | J9: 12.330.324,13 | K9: 0,00 | L9: -4.802.132,96
A10: 30 | B10: FUNDEF | D10: 0,00 | E10: 0,00 | F10: 0,00 | G10: 0,00 | H10: 0,00 | I10: 57,84 | J10: 57,84 | K10: 0,00 | L10: -57,84
A11: 31 | B11: FUNDEB (a partir de 01/01/2007 - Instituído pela EC n° 53/2006) | D11: 467.418,85 | E11: 26.943.628,79 | F11: 0,00 | G11: 27.411.047,64 | H11: 26.400.715,65 | I11: 492.837,01 | J11: 26.893.552,66 | K11: 0,00 | L11: 517.494,98
A12: 40 | B12: ASPS - Ações de Serviços Públicos de Saúde | D12: 117.931,20 | E12: 12.800.160,66 | F12: 0,00 | G12: 12.918.091,86 | H12: 19.560.962,63 | I12: 7.343.277,16 | J12: 26.904.239,79 | K12: 0,00 | L12: -13.986.147,93
A13: 50 | B13: RPPS (instituído como FUNDO dentro da Administração Direta) | D13: 33.035.663,09 | E13: 32.953.972,89 | F13: 0,00 | G13: 65.989.635,98 | H13: 24.226.086,52 | I13: 33.584,90 | J13: 24.259.671,42 | K13: 0,00 | L13: 41.729.964,56
A14: 900 | B14: COVID-19 | D14: 4,50 | E14: 0,00 | F14: 0,00 | G14: 4,50 | H14: 0,00 | I14: 0,00 | J14: 0,00 | K14: 0,00 | L14: 4,50
A15: 1022 | B15: PROGRAMA NACIONAL DE ALIMENTACAO ESCOLAR PNAE/FNDE. | D15: 232.186,33 | E15: 435.902,28 | F15: 0,00 | G15: 668.088,61 | H15: 562.650,30 | I15: 0,00 | J15: 562.650,30 | K15: 0,00 | L15: 105.438,31
A16: 1023 | B16: SALARIO EDUCACAO | D16: 516.318,48 | E16: 1.611.651,99 | F16: 0,00 | G16: 2.127.970,47 | H16: 681.704,84 | I16: 66.203,55 | J16: 747.908,39 | K16: 0,00 | L16: 1.380.062,08
A17: 1024 | B17: TRANSPORTE ESCOLAR | D17: 228.138,49 | E17: 181.637,74 | F17: 0,00 | G17: 409.776,23 | H17: 212.311,50 | I17: 0,00 | J17: 212.311,50 | K17: 0,00 | L17: 197.464,73
A18: 1025 | B18: CONVENIO UNIAO FUNDACAO NACIONAL DE DESENVOLVIMENTO DA EDUCACAO - FNDE | D18: 1.350.359,29 | E18: 39.881,17 | F18: 0,00 | G18: 1.390.240,46 | H18: 0,00 | I18: 0,00 | J18: 0,00 | K18: 0,00 | L18: 1.390.240,46
A19: 1026 | B19: Recursos do PEATE/RS | D19: 378.419,89 | E19: 1.089.684,58 | F19: 0,00 | G19: 1.468.104,47 | H19: 1.393.558,75 | I19: 900,00 | J19: 1.394.458,75 | K19: 0,00 | L19: 73.645,72
... A91: 8050 | B91: RECURSO EXTRAORÇAMENTÁRIO DO RPPS | D91: 671.158,65 | E91: 0,00 | F91: 0,00 | G91: 671.158,65 | H91: 0,00 | I91: 0,00 | J91: 0,00 | K91: 0,00 | L91: 671.158,65
A93: Total Geral: | D93: 51.253.703,33 | E93: 153.888.659,43 | F93: 4.189.000,00 | G93: 209.331.362,76 | H93: 141.056.689,89 | I93: 29.440.639,33 | J93: 170.497.329,22 | K93: 4.189.000,00 | L93: 34.645.033,54

Sheet Liquid
A1: Estado do Rio Grande do Sul - Prefeitura Municipal de Cacapava do Sul
A2: Disponibilidade Financeira do Recurso Vinculado - Dezembro de 2021
A4: Unidade Gestora: | C4: CONSOLIDADO
D6: Saldo Inicial Vinc. em C/C Bancária | E6: Receita Realizada no Exercício | F6: Transferências Recebidas | G6: Total do Recurso Vinculado | H6: Liquidações Orçam. Efetuados | I6: Liquidações de Restos Efetuadas | J6: Total das Liquidações | K6: Transferências Devolvidas | L6: Saldo P/Utilização Recurso Vinculado
A7: Fonte de Recursos
A8: 1 | B8: Recurso Livre - Administração Direta Municipal | D8: 4.682.245,45 | E8: 53.969.344,16 | F8: 4.189.000,00 | G8: 62.840.589,61 | H8: 40.971.358,93 | I8: 351.809,81 | J8: 41.323.168,74 | K8: 4.189.000,00 | L8: 17.328.420,87
A9: 20 | B9: MDE - Manutenção e Desenvolvimento Ensino | D9: 21.322,44 | E9: 7.506.868,73 | F9: 0,00 | G9: 7.528.191,17 | H9: 7.024.672,24 | I9: 307.294,71 | J9: 7.331.966,95 | K9: 0,00 | L9: 196.224,22
A10: 31 | B10: FUNDEB (a partir de 01/01/2007 - Instituído pela EC n° 53/2006) | D10: 467.418,85 | E10: 26.943.628,79 | F10: 0,00 | G10: 27.411.047,64 | H10: 26.074.204,53 | I10: 0,00 | J10: 26.074.204,53 | K10: 0,00 | L10: 1.336.843,11
A11: 40 | B11: ASPS - Ações de Serviços Públicos de Saúde | D11: 117.931,20 | E11: 12.800.160,66 | F11: 0,00 | G11: 12.918.091,86 | H11: 19.548.351,86 | I11: 399.857,31 | J11: 19.948.209,17 | K11: 0,00 | L11: -7.030.117,31
A12: 50 | B12: RPPS (instituído como FUNDO dentro da Administração Direta) | D12: 33.035.663,09 | E12: 32.953.972,89 | F12: 0,00 | G12: 65.989.635,98 | H12: 24.216.286,52 | I12: 0,00 | J12: 24.216.286,52 | K12: 0,00 | L12: 41.773.349,46
A13: 900 | B13: COVID-19 | D13: 4,50 | E13: 0,00 | F13: 0,00 | G13: 4,50 | H13: 0,00 | I13: 0,00 | J13: 0,00 | K13: 0,00 | L13: 4,50
A14: 1022 | B14: PROGRAMA NACIONAL DE ALIMENTACAO ESCOLAR PNAE/FNDE. | D14: 232.186,33 | E14: 435.902,28 | F14: 0,00 | G14: 668.088,61 | H14: 562.650,30 | I14: 0,00 | J14: 562.650,30 | K14: 0,00 | L14: 105.438,31
A15: 1023 | B15: SALARIO EDUCACAO | D15: 516.318,48 | E15: 1.611.651,99 | F15: 0,00 | G15: 2.127.970,47 | H15: 680.648,84 | I15: 6.200,55 | J15: 686.849,39 | K15: 0,00 | L15: 1.441.121,08
A16: 1024 | B16: TRANSPORTE ESCOLAR | D16: 228.138,49 | E16: 181.637,74 | F16: 0,00 | G16: 409.776,23 | H16: 212.311,50 | I16: 0,00 | J16: 212.311,50 | K16: 0,00 | L16: 197.464,73
A17: 1025 | B17: CONVENIO UNIAO FUNDACAO NACIONAL DE DESENVOLVIMENTO DA EDUCACAO - FNDE | D17: 1.350.359,29 | E17: 39.881,17 | F17: 0,00 | G17: 1.390.240,46 | H17: 0,00 | I17: 0,00 | J17: 0,00 | K17: 0,00 | L17: 1.390.240,46
A18: 1026 | B18: Recursos do PEATE/RS | D18: 378.419,89 | E18: 1.089.684,58 | F18: 0,00 | G18: 1.468.104,47 | H18: 1.393.558,75 | I18: 0,00 | J18: 1.393.558,75 | K18: 0,00 | L18: 74.545,72
A19: 1031 | B19: RECURSOS CREDITO EDUCATIVO FUNCRED | D19: 13.638,11 | E19: 342,97 | F19: 0,00 | G19: 13.981,08 | H19: 0,00 | I19: 0,00 | J19: 0,00 | K19: 0,00 | L19: 13.981,08
... A86: 8050 | B86: RECURSO EXTRAORÇAMENTÁRIO DO RPPS | D86: 671.158,65 | E86: 0,00 | F86: 0,00 | G86: 671.158,65 | H86: 0,00 | I86: 0,00 | J86: 0,00 | K86: 0,00 | L86: 671.158,65
A88: Total Geral: | D88: 51.253.703,33 | E88: 153.888.659,43 | F88: 4.189.000,00 | G88: 209.331.362,76 | H88: 139.225.135,18 | I88: 1.391.606,60 | J88: 140.616.741,78 | K88: 4.189.000,00 | L88: 64.525.620,98

Sheet Pgtos
A1: Estado do Rio Grande do Sul - Prefeitura Municipal de Cacapava do Sul
A2: Disponibilidade Financeira do Recurso Vinculado - Dezembro de 2021
A4: Unidade Gestora: | C4: CONSOLIDADO
D6: Saldo Inicial Vinc. em C/C Bancária | E6: Receita Realizada no Exercício | F6: Transferências Recebidas | G6: Total do Recurso Vinculado | H6: Pagamentos Orçam. Efetuados | I6: Pagamentos de Restos Efetuados | J6: Total dos Pagamentos | K6: Transferências Devolvidas | L6: Saldo P/Utilização Recurso Vinculado
A7: Fonte de Recursos
A8: 1 | B8: Recurso Livre - Administração Direta Municipal | D8: 4.682.245,45 | E8: 53.969.344,16 | F8: 4.189.000,00 | G8: 62.840.589,61 | H8: 38.666.374,88 | I8: 3.667.017,90 | J8: 42.333.392,78 | K8: 4.189.000,00 | L8: 16.318.196,83
A9: 20 | B9: MDE - Manutenção e Desenvolvimento Ensino | D9: 21.322,44 | E9: 7.506.868,73 | F9: 0,00 | G9: 7.528.191,17 | H9: 6.181.927,69 | I9: 1.182.054,77 | J9: 7.363.982,46 | K9: 0,00 | L9: 164.208,71
A10: 31 | B10: FUNDEB (a partir de 01/01/2007 - Instituído pela EC n° 53/2006) | D10: 467.418,85 | E10: 26.943.628,79 | F10: 0,00 | G10: 27.411.047,64 | H10: 25.557.370,78 | I10: 249.391,86 | J10: 25.806.762,64 | K10: 0,00 | L10: 1.604.285,00
A11: 40 | B11: ASPS - Ações de Serviços Públicos de Saúde | D11: 117.931,20 | E11: 12.800.160,66 | F11: 0,00 | G11: 12.918.091,86 | H11: 18.637.144,97 | I11: 2.496.179,73 | J11: 21.133.324,70 | K11: 0,00 | L11: -8.215.232,84
A12: 50 | B12: RPPS (instituído como FUNDO dentro da Administração Direta) | D12: 33.035.663,09 | E12: 32.953.972,89 | F12: 0,00 | G12: 65.989.635,98 | H12: 24.214.397,41 | I12: 654,00 | J12: 24.215.051,41 | K12: 0,00 | L12: 41.774.584,57
A13: 900 | B13: COVID-19 | D13: 4,50 | E13: 0,00 | F13: 0,00 | G13: 4,50 | H13: 0,00 | I13: 0,00 | J13: 0,00 | K13: 0,00 | L13: 4,50
A14: 1022 | B14: PROGRAMA NACIONAL DE ALIMENTACAO ESCOLAR PNAE/FNDE. | D14: 232.186,33 | E14: 435.902,28 | F14: 0,00 | G14: 668.088,61 | H14: 562.650,30 | I14: 0,00 | J14: 562.650,30 | K14: 0,00 | L14: 105.438,31
A15: 1023 | B15: SALARIO EDUCACAO | D15: 516.318,48 | E15: 1.611.651,99 | F15: 0,00 | G15: 2.127.970,47 | H15: 650.648,45 | I15: 65.062,83 | J15: 715.711,28 | K15: 0,00 | L15: 1.412.259,19
A16: 1024 | B16: TRANSPORTE ESCOLAR | D16: 228.138,49 | E16: 181.637,74 | F16: 0,00 | G16: 409.776,23 | H16: 192.211,72 | I16: 0,00 | J16: 192.211,72 | K16: 0,00 | L16: 217.564,51
A17: 1025 | B17: CONVENIO UNIAO FUNDACAO NACIONAL DE DESENVOLVIMENTO DA EDUCACAO - FNDE | D17: 1.350.359,29 | E17: 39.881,17 | F17: 0,00 | G17: 1.390.240,46 | H17: 0,00 | I17: 0,00 | J17: 0,00 | K17: 0,00 | L17: 1.390.240,46
A18: 1026 | B18: Recursos do PEATE/RS | D18: 378.419,89 | E18: 1.089.684,58 | F18: 0,00 | G18: 1.468.104,47 | H18: 1.128.620,43 | I18: 150,00 | J18: 1.128.770,43 | K18: 0,00 | L18: 339.334,04
A19: 1031 | B19: RECURSOS CREDITO EDUCATIVO FUNCRED | D19: 13.638,11 | E19: 342,97 | F19: 0,00 | G19: 13.981,08 | H19: 0,00 | I19: 0,00 | J19: 0,00 | K19: 0,00 | L19: 13.981,08
... A86: 8050 | B86: RECURSO EXTRAORÇAMENTÁRIO DO RPPS | D86: 671.158,65 | E86: 0,00 | F86: 0,00 | G86: 671.158,65 | H86: 0,00 | I86: 0,00 | J86: 0,00 | K86: 0,00 | L86: 671.158,65
A88: Total Geral: | D88: 51.253.703,33 | E88: 153.888.659,43 | F88: 4.189.000,00 | G88: 209.331.362,76 | H88: 133.480.989,17 | I88: 8.489.278,25 | J88: 141.970.267,42 | K88: 4.189.000,00 | L88: 63.172.095,34

Sheet Bal_Orç
A1: Prefeitura Municipal de Cacapava do Sul-RS | S1: Página 1 de 3
A2: Relatório Resumido da Execução Orçamentária
A3: Balanço Orçamentário
A4: Orçamento Fiscal e da Seguridade Social
A5: Janeiro a Dezembro 2021/Bimestre Novembro-Dezembro
A7: RREO - Anexo 1 (LRF, Art. 52, inciso I, alineas "a" e "b" do inciso II e §1º) | Q7: R$ 1,00
A8: RECEITAS | B8: PREVISÃO INICIAL | D8: PREVISÃO ATUALIZADA (a) | E8: RECEITAS REALIZADAS | O8: SALDO (a-c)
E9: No Bimestre (b) | F9: % (b/a) | I9: Até o Bimestre (c) | M9: % (c/a)
A10: RECEITAS (EXCETO INTRAORÇAMENTÁRIAS) (I) | B10: 122.816.285,74 | D10: 131.656.939,46 | E10: 27.878.249,29 | F10: 21,17 | I10: 126.457.481,26 | M10: 96,05 | O10: 5.199.458,20
A11: Receitas Correntes | B11: 121.126.571,23 | D11: 129.964.620,36 | E11: 27.714.605,52 | F11: 21,32 | I11: 125.445.484,10 | M11: 96,52 | O11: 4.519.136,26
A12: Impostos, Taxas e Contribuições de Melhoria | B12: 16.660.976,72 | D12: 16.660.976,72 | E12: 3.415.559,28 | F12: 20,50 | I12: 14.496.960,08 | M12: 87,01 | O12: 2.164.016,64
A13: Impostos | B13: 14.327.900,03 | D13: 14.327.900,03 | E13: 3.351.978,72 | F13: 23,39 | I13: 13.927.190,60 | M13: 97,20 | O13: 400.709,43
A14: Taxas | B14: 1.336.827,53 | D14: 1.336.827,53 | E14: 63.580,44 | F14: 4,76 | I14: 567.791,67 | M14: 42,47 | O14: 769.035,86
A15: Contribuição de Melhoria | B15: 996.249,16 | D15: 996.249,16 | E15: 0,12 | F15: - | I15: 1.977,81 | M15: 0,20 | O15: 994.271,35
A16: Contribuições | B16: 6.515.567,25 | D16: 6.515.567,25 | E16: 1.700.078,26 | F16: 26,09 | I16: 7.921.649,35 | M16: 121,58 | O16: (1.406.082,10)
A17: Contribuições Sociais | B17: 5.583.836,41 | D17: 5.583.836,41 | E17: 1.505.134,61 | F17: 26,96 | I17: 6.853.164,98 | M17: 122,73 | O17: (1.269.328,57)
A18: Contribuição para o Custeio do Serviço de Iluminação Pública | B18: 931.730,84 | D18: 931.730,84 | E18: 194.943,65 | F18: 20,92 | I18: 1.068.484,37 | M18: 114,68 | O18: (136.753,53)
A19: Receita Patrimonial | B19: 6.420.844,14 | D19: 6.420.844,14 | E19: 1.195.620,89 | F19: 18,62 | I19: 1.937.842,34 | M19: 30,18 | O19: 4.483.001,80
A20: Exploração do Patrimônio Imobiliário do Estado | B20: 156.935,38 | D20: 156.935,38 | E20: 6.378,97 | F20: 4,06 | I20: 22.260,18 | M20: 14,18 | O20: 134.675,20
A21: Valores Mobiliários | B21: 6.263.908,76 | D21: 6.263.908,76 | E21: 1.189.241,92 | F21: 18,99 | I21: 1.915.582,16 | M21: 30,58 | O21: 4.348.326,60
... A28: Transferências dos Municípios e de suas Entidades | B28: 3.100.000,00 | D28: 3.100.000,00 | E28: 5.611,14 | F28: 0,18 | I28: 33.651,84 | M28: 1,09 | O28: 3.066.348,16
A29: Transferências de Instituições Privadas | B29: 4 | D29: 4,00 | E29: - | F29: - | I29: - | M29: - | O29: 4,00
A30: Transferências de Outras Instituições Públicas | B30: 19.076.280,00 | D30: 26.230.319,00 | E30: 5.062.211,11 | F30: 19,30 | I30: 26.879.636,73 | M30: 102,48 | O30: (649.317,73)
A31: Transferências de Pessoas Físicas | B31: 300.000,00 | D31: 300.000,00 | E31: - | F31: - | I31: 3.850,00 | M31: 1,28 | O31: 296.150,00
A32: Outras Receitas Correntes | B32: 6.877.380,05 | D32: 6.877.380,05 | E32: 465.511,44 | F32: 6,77 | I32: 2.351.734,62 | M32: 34,20 | O32: 4.525.645,43
A33: Multas Administrativas, Contratuais e Judiciais | B33: 80.000,00 | D33: 80.000,00 | E33: 17.661,53 | F33: 22,08 | I33: 78.970,46 | M33: 98,71 | O33: 1.029,54
A34: Indenizações, Restituições e Ressarcimentos | B34: 3.720.664,90 | D34: 3.720.664,90 | E34: 34.783,49 | F34: 0,93 | I34: 241.787,48 | M34: 6,50 | O34: 3.478.877,42
A35: Demais Receitas Correntes | B35: 3.076.715,15 | D35: 3.076.715,15 | E35: 413.066,42 | F35: 13,43 | I35: 2.030.976,68 | M35: 66,01 | O35: 1.045.738,47
A36: Receitas de Capital | B36: 1.689.714,51 | D36: 1.692.319,10 | E36: 163.643,77 | F36: 9,67 | I36: 1.011.997,16 | M36: 59,80 | O36: 680.321,94
A37: Amortização de Empréstimos | B37: 60.000,00 | D37: 60.000,00 | E37: 351,80 | F37: 0,59 | I37: 879,50 | M37: 1,47 | O37: 59.120,50
A38: Transferências de Capital | B38: 1.618.818,66 | D38: 1.618.818,66 | E38: 145.037,43 | F38: 8,96 | I38: 963.515,27 | M38: 59,52 | O38: 655.303,39
A39: Transferências da União e de suas Entidades | B39: 1.598.818,66 | D39: 1.598.818,66 | E39: 145.037,43 | F39: 9,07 | I39: 913.515,27 | M39: 57,14 | O39: 685.303,39
A40: Transf dos Estados e do Distrito Federal e de suas Entidades | B40: 20.000,00 | D40: 20.000,00 | E40: - | F40: - | I40: 50.000,00 | M40: 250,00 | O40: (30.000,00)
A41: Outras Receitas de Capital | B41: 10.895,85 | D41: 13.500,44 | E41: 18.254,54 | F41: 135,21 | I41: 47.602,39 | M41: 352,60 | O41: (34.101,95)
... A46: SUBTOTAL DAS RECEITAS (III) = (I + II) | B46: 140.361.710,27 | D46: 149.202.363,99 | E46: 33.926.961,48 | F46: 22,74 | I46: 153.888.659,43 | M46: 103,14 | O46: (4.686.295,44)
A47: FONTE: GOVBR - Responsabilidade Fiscal, SECRETARIA DE MUNICÍPIO DA FAZENDA, 27/Jan/2022, 13h e 17m.
A49: Prefeitura Municipal de Cacapava do Sul-RS | S49: Página 2 de 3
A50: Relatório Resumido da Execução Orçamentária
A51: Balanço Orçamentário
A52: Orçamento Fiscal e da Seguridade Social
A53: Janeiro a Dezembro 2021/Bimestre Novembro-Dezembro
A55: RREO - Anexo 1 (LRF, Art. 52, inciso I, alineas "a" e "b" do inciso II e §1º) | Q55: R$ 1,00
A56: RECEITAS | B56: PREVISÃO INICIAL | D56: PREVISÃO ATUALIZADA (a) | E56: RECEITAS REALIZADAS | O56: SALDO (a-c)
E57: No Bimestre (b) | F57: % (b/a) | I57: Até o Bimestre (c) | M57: % (c/a)
A58: OPERAÇÕES DE CRÉDITO / REFINANCIAMENTO (IV) | B58: - | D58: - | E58: - | F58: - | I58: - | M58: - | O58: -
A59: Operações de Crédito - Mercado Interno | B59: - | D59: - | E59: - | F59: - | I59: - | M59: - | O59: -
A60: Operações de Crédito - Mercado Externo | B60: - | D60: - | E60: - | F60: - | I60: - | M60: - | O60: -
A61: TOTAL DAS RECEITAS (V) = (III + IV) | B61: 140.361.710,27 | D61: 149.202.363,99 | E61: 33.926.961,48 | F61: 22,74 | I61: 153.888.659,43 | M61: 103,14 | O61: (4.686.295,44)
A62: DÉFICIT (VI)¹ | B62: - | D62: - | E62: - | F62: - | I62: - | M62: - | O62: -
A63: TOTAL COM DÉFICIT (VII) = (V + VI) | B63: 140.361.710,27 | D63: 149.202.363,99 | E63: 33.926.961,48 | F63: 22,74 | I63: 153.888.659,43 | M63: 103,14 | O63: (4.686.295,44)
A64: SALDOS DE EXERCÍCIOS ANTERIORES | B64: - | D64: 7.327.192,94 | E64: - | F64: - | I64: 7.327.192,94 | M64: - | O64: -
A65: Superávit Financeiro Utilizado para Créditos Adicionais | B65: - | D65: 7.327.192,94 | E65: - | F65: - | I65: 7.327.192,94 | M65: - | O65: -
A67: DESPESAS | B67: DOTAÇÃO INICIAL (d) | D67: DOTAÇÃO ATUALIZADA (e) | E67: DESPESAS EMPENHADAS | J67: SALDO (g)=(e-f) | L67: DESPESAS LIQUIDADAS | P67: SALDO (i)=(e-h) | Q67: DESPESAS PAGAS ATÉ O BIMESTRE (j) | R67: INSCRITAS EM RESTOS A PAGAR NÃO PROCESSADOS (k)
E68: No Bimestre | F68: Até o Bimestre (f) | L68: No Bimestre | O68: Até o Bimestre (h)
A69: DESPESAS (EXCETO INTRAORÇAMENTÁRIAS) (VIII) | B69: 110.886.712,01 | D69: 130.353.118,20 | E69: 23.853.505,53 | F69: 116.934.253,63 | J69: 13.418.864,57 | L69: 26.477.674,84 | O69: 115.102.698,92 | P69: 15.250.419,28 | Q69: 110.922.787,80 | R69: 1.831.554,71
A70: DESPESAS CORRENTES | B70: 106.197.640,80 | D70: 122.223.892,41 | E70: 22.666.031,65 | F70: 114.223.101,07 | J70: 8.000.791,34 | L70: 25.728.014,54 | O70: 113.262.489,95 | P70: 8.961.402,46 | Q70: 109.349.368,31 | R70: 960.611,12
A71: PESSOAL E ENCARGOS SOCIAIS | B71: 73.555.477,31 | D71: 78.710.268,49 | E71: 17.909.464,45 | F71: 75.529.351,36 | J71: 3.180.917,13 | L71: 17.966.734,93 | O71: 75.529.351,36 | P71: 3.180.917,13 | Q71: 74.657.076,84 | R71: -
A72: JUROS E ENCARGOS DA DÍVIDA | B72: 48.629,00 | D72: 73.524,60 | E72: - | F72: 66.949,44 | J72: 6.575,16 | L72: 11.158,24 | O72: 66.949,44 | P72: 6.575,16 | Q72: 66.949,44 | R72: -
A73: OUTRAS DESPESAS CORRENTES | B73: 32.593.534,49 | D73: 43.440.099,32 | E73: 4.756.567,20 | F73: 38.626.800,27 | J73: 4.813.299,05 | L73: 7.750.121,37 | O73: 37.666.189,15 | P73: 5.773.910,17 | Q73: 34.625.342,03 | R73: 960.611,12
A74: DESPESAS DE CAPITAL | B74: 3.375.300,70 | D74: 8.129.224,61 | E74: 1.187.473,88 | F74: 2.711.152,56 | J74: 5.418.072,05 | L74: 749.660,30 | O74: 1.840.208,97 | P74: 6.289.015,64 | Q74: 1.573.419,49 | R74: 870.943,59
A75: INVESTIMENTOS | B75: 3.113.464,32 | D75: 8.116.820,23 | E75: 1.187.473,88 | F75: 2.711.152,56 | J75: 5.405.667,67 | L75: 749.660,30 | O75: 1.840.208,97 | P75: 6.276.611,26 | Q75: 1.573.419,49 | R75: 870.943,59
A76: INVERSÕES FINANCEIRAS | B76: 12.563,00 | D76: 11.583,00 | E76: - | F76: - | J76: 11.583,00 | L76: - | O76: - | P76: 11.583,00 | Q76: - | R76: -
A77: AMORTIZAÇÃO DA DÍVIDA | B77: 249.273,38 | D77: 821.38 | E77: - | F77: - | J77: 821.38 | L77: - | O77: - | P77: 821.38 | Q77: - | R77: -
A78: RESERVA DE CONTINGÊNCIA | B78: 1.313.770,51 | D78: 1.18 | E78: - | F78: - | J78: 1.18 | L78: - | O78: - | P78: 1.18 | Q78: - | R78: -
A79: DESPESAS (INTRAORÇAMENTÁRIAS) (IX) | B79: 26.505.978,60 | D79: 25.802.688,22 | E79: 5.421.939,88 | F79: 24.122.436,26 | J79: 1.680.251,96 | L79: 5.421.939,88 | O79: 24.122.436,26 | P79: 1.680.251,96 | Q79: 22.558.201,37 | R79: -
A80: SUBTOTAL DAS DESPESAS (X) = (VIII + IX) | B80: 137.392.690,61 | D80: 156.155.806,42 | E80: 29.275.445,41 | F80: 141.056.689,89 | J80: 15.099.116,53 | L80: 31.899.614,72 | O80: 139.225.135,18 | P80: 16.930.671,24 | Q80: 133.480.989,17 | R80: 1.831.554,71
A81: AMORTIZAÇÃO DA DÍV. / REFINANCIAMENTO (XI) | B81: - | D81: - | E81: - | F81: - | J81: - | L81: - | O81: - | P81: - | Q81: - | R81: -
A82: Amortização da Dívida Interna | B82: - | D82: - | E82: - | F82: - | J82: - | L82: - | O82: - | P82: - | Q82: - | R82: -
A83: Amortização da Dívida Externa | B83: - | D83: - | E83: - | F83: - | J83: - | L83: - | O83: - | P83: - | Q83: - | R83: -
A84: TOTAL DAS DESPESAS (XII) = (X + XI) | B84: 137.392.690,61 | D84: 156.155.806,42 | E84: 29.275.445,41 | F84: 141.056.689,89 | J84: 15.099.116,53 | L84: 31.899.614,72 | O84: 139.225.135,18 | P84: 16.930.671,24 | Q84: 133.480.989,17 | R84: 1.831.554,71
A85: SUPERÁVIT (XIII) | B85: - | D85: - | E85: - | F85: 12.831.969,54 | J85: - | L85: - | O85: 14.663.524,25 | P85: - | Q85: 20.407.670,26 | R85: -
A86: TOTAL COM SUPERÁVIT (XIV) = (XII + XIII) | B86: 137.392.690,61 | D86: 156.155.806,42 | E86: 29.275.445,41 | F86: 153.888.659,43 | J86: - | L86: 31.899.614,72 | O86: 153.888.659,43 | P86: 16.930.671,24 | Q86: 153.888.659,43 | R86: 1.831.554,71
A87: RESERVA DO RPPS | B87: 2.985.119,66 | D87: 1.523.281,66 | E87: - | F87: - | J87: 1.523.281,66 | L87: - | O87: - | P87: 1.523.281,66 | Q87: - | R87: -
A90: FONTE: GOVBR - Responsabilidade Fiscal, SECRETARIA DE MUNICÍPIO DA FAZENDA, 27/Jan/2022, 13h e 17m.
A92: Prefeitura Municipal de Cacapava do Sul-RS | S92: Página 3 de 3
A93: Relatório Resumido da Execução Orçamentária
A94: Balanço Orçamentário
A95: Orçamento Fiscal e da Seguridade Social
A96: Janeiro a Dezembro 2021/Bimestre Novembro-Dezembro
A98: RREO - Anexo 1 (LRF, Art. 52, inciso I, alineas "a" e "b" do inciso II e §1º) | Q98: R$ 1,00
A99: RECEITAS INTRAORÇAMENTÁRIAS | B99: PREVISÃO INICIAL | D99: PREVISÃO ATUALIZADA (a) | E99: RECEITAS REALIZADAS | L99: SALDO (a-c)
E100: No Bimestre (b) | F100: % (b/a) | G100: Até o Bimestre (c) | K100: % (c/a)
A101: RECEITAS (INTRAORÇAMENTÁRIAS) (II) | B101: 17.545.424,53 | D101: 17.545.424,53 | E101: 6.048.712,19 | F101: 34,47 | G101: 27.431.178,17 | K101: - | L101: (9.885.753,64)
A102: Receitas Correntes Intraorçamentárias | B102: 17.003.424,53 | D102: 17.003.424,53 | E102: 6.048.712,19 | F102: 35,57 | G102: 27.409.106,68 | K102: - | L102: (10.405.682,15)
A103: Contribuições | B103: 7.617.038,59 | D103: 7.617.038,59 | E103: 2.545.806,57 | F103: 33,42 | G103: 12.293.558,97 | K103: - | L103: (4.676.520,38)
A104: Contribuições Sociais | B104: 7.617.038,59 | D104: 7.617.038,59 | E104: 2.545.806,57 | F104: 33,42 | G104: 12.293.558,97 | K104: - | L104: (4.676.520,38)
A105: Outras Receitas Correntes | B105: 9.386.385,94 | D105: 9.386.385,94 | E105: 3.502.905,62 | F105: 37,32 | G105: 15.115.547,71 | K105: - | L105: (5.729.161,77)
A106: Demais Receitas Correntes | B106: 9.386.385,94 | D106: 9.386.385,94 | E106: 3.502.905,62 | F106: 37,32 | G106: 15.115.547,71 | K106: - | L106: (5.729.161,77)
A107: Receitas de Capital Intraorçamentárias | B107: 542.000,00 | D107: 542.000,00 | E107: - | F107: - | G107: 22.071,49 | K107: - | L107: 519.928,51
A108: Amortização de Empréstimos | B108: 542.000,00 | D108: 542.000,00 | E108: - | F108: - | G108: 22.071,49 | K108: - | L108: 519.928,51
A110: DESPESAS INTRAORÇAMENTÁRIAS | B110: DOTAÇÃO INICIAL (d) | D110: DOTAÇÃO ATUALIZADA (e) | E110: DESPESAS EMPENHADAS | J110: SALDO (g)=(e-f) | L110: DESPESAS LIQUIDADAS | P110: SALDO (i)=(e-h) | Q110: DESPESAS PAGAS ATÉ O BIMESTRE (j) | R110: INSCRITAS EM RESTOS A PAGAR NÃO PROCESSADOS (k)
E111: No Bimestre | F111: Até o Bimestre (f) | L111: No Bimestre | O111: Até o Bimestre (h)
A112: DESPESAS (INTRAORÇAMENTÁRIAS) (IX) | B112: 26.505.978,60 | D112: 25.802.688,22 | E112: 5.421.939,88 | F112: 24.122.436,26 | J112: 1.680.251,96 | L112: 5.421.939,88 | O112: 24.122.436,26 | P112: 1.680.251,96 | Q112: 22.558.201,37 | R112: -
A113: DESPESAS CORRENTES | B113: 26.505.934,60 | D113: 25.802.644,22 | E113: 5.421.939,88 | F113: 24.122.436,26 | J113: 1.680.207,96 | L113: 5.421.939,88 | O113: 24.122.436,26 | P113: 1.680.207,96 | Q113: 22.558.201,37 | R113: -
A114: PESSOAL E ENCARGOS SOCIAIS | B114: 24.634.803,56 | D114: 24.028.177,46 | E114: 5.149.759,13 | F114: 22.497.634,54 | J114: 1.530.542,92 | L114: 5.149.759,13 | O114: 22.497.634,54 | P114: 1.530.542,92 | Q114: 21.073.700,45 | R114: -
A115: JUROS E ENCARGOS DA DÍVIDA | B115: 2 | D115: 2,00 | E115: - | F115: - | J115: 2,00 | L115: - | O115: - | P115: 2,00 | Q115: - | R115: -
A116: OUTRAS DESPESAS CORRENTES | B116: 1.871.129,04 | D116: 1.774.464,76 | E116: 272.180,75 | F116: 1.624.801,72 | J116: 149.663,04 | L116: 272.180,75 | O116: 1.624.801,72 | P116: 149.663,04 | Q116: 1.484.500,92 | R116: -
A117: DESPESAS DE CAPITAL | B117: 44 | D117: 44,00 | E117: - | F117: - | J117: 44,00 | L117: - | O117: - | P117: 44,00 | Q117: - | R117: -
A118: AMORTIZAÇÃO DA DÍVIDA | B118: 44 | D118: 44,00 | E118: - | F118: - | J118: 44,00 | L118: - | O118: - | P118: 44,00 | Q118: - | R118: -
A119: 1 O déficit será apurado pela diferença entre a receita realizada e a despesa liquidada nos cinco primeiros bimestres e a despesa empenhada no último bimestre.
...

Sheet RPPS
A1: Prefeitura Municipal de Cacapava do Sul-RS | L1: Página 1 de 5
A2: RELATÓRIO RESUMIDO DA EXECUÇÃO ORÇAMENTÁRIA
A3: DEMONSTRATIVO DAS RECEITAS E DESPESAS PREVIDENCIÁRIAS E DAS RECEITAS E DESPESAS ASSOCIADAS ÀS PENSÕES E INATIVOS MILITARES
A4: ORÇAMENTO FISCAL E DA SEGURIDADE SOCIAL
A5: Janeiro a Dezembro 2021/Bimestre Novembro-Dezembro
A7: RREO - Anexo 4 (LRF, Art. 53, inciso II) | H7: Em Reais
A8: REGIME PRÓPRIO DE PREVIDÊNCIA DOS SERVIDORES - RPPS
A9: FUNDO EM CAPITALIZAÇÃO (PLANO PREVIDENCIÁRIO)
A10: RECEITAS PREVIDENCIÁRIAS - RPPS (FUNDO EM CAPITALIZAÇÃO) | B10: PREVISÃO ATUALIZADA (a) | E10: RECEITAS REALIZADAS Até o Bimestre (b)
A11: RECEITAS CORRENTES (I) | B11: 25.237.106,94 | E11: 32.738.837,78
A12: Receita de Contribuições dos Segurados | B12: 3.941.823,91 | E12: 5.206.384,08
A13: Ativo | B13: 3.914.085,33 | E13: 3.970.048,29
A14: Inativo | B14: 20.075,63 | E14: 997.693,95
A15: Pensionista | B15: 7.662,95 | E15: 238.641,84
A16: Receita de Contribuições Patronais | B16: 6.266.399,10 | E16: 10.498.808,64
A17: Ativo | B17: 6.217.865,80 | E17: 8.578.891,03
A18: Inativo | B18: 34.754,23 | E18: 1.690.905,79
A19: Pensionista | B19: 13.779,07 | E19: 229.011,82
A20: Receita Patrimonial | B20: 5.623.474,12 | E20: 1.456.072,10
A21: Receitas Imobiliárias | B21: - | E21: -
... A33: TOTAL DAS RECEITAS DO FUNDO EM CAPITALIZAÇÃO - (IV) = (I+III-II) | B33: 15.850.721,00 | E33: 17.623.290,07
A35: DESPESAS PREVIDENCIÁRIAS - RPPS (FUNDO EM CAPITALIZAÇÃO) | B35: DOTAÇÃO ATUALIZADA (c) | D35: DESPESAS EMPENHADAS Até o Bimestre (d) | F35: DESPESAS LIQUIDADAS Até o Bimestre (e) | G35: DESPESAS PAGAS Até o Bimestre (f) | J35: INSCRITAS EM RESTOS A PAGAR NÃO PROCESSADOS No Exercício (g)
A36: Benefícios | B36: 24.197.418,90 | D36: 24.197.417,52 | F36: 24.197.417,52 | G36: 24.196.319,26 | J36: -
A37: Aposentadorias | B37: 21.412.073,30 | D37: 21.412.072,82 | F37: 21.412.072,82 | G37: 21.411.549,06 | J37: -
A38: Pensões por Morte | B38: 2.785.345,60 | D38: 2.785.344,70 | F38: 2.785.344,70 | G38: 2.784.770,20 | J38: -
A39: Outras Despesas Previdenciárias | B39: - | D39: - | F39: - | G39: - | J39: -
A40: Compensação Financeira entre os regimes | B40: - | D40: - | F40: - | G40: - | J40: -
A41: Demais Despesas Previdenciárias | B41: - | D41: - | F41: - | G41: - | J41: -
A42: TOTAL DAS DESPESAS DO FUNDO EM CAPITALIZAÇÃO (V) | B42: 24.197.418,90 | D42: 24.197.417,52 | F42: 24.197.417,52 | G42: 24.196.319,26 | J42: -
A43: RESULTADO PREVIDENCIÁRIO - FUNDO EM CAPITALIZAÇÃO (VI) = (IV – V)² | B43: (8.346.697,90) | D43: (6.574.127,45) | F43: (6.574.127,45) | G43: (6.573.029,19)
A45: FONTE: GOVBR - Responsabilidade Fiscal, SECRETARIA DE MUNICÍPIO DA FAZENDA, 27/Jan/2022, 13h e 20m.
A46: Prefeitura Municipal de Cacapava do Sul-RS | L46: Página 2 de 5
A47: RELATÓRIO RESUMIDO DA EXECUÇÃO ORÇAMENTÁRIA
A48: DEMONSTRATIVO DAS RECEITAS E DESPESAS PREVIDENCIÁRIAS E DAS RECEITAS E DESPESAS ASSOCIADAS ÀS PENSÕES E INATIVOS MILITARES
A49: ORÇAMENTO FISCAL E DA SEGURIDADE SOCIAL
A50: Janeiro a Dezembro 2021/Bimestre Novembro-Dezembro
A52: RREO - Anexo 4 (LRF, Art. 53, inciso II) | H52: Em Reais
A53: RECURSOS RPPS ARRECADADOS EM EXERCÍCIOS ANTERIORES | B53: PREVISÃO ORÇAMENTÁRIA
A54: VALOR | B54: -
A56: RESERVA ORÇAMENTÁRIA DO RPPS | B56: PREVISÃO ORÇAMENTÁRIA
A57: VALOR | B57: 2.985.119,66
A59: APORTES DE RECURSOS PARA O FUNDO EM CAPITALIZAÇÃO DO RPPS | B59: APORTES REALIZADOS
A60: Plano de Amortização - Contribuição Patronal Suplementar | B60: -
A61: Plano de Amortização - Aporte Periódico de Valores Predefinidos | B61: -
A62: Outros Aportes para o RPPS | B62: -
A63: Recursos para Cobertura de Déficit Financeiro | B63: -
A65: BENS E DIREITOS DO RPPS (FUNDO EM CAPITALIZAÇÃO) | B65: SALDO ATUAL
A66: Caixa e Equivalentes de Caixa | B66: (57.970,57)
A67: Investimentos e Aplicações | B67: 40.962.776,23
A68: Outros Bens e Direitos | B68: 7.614.903,71
A73: FONTE: GOVBR - Responsabilidade Fiscal, SECRETARIA DE MUNICÍPIO DA FAZENDA, 27/Jan/2022, 13h e 20m.
A74: Prefeitura Municipal de Cacapava do Sul-RS | L74: Página 3 de 5
A75: RELATÓRIO RESUMIDO DA EXECUÇÃO ORÇAMENTÁRIA
A76: DEMONSTRATIVO DAS RECEITAS E DESPESAS PREVIDENCIÁRIAS E DAS RECEITAS E DESPESAS ASSOCIADAS ÀS PENSÕES E INATIVOS MILITARES
A77: ORÇAMENTO FISCAL E DA SEGURIDADE SOCIAL
A78: Janeiro a Dezembro 2021/Bimestre Novembro-Dezembro
A80: RREO - Anexo 4 (LRF, Art. 53, inciso II) | H80: Em Reais
A81: FUNDO EM REPARTIÇÃO (PLANO FINANCEIRO)
A82: RECEITAS PREVIDENCIÁRIAS - RPPS (FUNDO EM REPARTIÇÃO) | B82: PREVISÃO ATUALIZADA (a) | D82: RECEITAS REALIZADAS Até o Bimestre (b)
A83: RECEITAS CORRENTES (VII) | B83: - | D83: -
A84: Receita de Contribuições dos Segurados | B84: - | D84: -
A85: Ativo | B85: - | D85: -
A86: Inativo | B86: - | D86: -
A87: Pensionista | B87: - | D87: -
A88: Receita de Contribuições Patronais | B88: - | D88: -
A89: Ativo | B89: - | D89: -
A90: Inativo | B90: - | D90: -
A91: Pensionista | B91: - | D91: -
A92: Receita Patrimonial | B92: - | D92: -
A93: Receitas Imobiliárias | B93: - | D93: -
... A104: TOTAL DAS RECEITAS DO FUNDO EM REPARTIÇÃO (IX) = (VII + VIII) | B104: - | D104: -
A106: DESPESAS PREVIDENCIÁRIAS - RPPS (FUNDO EM REPARTIÇÃO) | B106: DOTAÇÃO ATUALIZADA (c) | D106: DESPESAS EMPENHADAS Até o Bimestre (d) | F106: DESPESAS LIQUIDADAS Até o Bimestre (e) | G106: DESPESAS PAGAS Até o Bimestre (e) | J106: INSCRITAS EM RESTOS A PAGAR NÃO PROCESSADOS No Exercício (g)
A107: Benefícios | B107: - | D107: - | F107: - | G107: - | J107: -
A108: Aposentadorias | B108: - | D108: - | F108: - | G108: - | J108: -
A109: Pensões por Morte | B109: - | D109: - | F109: - | G109: - | J109: -
A110: Outras Despesas Previdenciárias | B110: - | D110: - | F110: - | G110: - | J110: -
A111: Compensação Previdenciária entre os regimes | B111: - | D111: - | F111: - | G111: - | J111: -
A112: Demais Despesas Previdenciárias | B112: - | D112: - | F112: - | G112: - | J112: -
A113: TOTAL DAS DESPESAS DO FUNDO EM REPARTIÇÃO (X) | B113: - | D113: - | F113: - | G113: - | J113: -
A114: RESULTADO PREVIDENCIÁRIO - FUNDO EM REPARTIÇÃO (XI) = (IX – X)² | B114: - | D114: - | F114: - | G114: -
A117: FONTE: GOVBR - Responsabilidade Fiscal, SECRETARIA DE MUNICÍPIO DA FAZENDA, 27/Jan/2022, 13h e 20m.
A118: Prefeitura Municipal de Cacapava do Sul-RS | L118: Página 4 de 5
A119: RELATÓRIO RESUMIDO DA EXECUÇÃO ORÇAMENTÁRIA
A120: DEMONSTRATIVO DAS RECEITAS E DESPESAS PREVIDENCIÁRIAS E DAS RECEITAS E DESPESAS ASSOCIADAS ÀS PENSÕES E INATIVOS MILITARES
A121: ORÇAMENTO FISCAL E DA SEGURIDADE SOCIAL
A122: Janeiro a Dezembro 2021/Bimestre Novembro-Dezembro
A124: RREO - Anexo 4 (LRF, Art. 53, inciso II) | H124: Em Reais
A125: APORTES DE RECURSOS PARA O FUNDO EM REPARTIÇÃO DO RPPS | B125: APORTES REALIZADOS
A126: Recursos para Cobertura de Insuficiências Financeiras | B126: -
A127: Recursos para Formação de Reserva | B127: -
A129: ADMINISTRAÇÃO DO REGIME PRÓPRIO DE PREVIDÊNICA DOS SERVIDORES - RPPS
A130: RECEITAS DA ADMINISTRAÇÃO - RPPS | B130: PREVISÃO ATUALIZADA (a) | D130: RECEITAS REALIZADAS Até o Bimestre (b)
A131: Receitas Correntes | B131: 135.493,62 | D131: 193.063,62
A132: TOTAL DAS RECEITAS DA ADMINISTRAÇÃO RPPS (XII) | B132: 135.493,62 | D132: 193.063,62
A134: DESPESAS DA ADMINISTRAÇÃO - RPPS | B134: DOTAÇÃO ATUALIZADA (c) | D134: DESPESAS EMPENHADAS Até o Bimestre (d) | F134: DESPESAS LIQUIDADAS Até o Bimestre (e) | G134: DESPESAS PAGAS Até o Bimestre (f) | J134: INSCRITAS EM RESTOS A PAGAR NÃO PROCESSADOS No Exercício (g)
A135: Despesas Correntes (XIII) | B135: 71.520,00 | D135: 28.669,00 | F135: 18.869,00 | G135: 18.078,15 | J135: 9.800,00
A136: Pessoal e Encargos Sociais | B136: 10 | D136: - | F136: - | G136: - | J136: -
A137: Demais Despesas Correntes | B137: 71.510,00 | D137: 28.669,00 | F137: 18.869,00 | G137: 18.078,15 | J137: 9.800,00
A138: Despesas de Capital (XIV) | B138: 18.480,00 | D138: - | F138: - | G138: - | J138: -
A139: TOTAL DAS DESPESAS DA ADMINISTRAÇÃO RPPS (XV) = (XIII + XIV) | B139: 90.000,00 | D139: 28.669,00 | F139: 18.869,00 | G139: 18.078,15 | J139: 9.800,00
...

Sheet Result
A1: Prefeitura Municipal de Cacapava do Sul-RS | L1: Página 1 de 2
A2: Relatório Resumido da Execução Orçamentária
A3: Demonstrativo dos Resultados Primário e Nominal
A4: Orçamento Fiscal e da Seguridade Social
A5: Janeiro a Dezembro 2021/Bimestre Novembro-Dezembro
A7: RREO - ANEXO VI(LRF, art. 53, inciso III) | J7: R$ 1,00
A8: ACIMA DA LINHA
A9: RECEITAS PRIMÁRIAS | C9: Previsão Atualizada | D9: Até o Bimestre/2021
D10: Receitas Realizadas
D11: (a)
A12: RECEITAS CORRENTES(I) | C12: 129.964.620,36 | D12: 125.445.484,10
A13: Impostos, Taxas e Contribuições de Melhoria | C13: 16.660.976,72 | D13: 14.496.960,08
A14: IPTU | C14: 4.037.453,83 | D14: 3.921.591,65
A15: ISS | C15: 5.723.855,79 | D15: 4.395.729,66
A16: ITBI | C16: 1.078.358,27 | D16: 1.945.055,63
A17: IRRF | C17: 3.488.232,14 | D17: 3.664.813,66
A18: Outros Impostos, Taxas, e Contribuições de Melhoria | C18: 2.333.076,69 | D18: 569.769,48
A19: Contribuições | C19: 6.515.567,25 | D19: 7.921.649,35
A20: Receita Patrimonial | C20: 6.420.844,14 | D20: 1.937.842,34
A21: Aplicações Financeiras (II) | C21: 6.263.908,76 | D21: 1.915.582,16
A22: Outras Receitas Patrimoniais | C22: 156.935,38 | D22: 22.260,18
A23: Transferências Correntes | C23: 92.611.049,14 | D23: 98.215.493,00
... A52: DESPESAS PRIMÁRIAS | C52: Dotação Atualizada | D52: Até o Bimestre/2021
D53: Despesas Empenhadas | F53: Despesas Liquidadas | G53: Despesas Pagas | I53: Restos a Pagar Processados Pagos | K53: Restos a Pagar não Processados
K54: Liquidados | M54: Pagos (c)
G55: (a) | I55: (b)
A56: DESPESAS CORRENTES (XIII) | C56: 122.223.892,41 | D56: 114.223.101,07 | F56: 113.262.489,95 | G56: 109.349.368,31 | I56: 1.905.930,47 | K56: 107.829,35 | M56: 107.829,35
A57: Pessoal e Encargos Sociais | C57: 78.710.268,49 | D57: 75.529.351,36 | F57: 75.529.351,36 | G57: 74.657.076,84 | I57: 223.114,49 | K57: - | M57: -
A58: Juros e Encargos da Dívida (XIV) | C58: 73.524,60 | D58: 66.949,44 | F58: 66.949,44 | G58: 66.949,44 | I58: - | K58: - | M58: -
A59: Outras Despesas Correntes | C59: 43.440.099,32 | D59: 38.626.800,27 | F59: 37.666.189,15 | G59: 34.625.342,03 | I59: 1.682.815,98 | K59: 107.829,35 | M59: 107.829,35
A60: DESPESAS PRIMÁRIAS CORRENTES (XV) = (XIII - XIV) | C60: 122.150.367,81 | D60: 114.156.151,63 | F60: 113.195.540,51 | G60: 109.282.418,87 | I60: 1.905.930,47 | K60: 107.829,35 | M60: 107.829,35
A61: DESPESAS DE CAPITAL (XVI) | C61: 8.129.224,61 | D61: 2.711.152,56 | F61: 1.840.208,97 | G61: 1.573.419,49 | I61: 340.646,18 | K61: 1.316.569,81 | M61: 1.262.199,66
A62: Investimentos | C62: 8.116.820,23 | D62: 2.711.152,56 | F62: 1.840.208,97 | G62: 1.573.419,49 | I62: 340.646,18 | K62: 1.019.465,05 | M62: 965.094,90
A63: Inversões Financeiras | C63: 11.583,00 | D63: - | F63: - | G63: - | I63: - | K63: - | M63: -
A64: Concessão de Empréstimos e Financiamentos (XVII) | C64: 101,00 | D64: - | F64: - | G64: - | I64: - | K64: - | M64: -
A65: Aquisição de Título de Capital já Integralizado (XVIII) | C65: - | D65: - | F65: - | G65: - | I65: - | K65: - | M65: -
A66: Aquisição de Título de Crédito (XIX) | C66: - | D66: - | F66: - | G66: - | I66: - | K66: - | M66: -
A67: Demais Inversões Financeiras | C67: 11.482,00 | D67: - | F67: - | G67: - | I67: - | K67: - | M67: -
... A69: DESPESAS PRIMÁRIAS DE CAPITAL (XXI) = (XVI - XVII - XVIII - XIX - XX) | C69: 8.128.302,23 | D69: 2.711.152,56 | F69: 1.840.208,97 | G69: 1.573.419,49 | I69: 340.646,18 | K69: 1.019.465,05 | M69: 965.094,90
A71: FONTE: GOVBR - Responsabilidade Fiscal, SECRETARIA DE MUNICÍPIO DA FAZENDA, 27/Jan/2022, 13h e 28m.
A72: Prefeitura Municipal de Cacapava do Sul-RS | L72: Página 2 de 2
A73: Relatório Resumido da Execução Orçamentária
A74: Demonstrativo dos Resultados Primário e Nominal
A75: Orçamento Fiscal e da Seguridade Social
A76: Janeiro a Dezembro 2021/Bimestre Novembro-Dezembro
A78: RESERVA DE CONTINGÊNCIA (XXII) | C78: 1,18 | D78: - | F78: - | G78: - | I78: - | K78: - | M78: -
A79: DESPESA PRIMÁRIA TOTAL (XXIII) = (XV + XXI + XXII) | C79: 130.278.671,22 | D79: 116.867.304,19 | F79: 115.035.749,48 | G79: 110.855.838,36 | I79: 2.246.576,65 | K79: 1.127.294,40 | M79: 1.072.924,25
A81: RESULTADO PRIMÁRIO - Acima da Linha (XXIV) = [XIIa - (XXIIIa +XXIIIb + XXIIIc)] | C81: 10.331.990,83
A83: META FISCAL PARA O RESULTADO PRIMÁRIO | C83: VALOR CORRENTE
A84: Meta fixada no Anexo de Metas Fiscais da LDO para o exercício de referência | C84: 126.749.255,05
A86: JUROS NOMINAIS | C86: Até o Bimestre/2021
C87: VALOR INCORRIDO
A88: Juros, Encargos e Variações Monetárias Ativos (XXV) | C88: 511.555,98
A89: Juros, Encargos e Variações Monetárias Passivos (XXVI) | C89: 66.949,44
A91: RESULTADO NOMINAL - Acima da Linha (XXVII) = XXIV + (XXV - XXVI) | C91: 10.776.597,37
A93: META FISCAL PARA O RESULTADO NOMINAL | C93: VALOR CORRENTE
A94: Meta fixada no Anexo de Metas Fiscais da LDO para o exercício de referência | C94: 5.797.498,65
A96: ABAIXO DA LINHA
A97: CÁLCULO DO RESULTADO NOMINAL | C97: SALDO
C98: Em 31/Dez/2020 | H98: Até o 6º Bimestre
C99: (a) | H99: (b)
A100: DÍVIDA CONSOLIDADA (XXVIII) | C100: 1.674.324,20 | H100: 938.163,67
A101: DEDUÇÕES (XXIX) | C101: 636.417,72 | H101: 632.454,62
A102: Disponibilidade de Caixa | C102: - | H102: -
A103: Disponibilidade de Caixa Bruta | C103: 17.546.881,59 | H103: 20.648.054,22
A104: (-) Restos a Pagar Processados (XXX) | C104: 26.650.439,28 | H104: 25.295.678,53
A105: Demais Haveres Financeiros | C105: 636.417,72 | H105: 632.454,62
A106: DÍVIDA CONSOLIDADA LÍQUIDA (XXXI) = (XXVIII - XXIX) | C106: 1.037.906,48 | H106: 305.709,05
A107: RESULTADO NOMINAL - Abaixo da Linha (XXXII) = (XXXIa - XXXIb) | C107: 732.197,43
A109: AJUSTE METODOLÓGICO | C109: Até o Bimestre/2021
A110: VARIAÇÃO SALDO RPP = (XXXIII) = (XXXa - XXXb) | H110: 1.354.760,75
A111: RECEITA DE ALIENAÇÃO DE INVESTIMENTOS PERMANENTES (IX) | H111: -
A112: PASSIVOS RECONHECIDOS NA DC (XXXIV) | H112: -
A113: VARIAÇÃO CAMBIAL (XXXV) | H113: -
A114: PAGAMENTO DE PRECATÓRIOS INTEGRANTES DA DC (XXXVI) | H114: -
A115: AJUSTES RELATIVOS AO RPPS (XXXVII) | H115: -
A116: OUTROS AJUSTES (XXXVIII) | H116: -
A117: RESULTADO NOMINAL AJUSTADO - Abaixo da Linha (XXXIX) = (XXXII - XXXIII - IX + XXXIV + XXXV - XXXVI + XXXVII + XXXVIII) | C117: -622.563,32
A119: RESULTADO PRIMÁRIO - Abaixo da Linha (XL) = XXXIX - (XXV - XXVI) | C119: -1.067.169,86
A121: INFORMAÇÕES ADICIONAIS | C121: PREVISÃO ORÇAMENTÁRIA
A122: SALDO DE EXERCÍCIOS ANTERIORES | H122: 7.327.192,94
A123: Recursos Arrecadados em Exercícios Anteriores - RPPS | H123: -
A124: Superávit Financeiro Utilizado para Abertura e Reabertura de Créditos Adicionais | H124: 7.327.192,94
A125: RESERVA ORÇAMENTÁRIA DO RPPS | H125: 1.523.281,66
A134: FONTE: GOVBR - Responsabilidade Fiscal, SECRETARIA DE MUNICÍPIO DA FAZENDA, 27/Jan/2022, 13h e 28m.

Sheet Regra_Ouro
J1: Página 1 de 1
D3: PREFEITURA MUNICIPAL DE CACAPAVA DO SUL-RS
D4: RELATÓRIO RESUMIDO DA EXECUÇÃO ORÇAMENTÁRIA
D5: DEMONSTRATIVO DAS RECEITAS DE OPERAÇÕES DE CRÉDITO E DESPESAS DE CAPITAL (REGRA DE OURO)
D6: ORÇAMENTOS FISCAL E DA SEGURIDADE SOCIAL
D7: JANEIRO A DEZEMBRO 2021/BIMESTRE NOVEMBRO-DEZEMBRO
A11: RREO – ANEXO 9 (LRF, art.53, § 1º, inciso I) | K11: Em Reais
A12: RECEITAS | F12: PREVISÃO ATUALIZADA | H12: RECEITAS REALIZADAS | I12: SALDO NÃO REALIZADO
F13: (a) | H13: (b) | I13: (c) = (a-b)
A14: RECEITAS DE OPERAÇÕES DE CRÉDITO¹ (I) | F14: - | H14: - | I14: -
A16: DESPESAS | F16: DOTAÇÃO ATUALIZADA | H16: DESPESAS | I16: SALDO NÃO EXECUTADO
H17: EMPENHADAS
F18: (d) | H18: (e) | I18: (f)=(d-e)
A19: DESPESAS DE CAPITAL | F19: 8.129.268,61 | H19: 2.711.152,56 | I19: 5.418.116,05
A20: Investimentos | F20: 8.116.820,23 | H20: 2.711.152,56 | I20: 5.405.667,67
A21: Inversões Financeiras | F21: 11.583,00 | H21: - | I21: 11.583,00
A22: Amortização da Dívida | F22: 865.38 | H22: - | I22: 865.38
A23: (-)Incentivos Fiscais a Contribuinte | F23: - | H23: - | I23: -
A24: (-)Incentivos Fiscais a Contribuinte por Instituições Financeiras | F24: - | H24: - | I24: -
A25: DESPESAS DE CAPITAL LÍQUIDA (II) | F25: 8.129.268,61 | H25: 2.711.152,56 | I25: 5.418.116,05
A27: RESULTADO PARA APURAÇÃO DA REGRA DE OURO (III)=(II–I) | F27: 8.129.268,61 | H27: 2.711.152,56 | I27: 5.418.116,05
A28: Notas: ¹ Operações de Crédito descritas na CF, art. 167, inciso III
A40: FONTE: GOVBR - Responsabilidade Fiscal, SECRETARIA DE MUNICÍPIO DA FAZENDA, 27/Jan/2022, 13h e 48m.

Sheet ASPS
A1: Prefeitura Municipal de Cacapava do Sul-RS | AJ1: Página 1 de 5
A2: Relatório Resumido da Execução Orçamentária
A3: Demonstrativo das Receitas e Despesas com Ações e Serviços Públicos de Saúde
A4: Orçamento Fiscal e da Seguridade Social
A5: Janeiro a Dezembro 2021/Meses Janeiro-Dezembro
A7: RREO – ANEXO XII (LC n° 141/2012 art.35)
A8: RECEITAS RESULTANTES DE IMPOSTOS E TRANSFERÊNCIAS CONSTITUCIONAIS E LEGAIS | K8: PREVISÃO INICIAL | R8: PREVISÃO ATUALIZADA (a) | Z8: RECEITAS REALIZADAS
Z9: Até o Bimestre (b) | AG9: % (b/a) x 100
A10: RECEITA DE IMPOSTOS (I) | K10: 14.327.900,03 | R10: 14.327.900,03 | Z10: 13.927.190,60 | AG10: 97,20
A11: Receita Resultante do Imposto Predial e Territorial Urbano - IPTU | K11: 4.037.453,83 | R11: 4.037.453,83 | Z11: 3.921.591,65 | AG11: 97,13
A12: IPTU | K12: 3.167.486,58 | R12: 3.167.486,58 | Z12: 3.176.327,65 | AG12: 100,28
A13: Multas, Juros de Mora, Divida Ativa e Outros Encargos do IPTU | K13: 869.967,25 | R13: 869.967,25 | Z13: 745.264,00 | AG13: 85,67
A14: Receita Resultante do Imposto sobre Transmissão Inter Vivos - ITBI | K14: 1.078.358,27 | R14: 1.078.358,27 | Z14: 1.945.055,63 | AG14: 180,37
A15: ITBI | K15: 1.060.847,40 | R15: 1.060.847,40 | Z15: 1.945.055,63 | AG15: 183,35
A16: Multas, Juros de Mora, Dívida Ativa e Outros Encargos do ITBI | K16: 17.510,87 | R16: 17.510,87 | Z16: - | AG16: -
A17: Receita Resultante do Imposto sobre Serviços de Qualquer Natureza - ISS | K17: 5.723.855,79 | R17: 5.723.855,79 | Z17: 4.395.729,66 | AG17: 76,80
A18: ISS | K18: 5.602.856,40 | R18: 5.602.856,40 | Z18: 3.979.156,19 | AG18: 71,02
A19: Multas, Juros de Mora, Dívida Ativa e Outros Encargos do ISS | K19: 120.999,39 | R19: 120.999,39 | Z19: 416.573,47 | AG19: 344,28
A20: Receita Resultante do Imposto sobre a Renda e Proventos de Qualquer Natureza Retido na Fonte – IRRF | K20: 3.488.232,14 | R20: 3.488.232,14 | Z20: 3.664.813,66 | AG20: 105,06
A21: RECEITA DE TRANSFERÊNCIAS CONSTITUCIONAIS E LEGAIS (II) | K21: 55.930.423,28 | R21: 55.930.423,28 | Z21: 69.146.035,66 | AG21: 123,63
... A30: TOTAL DAS RECEITAS RESULTANTES DE IMPOSTOS E TRANFERÊNCIAS CONSTITUCIONAIS E LEGAIS - (III) = (I) + (II) | K30: 70.258.323,31 | R30: 70.258.323,31 | Z30: 83.073.226,26 | AG30: 118,24
A32: DESPESAS COM AÇÕES E SERVIÇOS PÚBLICOS DE SAÚDE (ASPS) – POR SUBFUNÇÃO E CATEGORIA ECONÔMICA | F32: DOTAÇÃO INICIAL | H32: DOTAÇÃO ATUALIZADA (c) | L32: DESPESAS EMPENHADAS | S32: DESPESAS LIQUIDADAS | AA32: DESPESAS PAGAS | AI32: Inscritas em Restos a Pagar não Processados (g)
L33: Até o bimestre (d) | Q33: % (d/c) x 100 | S33: Até o bimestre (e) | V33: % (e/c) x 100 | AA33: Até o bimestre (f) | AE33: % (f/c) x 100
A34: ATENÇÃO BÁSICA (IV) | F34: 3.376.172,48 | H34: 3.676.371,41 | L34: 3.676.358,74 | Q34: 100,00 | S34: 3.676.358,74 | V34: 100,00 | AA34: 3.666.744,15 | AE34: 99,74 | AI34: -
A35: Despesas Correntes | F35: 3.376.172,48 | H35: 3.676.371,41 | L35: 3.676.358,74 | Q35: 100,00 | S35: 3.676.358,74 | V35: 100,00 | AA35: 3.666.744,15 | AE35: 99,74 | AI35: -
A36: Despesas de Capital | F36: - | H36: - | L36: - | Q36: - | S36: - | V36: - | AA36: - | AE36: - | AI36: -
A37: ASSISTÊNCIA HOSPITALAR E AMBULATORIAL (V) | F37: 8.766.283,95 | H37: 9.409.563,85 | L37: 8.906.050,67 | Q37: 94,65 | S37: 8.894.482,50 | V37: 94,53 | AA37: 8.456.516,14 | AE37: 89,87 | AI37: 11.568,17
A38: Despesas Correntes | F38: 8.766.279,95 | H38: 9.393.392,68 | L38: 8.890.007,17 | Q38: 94,64 | S38: 8.890.007,17 | V38: 94,64 | AA38: 8.452.040,81 | AE38: 89,98 | AI38: -
A39: Despesas de Capital | F39: 4,00 | H39: 16.171,17 | L39: 16.043,50 | Q39: 99,21 | S39: 4.475,33 | V39: 27,67 | AA39: 4.475,33 | AE39: 27,67 | AI39: 11.568,17
A40: SUPORTE PROFILÁTICO E TERAPÊUTICO (VI) | F40: 403.453,40 | H40: 433.596,40 | L40: 431.283,23 | Q40: 99,47 | S40: 431.283,23 | V40: 99,47 | AA40: 418.253,15 | AE40: 96,46 | AI40: -
A41: Despesas Correntes | F41: 403.453,40 | H41: 433.596,40 | L41: 431.283,23 | Q41: 99,47 | S41: 431.283,23 | V41: 99,47 | AA41: 418.253,15 | AE41: 96,46 | AI41: -
A42: Despesas de Capital | F42: - | H42: - | L42: - | Q42: - | S42: - | V42: - | AA42: - | AE42: - | AI42: -
A43: VIGILÂNCIA SANITÁRIA (VII) | F43: 30.008,00 | H43: 50.008,00 | L43: 20.000,00 | Q43: 39,99 | S43: 20.000,00 | V43: 39,99 | AA43: 20.000,00 | AE43: 39,99 | AI43: -
A44: Despesas Correntes | F44: 30.007,00 | H44: 50.007,00 | L44: 20.000,00 | Q44: 39,99 | S44: 20.000,00 | V44: 39,99 | AA44: 20.000,00 | AE44: 39,99 | AI44: -
A45: Despesas de Capital | F45: 1,00 | H45: 1,00 | L45: - | Q45: - | S45: - | V45: - | AA45: - | AE45: - | AI45: -
A47: FONTE: GOVBR - Responsabilidade Fiscal, SECRETARIA DE MUNICÍPIO DA FAZENDA, 27/Jan/2022, 13h e 52m.
A49: Prefeitura Municipal de Cacapava do Sul-RS | AJ49: Página 2 de 5
A50: Relatório Resumido da Execução Orçamentária
A51: Demonstrativo das Receitas e Despesas com Ações e Serviços Públicos de Saúde
A52: Orçamento Fiscal e da Seguridade Social
A53: Janeiro a Dezembro 2021/Meses Janeiro-Dezembro
A55: RREO – ANEXO XII (LC n° 141/2012 art.35)
A56: DESPESAS COM AÇÕES E SERVIÇOS PÚBLICOS DE SAÚDE (ASPS) – POR SUBFUNÇÃO E CATEGORIA ECONÔMICA | F56: DOTAÇÃO INICIAL | H56: DOTAÇÃO ATUALIZADA (c) | L56: DESPESAS EMPENHADAS | S56: DESPESAS LIQUIDADAS | AA56: DESPESAS PAGAS | AI56: Inscritas em Restos a Pagar não Processados (g)
L57: Até o bimestre (d) | Q57: % (d/c) x 100 | S57: Até o bimestre (e) | V57: % (e/c) x 100 | AA57: Até o bimestre (f) | AE57: % (f/c) x 100
A58: VIGILÂNCIA EPIDEMIOLÓGICA (VIII) | F58: 432.648,90 | H58: 375.260,90 | L58: 374.790,99 | Q58: 99,87 | S58: 374.790,99 | V58: 99,87 | AA58: 374.232,73 | AE58: 99,73 | AI58: -
A59: Despesas Correntes | F59: 432.648,90 | H59: 375.260,90 | L59: 374.790,99 | Q59: 99,87 | S59: 374.790,99 | V59: 99,87 | AA59: 374.232,73 | AE59: 99,73 | AI59: -
A60: Despesas de Capital | F60: - | H60: - | L60: - | Q60: - | S60: - | V60: - | AA60: - | AE60: - | AI60: -
A61: ALIMENTAÇÃO E NUTRIÇÃO (IX) | F61: - | H61: - | L61: - | Q61: - | S61: - | V61: - | AA61: - | AE61: - | AI61: -
A62: Despesas Correntes | F62: - | H62: - | L62: - | Q62: - | S62: - | V62: - | AA62: - | AE62: - | AI62: -
A63: Despesas de Capital | F63: - | H63: - | L63: - | Q63: - | S63: - | V63: - | AA63: - | AE63: - | AI63: -
A64: OUTRAS SUBFUNÇÕES (X) | F64: 7.143.703,20 | H64: 6.207.469,37 | L64: 6.152.479,00 | Q64: 99,11 | S64: 6.151.436,40 | V64: 99,10 | AA64: 5.701.398,80 | AE64: 91,85 | AI64: 1.042,60
A65: Despesas Correntes | F65: 6.977.226,16 | H65: 6.045.991,33 | L65: 5.995.838,36 | Q65: 99,17 | S65: 5.994.795,76 | V65: 99,15 | AA65: 5.593.758,16 | AE65: 92,52 | AI65: 1.042,60
A66: Despesas de Capital | F66: 166.477,04 | H66: 161.478,04 | L66: 156.640,64 | Q66: 97,00 | S66: 156.640,64 | V66: 97,00 | AA66: 107.640,64 | AE66: 66,66 | AI66: -
A67: TOTAL (XI) = (IV + V + VI + VII + VIII + IX + X) | F67: 20.152.269,93 | H67: 20.152.269,93 | L67: 19.560.962,63 | Q67: 97,07 | S67: 19.548.351,86 | V67: 97,00 | AA67: 18.637.144,97 | AE67: 92,48 | AI67: 12.610,77
A69: APURAÇÃO DO CUMPRIMENTO DO LIMITE MÍNIMO PARA APLICAÇÃO EM ASPS | P69: DESPESAS EMPENHADAS (d) | W69: DESPESAS LIQUIDADAS (e) | AF69: DESPESAS PAGAS (f)
A70: Total das Despesas com ASPS (XII) = (XI) | P70: 19.560.962,63 | W70: 19.548.351,86 | AF70: 18.637.144,97
A71: (-) Restos a Pagar Não Processados Inscritos Indevidamente no Exercício sem Disponibilidade Financeira (XIII)¹ | P71: - | W71: - | AF71: -
A72: (-) Despesas Custeadas com Recursos Vinculados à Parcela do Percentual Mínimo que não foi Aplicada em ASPS em Exercícios Anteriores (XIV)³ | P72: - | W72: - | AF72: -
A73: (-) Despesas Custeadas com Disponibilidade de Caixa Vinculada aos Restos a Pagar Cancelados (XV)² | P73: - | W73: - | AF73: -
A74: (=) VALOR APLICADO EM ASPS (XVI) = (XII - XIII - XIV - XV) | P74: 19.560.962,63 | W74: 19.548.351,86 | AF74: 18.637.144,97
A75: Despesa Mínima a ser Aplicada em ASPS (XVII) = (III) x 15% (LC 141/2012) | P75: 12.460.983,94
A76: Despesa Mínima a ser Aplicada em ASPS (XVII) = (III) x % (Lei Orgânica Municipal) | P76: 12.460.983,94
A77: Diferença entre o Valor Aplicado e a Despesa Mínima a ser Aplicada (XVIII) = (XVI (d ou e) - XVII)1 | P77: 7.099.978,69 | W77: - | AF77: 6.176.161,03
A78: Limite não Cumprido (XIX) = (XVIII) (Quando valor for inferior a zero) | P78: -
A79: PERCENTUAL DA RECEITA DE IMPOSTOS E TRANSFERÊNCIAS CONSTITUCIONAIS E LEGAIS APLICADO EM ASPS (XVI / III)*100 (mínimo de 15% conforme LC n° 141/2012 ou % da Lei Orgânica Municipal) | P79: 23,55 | W79: -
A81: CONTROLE DO VALOR REFERENTE AO PERCENTUAL MÍNIMO NÃO CUMPRIDO EM EXERCÍCIOS ANTERIORES PARA FINS DE APLICAÇÃO DOS RECURSOS VINCULADOS CONFORME ARTIGOS 25 E 26 DA LC 141/2012 | N81: LIMITE NÃO CUMPRIDO
N82: Saldo Inicial (no exercicio atual) (h) | U82: Despesas Custeadas no Exercício de Referência | AF82: Saldo Final (não aplicado)1 (l) = (h - (i ou j))
U83: Empenhadas (i) | X83: Liquidadas (j) | AB83: Pagas (k)
A84: Diferença de limite não cumprido em 2020 | AF84: -
A85: Diferença de limite não cumprido em 2019 | N85: - | U85: - | X85: - | AB85: - | AF85: -
A86: Diferença de limite não cumprido em Exercícios Anteriores | N86: - | U86: - | X86: - | AB86: - | AF86: -
A87: TOTAL DA DIFERENÇA DE LIMITE NÃO CUMPRIDO EM EXERCÍCIOS ANTERIORES (XX) | N87: - | U87: - | X87: - | AB87: - | AF87: -
A90: FONTE: GOVBR - Responsabilidade Fiscal, SECRETARIA DE MUNICÍPIO DA FAZENDA, 27/Jan/2022, 13h e 52m.
A92: Prefeitura Municipal de Cacapava do Sul-RS | AJ92: Página 3 de 5
A93: Relatório Resumido da Execução Orçamentária
A94: Demonstrativo das Receitas e Despesas com Ações e Serviços Públicos de Saúde
A95: Orçamento Fiscal e da Seguridade Social
A96: Janeiro a Dezembro 2021/Meses Janeiro-Dezembro
A98: RREO – ANEXO XII (LC n° 141/2012 art.35)
A99: EXECUÇÃO DE RESTOS A PAGAR
A100: EXERCÍCIO DO EMPENHO² | C100: Valor Mínimo para aplicação em ASPS (m) | D100: Valor aplicado em ASPS no exercício (n) | E100: Valor aplicado além do limite mínimo (o) = (n - m), se < 0, então (o) = 0 | G100: Total inscrito em RP no exercício (p) | J100: RPNP Inscritos Indevidamente no Exercício sem Disponibilidade Financeira q = (XIIId) | O100: Valor inscrito em RP considerado no Limite (r) = (p - (o + q)) se < 0, então (r) = (0) | T100: Total de RP pagos (s) | X100: Total de RP a pagar (t) | AD100: Total de RP cancelados ou prescritos (u) | AH100: Diferença entre o valor aplicado além do limite e o total de RP cancelados (v) = ((o + q) - u))
A101: Empenhos de 2021 | C101: 12.460.983,94 | D101: 19.560.962,63 | E101: 7.099.978,69 | G101: - | J101: - | O101: - | T101: - | X101: - | AD101: - | AH101: 7.099.978,69
A102: Empenhos de 2020 | C102: - | D102: - | E102: - | G102: - | J102: - | O102: - | T102: - | X102: - | AD102: - | AH102: -
A103: Empenhos de 2019 | C103: - | D103: - | E103: - | G103: - | J103: - | O103: - | T103: - | X103: - | AD103: - | AH103: -
A104: Empenhos de 2018 | C104: - | D104: - | E104: - | G104: - | J104: - | O104: - | T104: - | X104: - | AD104: - | AH104: -
A105: Empenhos de 2017 | C105: - | D105: - | E105: - | G105: - | J105: - | O105: - | T105: - | X105: - | AD105: - | AH105: -
A106: Empenhos de 2016 | C106: - | D106: - | E106: - | G106: - | J106: - | O106: - | T106: - | X106: - | AD106: - | AH106: -
A107: Empenhos de 2015 | C107: - | D107: - | E107: - | G107: - | J107: - | O107: - | T107: - | X107: - | AD107: - | AH107: -
A108: Empenhos de 2014 | C108: - | D108: - | E108: - | G108: - | J108: - | O108: - | T108: - | X108: - | AD108: - | AH108: -
A109: Empenhos de 2013 | C109: - | D109: - | E109: - | G109: - | J109: - | O109: - | T109: - | X109: - | AD109: - | AH109: -
A111: TOTAL DOS RESTOS A PAGAR CANCELADOS OU PRESCRITOS ATÉ O FINAL DO EXERCÍCIO ATUAL QUE AFETARAM O CUMPRIMENTO DO LIMITE (XXI) | AH111: -
A112: TOTAL DOS RESTOS A PAGAR CANCELADOS OU PRESCRITOS ATÉ O FINAL DO EXERCÍCIO ANTERIOR QUE AFETARAM O CUMPRIMENTO DO LIMITE (XXII) | AH112: -
A113: TOTAL DOS RESTOS A PAGAR CANCELADOS OU PRESCRITOS NO EXERCÍCIO ATUAL QUE AFETARAM O CUMPRIMENTO DO LIMITE (XXIII) = (XXI - XXII) | AH113: -
A115: CONTROLE DE RESTOS A PAGAR CANCELADOS OU PRESCRITOS CONSIDERADOS PARA FINS DE APLICAÇÃO DA DISPONIBILIDADE DE CAIXA CONFORME ARTIGO 24§ 1º e 2º DA LC 141/2012 | M115: RESTOS A PAGAR CANCELADOS OU PRESCRITOS
M116: Saldo Inicial (w) | U116: Despesas Custeadas no Exercício de Referência | AF116: Saldo Final (não aplicado)1 (aa) = (w - (x ou y))
U117: Empenhadas (x) | X117: Liquidadas (y) | AB117: Pagas (z)
A118: Restos a pagar cancelados ou prescritos em 2020 a serem compensados (XXIV) | M118: - | U118: - | X118: - | AB118: - | AF118: -
A119: Restos a pagar cancelados ou prescritos em 2019 a serem compensados (XXV) | M119: (8.249,07) | U119: - | X119: - | AB119: - | AF119: (8.249,07)
A120: Restos a pagar cancelados ou prescritos em exercícios anteriores a serem compensados (XXVI) | M120: (196.497,12) | U120: - | X120: - | AB120: - | AF120: (196.497,12)
A121: TOTAL DE RESTOS A PAGAR CANCELADOS OU PRESCRITOS A COMPENSAR (XXVII) | M121: (204.746,19) | U121: - | X121: - | AB121: - | AF121: (204.746,19)
...

Sheet DPPP
A1: Prefeitura Municipal de Cacapava do Sul-RS
A2: RELATÓRIO RESUMIDO DA EXECUÇÃO ORÇAMENTÁRIA
A3: DEMONSTRATIVO DAS PARCERIAS PÚBLICO-PRIVADAS
A4: ORÇAMENTOS FISCAL E DA SEGURIDADE SOCIAL
A5: Janeiro a Dezembro/2021
A7: RREO - Anexo 13 (Lei nº 11.079, de 30.12.2004, arts. 22, 25 e 28) | O7: Em reais
A8: IMPACTOS DAS CONTRATAÇÕES DE PPP | E8: SALDO TOTAL EM | H8: REGISTROS EFETUADOS EM
E9: 31 DE DEZEMBRO DO | H9: 2021
E10: EXERCÍCIO ANTERIOR | H10: No bimestre | L10: Até o Bimestre
A11: TOTAL DE ATIVOS
A12: Ativos Constituídos pela SPE
A13: TOTAL DE PASSIVOS
A14: Obrigações decorrentes de Ativos Constituídos pela SPE
A15: Provisões de PPP
A16: Outros Passivos
A17: ATOS POTENCIAIS PASSIVOS
A18: Obrigações contratuais
A19: Riscos não Provisionados
A20: Garantias concedidas
A21: Outros Passivos Contingentes
A23: DESPESAS DE PPP | E23: EXERCÍCIO | F23: EXERCÍCIO
E24: ANTERIOR | F24: CORRENTE | G24: 2022 | H24: 2023 | I24: 2024 | J24: 2025 | K24: 2026 | L24: 2027 | M24: 2028 | N24: 2029 | O24: 2030
F25: 2021
A26: DO ENTE FEDERADO, EXCETO ESTATAIS NÃO DEPENDENTES (I) = (I.1 + I.2) | E26: 0 | F26: 0 | G26: 0 | H26: 0 | I26: 0 | J26: 0 | K26: 0 | L26: 0 | M26: 0 | N26: 0 | O26: 0
A27: Contratadas(I.1) | E27: 0 | F27: 0 | G27: 0 | H27: 0 | I27: 0 | J27: 0 | K27: 0 | L27: 0 | M27: 0 | N27: 0 | O27: 0
A28: A contratar (I.2)
A29: DAS ESTATAIS NÃO-DEPENDENTES (II) = (II.1 + II.2)
A30: Contratadas (II.1)
A31: A contratar (II.2)
A32: TOTAL DAS DESPESAS DE PPP (III) = (I + II) | E32: 0 | F32: 0 | G32: 0 | H32: 0 | I32: 0 | J32: 0 | K32: 0 | L32: 0 | M32: 0 | N32: 0 | O32: 0
A33: RECEITA CORRENTE LÍQUIDA (RCL) (IV) | E33: 0 | F33: 0 | G33: 0 | H33: 0 | I33: 0 | J33: 0 | K33: 0 | L33: 0 | M33: 0 | N33: 0 | O33: 0
A34: TOTAL DAS DESPESAS CONSIDERADAS PARA O LIMITE (I)
A35: TOTAL DAS DESPESAS CONSIDERADAS PARA O LIMITE / RCL (%) (V) = (I / IV)

Sheet Alien
A1: PREFEITURA MUNICIPAL DE CACAPAVA DO SUL - RS
A2: RELATÓRIO RESUMIDO DA EXECUÇÃO ORÇAMENTÁRIA
A3: DEMONSTRATIVO DA RECEITA DE ALIENAÇÃO DE ATIVOS E APLICAÇÃO DOS RECURSOS
A4: ORÇAMENTOS FISCAL E DA SEGURIDADE SOCIAL
A5: JANEIRO A DEZEMBRO 2021/BIMESTRE NOVEMBRO-DEZEMBRO
A6: RREO - ANEXO 11 (LRF, art. 53, § 1º, inciso III) | J6: Em Reais
A7: RECEITAS | D7: PREVISÃO ATUALIZADA | E7: RECEITAS REALIZADAS | J7: SALDO
D8: (a) | E8: (b) | J8: (c)=(a-b)
A9: RECEITAS DE ALIENAÇÃO DE ATIVOS (I) | D9: 0 | E9: 0 | J9: 0
C10: Receita de Alienação de Bens Móveis | D10: 0 | E10: 0 | J10: 0
C11: Receita de Alienação de Bens Imóveis | D11: 0 | E11: 0 | J11: 0
C12: Receita de Alienação de Bens Intangíveis | D12: 0 | E12: 0 | J12: 0
C13: Receita de Rendimentos de Aplicações Financeiras | D13: 0 | E13: 0 | J13: 0
A15: DESPESAS | D15: DOTAÇÃO ATUALIZADA | E15: DESPESAS | F15: DESPESAS | G15: DESPESAS | H15: DESPESAS | I15: PAGAMENTO | J15: SALDO
E16: EMPENHADAS | F16: LIQUIDADAS | G16: PAGAS | H16: INSCRITAS EM RESTOS A | I16: DE RESTOS A PAGAR
H17: PAGAR NÃO PROCESSADOS
D18: (d) | E18: (e) | G18: (f) | I18: (g) | J18: (h)=(d-e)
A19: APLICAÇÃO DOS RECURSOS DA ALIENAÇÃO DE ATIVOS (II) | D19: 0 | E19: 0 | F19: 0 | G19: 0 | H19: 0 | I19: 0 | J19: 0
A20: Despesas de Capital | D20: 0 | E20: 0 | F20: 0 | G20: 0 | H20: 0 | I20: 0 | J20: 0
B21: Investimentos | D21: 0 | E21: 0 | F21: 0 | G21: 0 | H21: 0 | I21: 0 | J21: 0
B22: Inversões Financeiras | D22: 0 | E22: 0 | F22: 0 | G22: 0 | H22: 0 | I22: 0 | J22: 0
B23: Amortização da Dívida | D23: 0 | E23: 0 | F23: 0 | G23: 0 | H23: 0 | I23: 0 | J23: 0
A24: Despesas Correntes dos Regimes de Previdência | D24: 0 | E24: 0 | F24: 0 | G24: 0 | H24: 0 | I24: 0 | J24: 0
B25: Regime Próprio dos Servidores Públicos | D25: 0 | E25: 0 | F25: 0 | G25: 0 | H25: 0 | I25: 0 | J25: 0
A27: SALDO FINANCEIRO A APLICAR | D27: 2020 | E27: 2021 | J27: SALDO ATUAL
D28: (i) | E28: (j) = (Ib - (IIf + IIg)) | J28: (k) = (IIIi + IIIj)
A29: VALOR (III) | E29: 0 | J29: 0
